Workbook
Name \s: #REF!
Name \s: #REF!
Name \s: #REF!
Name \s: #REF!
Name \t: #REF!
Name \t: #REF!
Name \t: #REF!
Name \t: #REF!
Name __6Excel_BuiltIn_Print_Area_3_1_1_1_1_1: #REF!
Name __6Excel_BuiltIn_Print_Area_3_1_1_1_1_1: #REF!
Name __6Excel_BuiltIn_Print_Area_3_1_1_1_1_1: #REF!
Name __6Excel_BuiltIn_Print_Area_3_1_1_1_1_1: #REF!
Name _10Excel_BuiltIn_Print_Area_5_1: #REF!
Name _10Excel_BuiltIn_Print_Area_5_1: #REF!
Name _10Excel_BuiltIn_Print_Area_7_1: #REF!
Name _10Excel_BuiltIn_Print_Area_7_1: #REF!
Name _11Excel_BuiltIn_Print_Area_8_1: ([1]EMERGÊNCIA!$A$1:$N$213,[1]EMERGÊNCIA!$A$214:$N$290)
Name _12Excel_BuiltIn_Print_Area_6_1: #REF!
Name _12Excel_BuiltIn_Print_Area_6_1: #REF!
Name _12Excel_BuiltIn_Print_Area_6_1: #REF!
Name _12Excel_BuiltIn_Print_Area_6_1: #REF!
Name _12Excel_BuiltIn_Print_Area_9_1: #REF!
Name _12Excel_BuiltIn_Print_Area_9_1: #REF!
Name _12Excel_BuiltIn_Print_Area_9_1: #REF!
Name _12Excel_BuiltIn_Print_Area_9_1: #REF!
Name _13Excel_BuiltIn_Print_Titles_3_1: #REF!
Name _13Excel_BuiltIn_Print_Titles_3_1: #REF!
Name _13Excel_BuiltIn_Print_Titles_3_1: #REF!
Name _13Excel_BuiltIn_Print_Titles_3_1: #REF!
Name _14Excel_BuiltIn_Print_Area_7_1: #REF!
Name _14Excel_BuiltIn_Print_Area_7_1: #REF!
Name _14Excel_BuiltIn_Print_Titles_4_1: #REF!
Name _14Excel_BuiltIn_Print_Titles_4_1: #REF!
Name _15Excel_BuiltIn_Print_Area_8_1: ([1]EMERGÊNCIA!$A$1:$N$213,[1]EMERGÊNCIA!$A$214:$N$290)
Name _15Excel_BuiltIn_Print_Titles_5_1: #REF!
Name _15Excel_BuiltIn_Print_Titles_5_1: #REF!
Name _15Excel_BuiltIn_Print_Titles_5_1: #REF!
Name _15Excel_BuiltIn_Print_Titles_5_1: #REF!
Name _16Excel_BuiltIn_Print_Titles_6_1: #REF!
Name _16Excel_BuiltIn_Print_Titles_6_1: #REF!
Name _16Excel_BuiltIn_Print_Titles_6_1: #REF!
Name _16Excel_BuiltIn_Print_Titles_6_1: #REF!
Name _17Excel_BuiltIn_Print_Area_9_1: #REF!
Name _17Excel_BuiltIn_Print_Area_9_1: #REF!
Name _17Excel_BuiltIn_Print_Area_9_1: #REF!
Name _17Excel_BuiltIn_Print_Area_9_1: #REF!
Name _17Excel_BuiltIn_Print_Titles_7_1: #REF!
Name _17Excel_BuiltIn_Print_Titles_7_1: #REF!
Name _18Excel_BuiltIn_Print_Titles_9_1: #REF!
Name _18Excel_BuiltIn_Print_Titles_9_1: #REF!
Name _1Excel_BuiltIn__FilterDatabase_12_1: #REF!
Name _1Excel_BuiltIn__FilterDatabase_12_1: #REF!
Name _1Excel_BuiltIn_Print_Area_2_1: #REF!
Name _1Excel_BuiltIn_Print_Area_2_1: #REF!
Name _1Excel_BuiltIn_Print_Area_3_1: #REF!
Name _28Excel_BuiltIn_Print_Titles_3_1: #REF!
Name _28Excel_BuiltIn_Print_Titles_3_1: #REF!
Name _2Excel_BuiltIn__FilterDatabase_12_1: #REF!
Name _2Excel_BuiltIn__FilterDatabase_12_1: #REF!
Name _2Excel_BuiltIn_Print_Area_1_1_1_1_1_1_1: #REF!

Sheet PLANILHA ORÇAMENTÁRIA
A1: PREFEITURA MUNICIPAL DE JOÃO NEIVA SECRETARIA MUNICIPAL DE OBRAS E SERVIÇOS URBANOS
A2: OBRA: REFORMA DA PRAÇA NOSSA SENHORA DO LÍBANO | G2: ENCARGOS SOCIAIS DESONERADOS: 89,54% (HORA)
A3: LOCAL: CENTRO - JOÃO NEIVA/ES | G3: BDI: 26,54% - Serviços (materiais e instalações) PRAZO DA OBRA: 180 dias DATA BASE: Agosto/2018
G4: CONVÊNIO Nº: 869913/2018
A5: PLANILHA ORÇAMENTÁRIA
A6: FONTE | B6: CÓDIGO | C6: ITEM | D6: DESCRIÇÃO DOS SERIÇOS | E6: UNID. | F6: QUANT. | G6: P. UNIT. | H6: BDI (26,54%) | I6: PREÇO UNITÁRIO COM BDI | J6: PREÇO TOTAL | K6: %
C7: 01 | D7: ADMINISTRAÇÃO LOCAL
B8: COMP-01 | C8: 01.01.01 | D8: EQUIPE DE OBRA, INCLUINDO ENGENHEIRO JUNIOR, TECNICO DE SEGUNDO GRAU | E8: UND | F8: ='MEMORIA DE CÁLCULO'!J8 -> 1 | G8: ='COMP-01'!I33 -> 12519.868 | H8: BDI INCLUSO NA COMPOSIÇÃO | I8: =G8 -> 12519.868 | J8: =F8*I8 -> 12519.868 | K8: =J8/$J$99 -> 0.04882994
D9: SUBTOTAL 01 | J9: =SUM(J7:J8) -> 12519.868 | K9: =J9/$J$99 -> 0.04882994
C10: 02 | D10: SERVIÇOS PRELIMINARES
C11: 02.01 | D11: INSTALAÇÃO DO CANTEIRO DE OBRAS
A12: SINAPI | B12: 98459 | C12: 02.01.01 | D12: TAPUME COM TELHA METÁLICA. AF_05/2018 | E12: M2 | F12: ='MEMORIA DE CÁLCULO'!J15 -> 246.62 | G12: 81.21 | H12: =ROUND(G12*0.2654,2) -> 21.55 | I12: =G12+H12 -> 102.76 | J12: =F12*I12 -> 25342.671 | K12: =J12/$J$99 -> 0.09884139
A13: SINAPI | B13: 74209/001 | C13: 02.01.02 | D13: PLACA DE OBRA EM CHAPA DE ACO GALVANIZADO | E13: M2 | F13: ='MEMORIA DE CÁLCULO'!J21 -> 8 | G13: 272.87 | H13: =ROUND(G13*0.2654,2) -> 72.42 | I13: =G13+H13 -> 345.29 | J13: =F13*I13 -> 2762.32 | K13: =J13/$J$99 -> 0.01077359
A14: SINAPI | B14: 73847/001 | C14: 02.01.03 | D14: ALUGUEL CONTAINER/ESCRIT INCL INST ELET LARG=2,20 COMP=6,20M ALT=2,50M CHAPA ACO C/NERV TRAPEZ FORRO C/ISOL TERMO/ACUSTICO CHASSIS REFORC PISO COMPENS NAVAL EXC TRANSP/CARGA/DESCARGA | E14: MÊS | F14: ='MEMORIA DE CÁLCULO'!J25 -> 6 | G14: 394.53 | H14: =ROUND(G14*0.2654,2) -> 104.71 | I14: =G14+H14 -> 499.24 | J14: =F14*I14 -> 2995.44 | K14: =J14/$J$99 -> 0.011682804
A15: SINAPI | B15: 97637 | C15: 02.01.04 | D15: REMOÇÃO DE TAPUME/ CHAPAS METÁLICAS E DE MADEIRA, DE FORMA MANUAL, SEM REAPROVEITAMENTO. AF_12/2017 | E15: M2 | F15: ='MEMORIA DE CÁLCULO'!J29 -> 246.62 | G15: 1.93 | H15: =ROUND(G15*0.2654,2) -> 0.51 | I15: =G15+H15 -> 2.44 | J15: =F15*I15 -> 601.7528 | K15: =J15/$J$99 -> 0.002346954
C16: 02.02 | D16: LOCAÇÃO
A17: SINAPI | B17: 73992/001 | C17: 02.02.01 | D17: LOCACAO CONVENCIONAL DE OBRA, ATRAVÉS DE GABARITO DE TABUAS CORRIDAS PONTALETADAS A CADA 1,50M, SEM REAPROVEITAMENTO | E17: M2 | F17: ='MEMORIA DE CÁLCULO'!J34 -> 518.76 | G17: 12.12 | H17: =ROUND(G17*0.2654,2) -> 3.22 | I17: =G17+H17 -> 15.34 | J17: =F17*I17 -> 7957.7784 | K17: =J17/$J$99 -> 0.031036897
A18: IOPES | B18: 20344 | C18: 02.02.02 | D18: MOBILIZAÇÃO E DESMOBILIZAÇÃO DE CONTEINER LOCADO PARA BARRACÃO DE OBRA | E18: UND | F18: ='MEMORIA DE CÁLCULO'!J38 -> 2 | G18: 790 | H18: =ROUND(G18*0.2654,2) -> 209.67 | I18: =G18+H18 -> 999.67 | J18: =F18*I18 -> 1999.34 | K18: =J18/$J$99 -> 0.0077978183
C19: 02.03 | D19: DEMOLIÇÕES E RETIRADAS
A20: IOPES | B20: 10216 | C20: 02.03.01 | D20: RETIRADA DE MEIO-FIO DE CONCRETO | E20: M | F20: ='MEMORIA DE CÁLCULO'!J44 -> 272.16 | G20: 6.12 | H20: =ROUND(G20*0.2654,2) -> 1.62 | I20: =G20+H20 -> 7.74 | J20: =ROUND(I20*F20,2) -> 2106.52 | K20: =J20/$J$99 -> 0.0082158413
A21: SINAPI | B21: 97635 | C21: 02.03.02 | D21: DEMOLIÇÃO DE PAVIMENTO INTERTRAVADO, DE FORMA MANUAL, COM REAPROVEITAMENTO. AF_12/2017 | E21: M2 | F21: ='MEMORIA DE CÁLCULO'!J50 -> 391.34 | G21: 10.03 | H21: =ROUND(G21*0.2654,2) -> 2.66 | I21: =G21+H21 -> 12.69 | J21: =ROUND(I21*F21,2) -> 4966.1 | K21: =J21/$J$99 -> 0.019368764
A22: SINAPI | B22: 97636 | C22: 02.03.03 | D22: DEMOLIÇÃO PARCIAL DE PAVIMENTO ASFÁLTICO, DE FORMA MECANIZADA, SEM REAPROVEITAMENTO. AF_12/2017 | E22: M2 | F22: ='MEMORIA DE CÁLCULO'!J54 -> 7.71 | G22: 9.4 | H22: =ROUND(G22*0.2654,2) -> 2.49 | I22: =G22+H22 -> 11.89 | J22: =ROUND(I22*F22,2) -> 91.67 | K22: =J22/$J$99 -> 0.00035753098
A23: IOPES | B23: 10219 | C23: 02.03.04 | D23: DEMOLIÇÃO MANUAL DE CONCRETO ARMADO (EMOP 05.001.033) | E23: M3 | F23: ='MEMORIA DE CÁLCULO'!J59 -> 0.85896 | G23: 202.83 | H23: =ROUND(G23*0.2654,2) -> 53.83 | I23: =G23+H23 -> 256.66 | J23: =ROUND(I23*F23,2) -> 220.46 | K23: =J23/$J$99 -> 0.00085983725
A24: IOPES | B24: 10229 | C24: 02.03.05 | D24: RETIRADA DE POSTE DE AÇO DE 4 A 6 M | E24: UND | F24: ='MEMORIA DE CÁLCULO'!J69 -> 4 | G24: 24.49 | H24: =ROUND(G24*0.2654,2) -> 6.5 | I24: =G24+H24 -> 30.99 | J24: =ROUND(I24*F24,2) -> 123.96 | K24: =J24/$J$99 -> 0.00048346832
B25: COMP-02 | C25: 02.03.06 | D25: RETIRADA E COLOCAÇÃO DE PLACAS DE SINALIZAÇÃO EXISTENTES NA PRAÇA, PLACAS DE MONUMENTOS, INCLUSIVE ESTOCAGEM PARA ÁREA INDICADA PELA SEMOSU | E25: UND | F25: ='MEMORIA DE CÁLCULO'!J73 -> 8 | G25: ='COMP-02'!I36 -> 52.89372 | H25: BDI INCLUSO NA COMPOSIÇÃO | I25: =G25 -> 52.89372 | J25: =ROUND(I25*F25,2) -> 423.15 | K25: =J25/$J$99 -> 0.001650368
A26: IOPES | B26: 10403 | C26: 02.03.07 | D26: CORTE E DESTOCAMENTO DE ÁRVORES COM DIÂMETRO DE 15 CM | E26: UND | F26: ='MEMORIA DE CÁLCULO'!J77 -> 31 | G26: 32.34 | H26: =ROUND(G26*0.2654,2) -> 8.58 | I26: =G26+H26 -> 40.92 | J26: =ROUND(I26*F26,2) -> 1268.52 | K26: =J26/$J$99 -> 0.0049474769
A27: IOPES | B27: 10404 | C27: 02.03.08 | D27: CORTE E DESTOCAMENTO DE ÁRVORES COM DIÂMETRO SUPERIOR A 30 CM | E27: UND | F27: ='MEMORIA DE CÁLCULO'!J81 -> 6 | G27: 80.42 | H27: =ROUND(G27*0.2654,2) -> 21.34 | I27: =G27+H27 -> 101.76 | J27: =ROUND(I27*F27,2) -> 610.56 | K27: =J27/$J$99 -> 0.0023813038
B28: COMP-03 | C28: 02.03.09 | D28: REMOÇÃO DO PONTO DE ÔNIBUS EXISTENTE | E28: UND | F28: ='MEMORIA DE CÁLCULO'!J85 -> 1 | G28: ='COMP-03'!I39 -> 488.79972 | H28: BDI INCLUSO NA COMPOSIÇÃO | I28: =G28 -> 488.79972 | J28: =F28*I28 -> 488.79972 | K28: =J28/$J$99 -> 0.0019064148
D29: SUBTOTAL 02 | J29: =SUM(J10:J28) -> 51959.042 | K29: =J29/$J$99 -> 0.20265046
C30: 03 | D30: MOVIMENTO DE TERRA
C31: 03.01 | D31: ESCAVAÇÕES
A32: SINAPI | B32: 93358 | C32: 03.01.01 | D32: ESCAVAÇÃO MANUAL DE VALA COM PROFUNDIDADE MENOR OU IGUAL A 1,30 M. AF_03/2016 | E32: M3 | F32: ='MEMORIA DE CÁLCULO'!J91 -> 2.93 | G32: 53.99 | H32: =ROUND(G32*0.2654,2) -> 14.33 | I32: =G32+H32 -> 68.32 | J32: =ROUND(I32*F32,2) -> 200.18 | K32: =J32/$J$99 -> 0.00078074127
A33: SINAPI | B33: 74151/001 | C33: 03.01.02 | D33: ESCAVACAO E CARGA MATERIAL 1A CATEGORIA, UTILIZANDO TRATOR DE ESTEIRAS DE 110 A 160HP COM LAMINA, PESO OPERACIONAL * 13T E PA CARREGADEIRA COM 170 HP. | E33: M3 | F33: ='MEMORIA DE CÁLCULO'!J99 -> 57.695 | G33: 2.86 | H33: =ROUND(G33*0.2654,2) -> 0.76 | I33: =G33+H33 -> 3.62 | J33: =ROUND(I33*F33,2) -> 208.86 | K33: =J33/$J$99 -> 0.00081459498
A34: SINAPI | B34: 74205/001 | C34: 03.01.03 | D34: ESCAVACAO MECANICA DE MATERIAL 1A. CATEGORIA, PROVENIENTE DE CORTE DE SUBLEITO (C/TRATOR ESTEIRAS 160HP) | E34: M3 | F34: ='MEMORIA DE CÁLCULO'!J103 -> 13.275 | G34: 1.4 | H34: =ROUND(G34*0.2654,2) -> 0.37 | I34: =G34+H34 -> 1.77 | J34: =ROUND(I34*F34,2) -> 23.5 | K34: =J34/$J$99 -> 9.1654611e-05
C35: 03.02 | D35: REATERRO E COMPACTAÇÃO
A36: SINAPI | B36: 96387 | C36: 03.02.02 | D36: EXECUÇÃO E COMPACTAÇÃO DE BASE E OU SUB BASE COM SOLO ESTABILIZADO GRANULOMETRICAMENTE - EXCLUSIVE ESCAVAÇÃO, CARGA E TRANSPORTE E SOLO. AF_09/2017 | E36: M3 | F36: ='MEMORIA DE CÁLCULO'!J108 -> 60.726 | G36: 6.32 | H36: =ROUND(G36*0.2654,2) -> 1.68 | I36: =G36+H36 -> 8 | J36: =ROUND(I36*F36,2) -> 485.81 | K36: =J36/$J$99 -> 0.0018947543
C37: 03.03 | D37: TRANSPORTES
A38: SINAPI | B38: 93177 | C38: 03.03.01 | D38: TRANSPORTE DE MATERIAL ASFALTICO, COM CAMINHÃO COM CAPACIDADE DE 20000L EM RODOVIA PAVIMENTADA PARA DISTÂNCIAS MÉDIAS DE TRANSPORTE IGUAL OU INFERIOR A 100 KM. AF_02/2016 | E38: TXKM | F38: ='MEMORIA DE CÁLCULO'!J114 -> 84.96 | G38: 1.52 | H38: =ROUND(G38*0.2654,2) -> 0.4 | I38: =G38+H38 -> 1.92 | J38: =ROUND(I38*F38,2) -> 163.12 | K38: =J38/$J$99 -> 0.0006362
A39: IOPES | B39: 30304 | C39: 03.03.02 | D39: ÍNDICE DE PREÇO PARA REMOÇÃO DE ENTULHO DECORRENTE DA EXECUÇÃO DE OBRAS (CLASSE A CONAMA – NBR 10.004 - CLASSE II-B), INCLUINDO ALUGUEL DA CAÇAMBA, CARGA, TRANSPORTE E DESCARGA EM ÁREA LICENCIADA | E39: M3 | F39: ='MEMORIA DE CÁLCULO'!J120 -> 151.32773 | G39: 45.59 | H39: =ROUND(G39*0.2654,2) -> 12.1 | I39: =G39+H39 -> 57.69 | J39: =ROUND(I39*F39,2) -> 8730.1 | K39: =J39/$J$99 -> 0.034049103
D40: SUBTOTAL 03 | J40: =SUM(J30:J39) -> 9811.57 | K40: =J40/$J$99 -> 0.038267048
C41: 04 | D41: FABRICACAO/EXECUCAO DE CBUQ/PRE-MISTURADOS
A42: SINAPI | B42: 95993 | C42: 04.01.01 | D42: CONSTRUÇÃO DE PAVIMENTO COM APLICAÇÃO DE CONCRETO BETUMINOSO USINADO A QUENTE (CBUQ), CAMADA DE ROLAMENTO, COM ESPESSURA DE 4,0 CM - EXCLUSIVE TRANSPORTE. AF_03/2017 | E42: M3 | F42: ='MEMORIA DE CÁLCULO'!J143 -> 3.54 | G42: 737.57 | H42: =ROUND(G42*0.2654,2) -> 195.75 | I42: =G42+H42 -> 933.32 | J42: =ROUND(I42*F42,2) -> 3303.95 | K42: =J42/$J$99 -> 0.012886053
A43: SINAPI | B43: 72942 | C43: 04.01.02 | D43: PINTURA DE LIGACAO COM EMULSAO RR-1C | E43: M2 | F43: ='MEMORIA DE CÁLCULO'!J146 -> 88.5 | G43: 1.38 | H43: =ROUND(G43*0.2654,2) -> 0.37 | I43: =G43+H43 -> 1.75 | J43: =ROUND(I43*F43,2) -> 154.88 | K43: =J43/$J$99 -> 0.00060406239
D44: SUBTOTAL 04 | J44: =SUM(J41:J43) -> 3458.83 | K44: =J44/$J$99 -> 0.013490116
C45: 05 | D45: INSTALAÇÕES HIDRO-SANITÁRIAS | K45: =J45/$J$99 -> 0
C46: 05.01 | D46: ENTRADA DE ÁGUA | K46: =J46/$J$99 -> 0
A47: IOPES | B47: 140703 | C47: 05.01.01 | D47: PONTO DE TORNEIRA DE JARDIM (PARA PRAÇAS) | E47: PT | F47: ='MEMORIA DE CÁLCULO'!J152 -> 1 | G47: 229.14 | H47: =ROUND(G47*0.2654,2) -> 60.81 | I47: =G47+H47 -> 289.95 | J47: =ROUND(I47*F47,2) -> 289.95 | K47: =J47/$J$99 -> 0.0011308619
A48: IOPES | B48: 170309 | C48: 05.01.02 | D48: TORNEIRA PARA JARDIM DE 3/4" MARCAS DE REFERÊNCIA FABRIMAR, DECA OU DOCOL | E48: UND | F48: ='MEMORIA DE CÁLCULO'!J155 -> 1 | G48: 79.85 | H48: =ROUND(G48*0.2654,2) -> 21.19 | I48: =G48+H48 -> 101.04 | J48: =ROUND(I48*F48,2) -> 101.04 | K48: =J48/$J$99 -> 0.00039407582
D49: SUBTOTAL 05 | J49: =SUM(J45:J48) -> 390.99 | K49: =J49/$J$99 -> 0.0015249377
C50: 06 | D50: INSTALAÇÕES ELÉTRICAS
A51: IOPES | B51: 150701 | C51: 06.01.01 | D51: ENVELOPAMENTO DE CONCRETO SIMPLES COM CONSUMO MÍNIMO DE CIMENTO DE 250KG/M3, INCLUSIVE ESCAVAÇÃO PARA PROFUNDIDADE MÍNIMA DO ELETRODUTO DE 50 CM, DE 25 X 25 CM, PARA 1 ELETRODUTO | E51: M | F51: ='MEMORIA DE CÁLCULO'!J160 -> 65.81 | G51: 34.02 | H51: =ROUND(G51*0.2654,2) -> 9.03 | I51: =G51+H51 -> 43.05 | J51: =ROUND(I51*F51,2) -> 2833.12 | K51: =J51/$J$99 -> 0.011049724
A52: IOPES | B52: 151137 | C52: 06.01.02 | D52: ELETRODUTO PEAD, COR PRETA, DIAM. 1.1/2", MARCA REF. KANAFLEX OU EQUIVALENTE | E52: M | F52: ='MEMORIA DE CÁLCULO'!J164 -> 65.81 | G52: 16.18 | H52: =ROUND(G52*0.2654,2) -> 4.29 | I52: =G52+H52 -> 20.47 | J52: =ROUND(I52*F52,2) -> 1347.13 | K52: =J52/$J$99 -> 0.0052540713
A53: SINAPI | B53: 95752 | C53: 06.01.03 | D53: ELETRODUTO DE AÇO GALVANIZADO, CLASSE SEMI PESADO, DN 40 MM (1 1/2 ), APARENTE, INSTALADO EM PAREDE - FORNECIMENTO E INSTALAÇÃO. AF_11/2016_P | E53: M | F53: ='MEMORIA DE CÁLCULO'!J174 -> 12.4 | G53: 45.36 | H53: =ROUND(G53*0.2654,2) -> 12.04 | I53: =G53+H53 -> 57.4 | J53: =ROUND(I53*F53,2) -> 711.76 | K53: =J53/$J$99 -> 0.0027760036
A54: IOPES | B54: 150614 | C54: 06.01.04 | D54: CAIXA DE PASSAGEM DE ALVENARIA DE BLOCOS DE CONCRETO 9X19X39CM, DIMENSÕES DE 30X30X50CM, COM REVESTIMENTO INTERNO EM CHAPISCO E REBOCO, TAMPA DE CONCRETO ESP.5CM E LASTRO DE BRITA 5 CM | E54: UND | F54: ='MEMORIA DE CÁLCULO'!J178 -> 9 | G54: 85.97 | H54: =ROUND(G54*0.2654,2) -> 22.82 | I54: =G54+H54 -> 108.79 | J54: =ROUND(I54*F54,2) -> 979.11 | K54: =J54/$J$99 -> 0.0038187211
B55: ELE-01 | C55: 06.01.05 | D55: POSTE CÔNICO CONTÍNUO FLANGEADO, RETO, EM AÇO GALVANIZADO, PINTADO COM TINTA PROTETORA NA COR GRAFITE, ALTURA ÚTIL 3,00M, DIÂMETRO DA BASE 95MM, COM LUMINÁRIA DECORATIVA LED PARA ILUMINAÇÃO PÚBLICA, ACABAMENTO COM PINTURA ELETROSTATICA, POTÊNCIA 112W A 113W E BASE DE CONCRETO PARA FIXAÇÃO DO POSTE COM DIMENSÕES 40X40X50CM | E55: UND | F55: ='MEMORIA DE CÁLCULO'!J182 -> 6 | G55: ='ELE-01'!I45 -> 4595.8374 | H55: BDI INCLUSO NA COMPOSIÇÃO | I55: =G55 -> 4595.8374 | J55: =ROUND(I55*F55,2) -> 27575.02 | K55: =J55/$J$99 -> 0.10754799
A56: SINAPI | B56: 91933 | C56: 06.01.06 | D56: CABO DE COBRE FLEXÍVEL ISOLADO, 10 MM², ANTI-CHAMA 0,6/1,0 KV, PARA CIRCUITOS TERMINAIS - FORNECIMENTO E INSTALAÇÃO. AF_12/2015 | E56: M | F56: ='MEMORIA DE CÁLCULO'!J186 -> 11.5 | G56: 8.15 | H56: =ROUND(G56*0.2654,2) -> 2.16 | I56: =G56+H56 -> 10.31 | J56: =ROUND(I56*F56,2) -> 118.57 | K56: =J56/$J$99 -> 0.00046244626
A57: SINAPI | B57: 91929 | C57: 06.01.07 | D57: CABO DE COBRE FLEXÍVEL ISOLADO, 4 MM², ANTI-CHAMA 0,6/1,0 KV, PARA CIRCUITOS TERMINAIS - FORNECIMENTO E INSTALAÇÃO. AF_12/2015 | E57: M | F57: ='MEMORIA DE CÁLCULO'!J191 -> 235.53 | G57: 3.91 | H57: =ROUND(G57*0.2654,2) -> 1.04 | I57: =G57+H57 -> 4.95 | J57: =ROUND(I57*F57,2) -> 1165.87 | K57: =J57/$J$99 -> 0.0045471217
A58: SINAPI | B58: 91927 | C58: 06.01.08 | D58: CABO DE COBRE FLEXÍVEL ISOLADO, 2,5 MM², ANTI-CHAMA 0,6/1,0 KV, PARA CIRCUITOS TERMINAIS - FORNECIMENTO E INSTALAÇÃO. AF_12/2015 | E58: M | F58: ='MEMORIA DE CÁLCULO'!J202 -> 82.8 | G58: 2.8 | H58: =ROUND(G58*0.2654,2) -> 0.74 | I58: =G58+H58 -> 3.54 | J58: =ROUND(I58*F58,2) -> 293.11 | K58: =J58/$J$99 -> 0.0011431865
B59: ELE-02 | C59: 06.01.09 | D59: ATERRAMENTO DOS POSTES METÁLICOS, CONSIDERANDO HASTE DE ATERRAMENTO, CONECTORES, CABO DE COBRE NÚ E OLHAL DE FERRO GALVANIZADO COM PARAFUSO 16X150MM | E59: UND | F59: ='MEMORIA DE CÁLCULO'!J207 -> 6 | G59: ='ELE-02'!I41 -> 113.86702 | H59: BDI INCLUSO NA COMPOSIÇÃO | I59: =G59 -> 113.86702 | J59: =ROUND(I59*F59,2) -> 683.2 | K59: =J59/$J$99 -> 0.002664614
B60: ELE-03 | C60: 06.01.10 | D60: ATERRAMENTO DO QUADRO DE COMANDO, CONSIDERANDO HASTE DE ATERRAMENTO, CONECTORES, CABO DE COBRE NÚ E OLHAL DE FERRO GALVANIZADO COM PARAFUSO 16X150MM | E60: UND | F60: ='MEMORIA DE CÁLCULO'!J211 -> 1 | G60: ='ELE-03'!I41 -> 133.01505 | H60: BDI INCLUSO NA COMPOSIÇÃO | I60: =G60 -> 133.01505 | J60: =ROUND(I60*F60,2) -> 133.02 | K60: =J60/$J$99 -> 0.0005188041
B61: ELE-04 | C61: 06.01.11 | D61: FORNECIMENTO E INSTALAÇÃO DE QUADRO DE COMANDO EM AÇO INOX, COM DISJUNTORES, CONTATOR, DISPOSITIVOS DE PROTEÇÃO CONTRA SURTO, RELÉ, CONFORME DETALHES EM PROJETO | E61: UND | F61: ='MEMORIA DE CÁLCULO'!J215 -> 1 | G61: ='ELE-04'!I42 -> 12299.962 | H61: BDI INCLUSO NA COMPOSIÇÃO | I61: =F61*G61 -> 12299.962 | J61: =ROUND(I61*F61,2) -> 12299.96 | K61: =J61/$J$99 -> 0.047972257
D62: SUBTOTAL 06 | J62: =SUM(J50:J61) -> 48139.87 | K62: =J62/$J$99 -> 0.18775494
C63: 07 | D63: SERVIÇOS COMPLEMENTARES EXTERNOS
C64: 07.01 | D64: PAVIMENTAÇÃO
A65: IOPES | B65: 130209 | C65: 07.01.01 | D65: PISO DE CIMENTADO CAMURÇADO EXECUTADO COM ARGAMASSA DE CIMENTO E AREIA NO TRAÇO 1:3, ESP. 3.0CM | E65: M2 | F65: ='MEMORIA DE CÁLCULO'!J222 -> 22.636 | G65: 56.48 | H65: =ROUND(G65*0.2654,2) -> 14.99 | I65: =G65+H65 -> 71.47 | J65: =ROUND(I65*F65,2) -> 1617.79 | K65: =J65/$J$99 -> 0.0063096984
A66: SINAPI | B66: 93679 | C66: 07.01.02 | D66: EXECUÇÃO DE PASSEIO EM PISO INTERTRAVADO, COM BLOCO RETANGULAR COLORIDO DE 20 X 10 CM, ESPESSURA 6 CM. AF_12/2015 | E66: M2 | F66: ='MEMORIA DE CÁLCULO'!J228 -> 102.8 | G66: 53.58 | H66: =ROUND(G66*0.2654,2) -> 14.22 | I66: =G66+H66 -> 67.8 | J66: =ROUND(I66*F66,2) -> 6969.84 | K66: =J66/$J$99 -> 0.027183743
A67: IOPES | B67: 200253 | C67: 07.01.03 | D67: FORNECIMENTO E ASSENTAMENTO DE LADRILHO HIDRÁULICO PASTILHADO, VERMELHO, DIM. 20X20 CM, ESP. 1.5CM, ASSENTADO COM PASTA DE CIMENTO COLANTE, EXCLUSIVE REGULARIZAÇÃO E LASTRO | E67: M2 | F67: ='MEMORIA DE CÁLCULO'!J236 -> 25.8 | G67: 45.97 | H67: =ROUND(G67*0.2654,2) -> 12.2 | I67: =G67+H67 -> 58.17 | J67: =ROUND(I67*F67,2) -> 1500.79 | K67: =J67/$J$99 -> 0.0058533754
A68: IOPES | B68: 200254 | C68: 07.01.04 | D68: FORNECIMENTO E ASSENTAMENTO DE LADRILHO HIDRÁULICO RANHURADO, VERMELHO, DIM. 20X20 CM, ESP. 1.5CM, ASSENTADO COM PASTA DE CIMENTO COLANTE, EXCLUSIVE REGULARIZAÇÃO E LASTRO | E68: M2 | F68: ='MEMORIA DE CÁLCULO'!J240 -> 0.88 | G68: 45.97 | H68: =ROUND(G68*0.2654,2) -> 12.2 | I68: =G68+H68 -> 58.17 | J68: =ROUND(I68*F68,2) -> 51.19 | K68: =J68/$J$99 -> 0.00019965104
B69: COMP-04 | C69: 07.01.05 | D69: FORNECIMENTO E INSTALAÇÃO DE PISO DRENANTE, SUPERFÍCIE ANTIDERRAPANTE, ACABAMENTO POROSO, ESPESSURA DE 6 CM, DIMENSOES DE 40 X 40 CM , COR NATURAL , E RESISTÊNCIA A COMPRESSÃO MÍNIMA DE 20 MPA, ASSENTADOS SOBRE CAMADA DE AREIA GROSSA NA ESPESSURA DE 5 CM, PEDRISCO LAVADO 10 CM, SOLO COMPACTADO MANUALMENTE. MARCA DE REF.: PLACA DRENANTE 40, FABRICANTE SALVADOR PREMOLDADOS OU SIMILAR. | E69: M2 | F69: ='MEMORIA DE CÁLCULO'!J244 -> 218.75 | G69: ='COMP-04'!I44 -> 67.195115 | H69: BDI INCLUSO NA COMPOSIÇÃO | I69: =G69 -> 67.195115 | J69: =ROUND(I69*F69,2) -> 14698.93 | K69: =J69/$J$99 -> 0.057328711
B70: COMP-05 | C70: 07.01.06 | D70: FORNECIMENTO E INSTALAÇÃO DE PISO DRENANTE, SUPERFÍCIE ANTIDERRAPANTE, ACABAMENTO POROSO, ESPESSURA DE 6 CM, DIMENSOES DE 40 X 40 CM , COR GRAFITE , E RESISTÊNCIA A COMPRESSÃO MÍNIMA DE 20 MPA, ASSENTADOS SOBRE CAMADA DE AREIA GROSSA NA ESPESSURA DE 5 CM, PEDRISCO LAVADO 10 CM, SOLO COMPACTADO MANUALMENTE. MARCA DE REF.: PLACA DRENANTE 40 , FABRICANTE SALVADOR PREMOLDADOS OU SIMILAR. | E70: M2 | F70: ='MEMORIA DE CÁLCULO'!J254 -> 43.22 | G70: ='COMP-05'!I45 -> 90.339281 | H70: BDI INCLUSO NA COMPOSIÇÃO | I70: =G70 -> 90.339281 | J70: =ROUND(I70*F70,2) -> 3904.46 | K70: =J70/$J$99 -> 0.01522816
A71: SINAPI | B71: 94275 | C71: 07.01.07 | D71: ASSENTAMENTO DE GUIA (MEIO-FIO) EM TRECHO RETO, CONFECCIONADA EM CONCRETO PRÉ-FABRICADO, DIMENSÕES 100X15X13X20 CM (COMPRIMENTO X BASE INFERIOR X BASE SUPERIOR X ALTURA), PARA URBANIZAÇÃO INTERNA DE EMPREENDIMENTOS. AF_06/2016_P | E71: M | F71: ='MEMORIA DE CÁLCULO'!J258 -> 133.79 | G71: 27.63 | H71: =ROUND(G71*0.2654,2) -> 7.33 | I71: =G71+H71 -> 34.96 | J71: =ROUND(I71*F71,2) -> 4677.3 | K71: =J71/$J$99 -> 0.018242388
A72: SINAPI | B72: 94276 | C72: 07.01.08 | D72: ASSENTAMENTO DE GUIA (MEIO-FIO) EM TRECHO CURVO, CONFECCIONADA EM CONCRETO PRÉ-FABRICADO, DIMENSÕES 100X15X13X20 CM (COMPRIMENTO X BASE INFERIOR X BASE SUPERIOR X ALTURA), PARA URBANIZAÇÃO INTERNA DE EMPREENDIMENTOS. AF_06/2016_P | E72: M | F72: ='MEMORIA DE CÁLCULO'!J263 -> 11 | G72: 30.54 | H72: =ROUND(G72*0.2654,2) -> 8.11 | I72: =G72+H72 -> 38.65 | J72: =ROUND(I72*F72,2) -> 425.15 | K72: =J72/$J$99 -> 0.0016581684
A73: SINAPI | B73: 94993 | C73: 07.01.09 | D73: EXECUÇÃO DE PASSEIO (CALÇADA) OU PISO DE CONCRETO COM CONCRETO MOLDADO IN LOCO, USINADO, ACABAMENTO CONVENCIONAL, ESPESSURA 6 CM, ARMADO. AF_07/2016 | E73: M2 | F73: ='MEMORIA DE CÁLCULO'!J267 -> 26.84 | G73: 46.37 | H73: =ROUND(G73*0.2654,2) -> 12.31 | I73: =G73+H73 -> 58.68 | J73: =ROUND(I73*F73,2) -> 1574.97 | K73: =J73/$J$99 -> 0.006142692
C75: 07.02 | D75: PAISAGISMO
B76: PAI-01 | C76: 07.02.01 | D76: FORNECIMENTO E PLANTIO DA PLUMERIA RUBRA (JASMIM MANGA) | E76: UND | F76: ='MEMORIA DE CÁLCULO'!J272 -> 1 | G76: =PAI!I34 -> 262.98886 | H76: BDI INCLUSO NA COMPOSIÇÃO | I76: =G76 -> 262.98886 | J76: =ROUND(I76*F76,2) -> 262.99 | K76: =J76/$J$99 -> 0.0010257126
B77: PAI-02 | C77: 07.02.02 | D77: FORNECIMENTO E PLANTIO DA CLORÓFITO (GRAVATINHA) | E77: UND | F77: ='MEMORIA DE CÁLCULO'!J276 -> 20 | G77: =PAI!I72 -> 4.8425466 | H77: BDI INCLUSO NA COMPOSIÇÃO | I77: =G77 -> 4.8425466 | J77: =ROUND(I77*F77,2) -> 96.85 | K77: =J77/$J$99 -> 0.000377734
B78: PAI-03 | C78: 07.02.03 | D78: FORNECIMENTO E PLANTIO DA CORDYLINE TERMINALIS (DRACENA VERMELHA) | E78: UND | F78: ='MEMORIA DE CÁLCULO'!J280 -> 30 | G78: =PAI!I111 -> 47.904729 | H78: BDI INCLUSO NA COMPOSIÇÃO | I78: =G78 -> 47.904729 | J78: =ROUND(I78*F78,2) -> 1437.14 | K78: =J78/$J$99 -> 0.005605128
B79: PAI-04 | C79: 07.02.04 | D79: FORNECIMENTO E PLANTIO DA TIBOUCHINA MUTABILIS (QUARESMEIRA) | E79: UND | F79: ='MEMORIA DE CÁLCULO'!J284 -> 2 | G79: =PAI!I155 -> 198.71919 | H79: BDI INCLUSO NA COMPOSIÇÃO | I79: =G79 -> 198.71919 | J79: =ROUND(I79*F79,2) -> 397.44 | K79: =J79/$J$99 -> 0.001550094
B80: PAI-05 | C80: 07.02.05 | D80: FORNECIMENTO E PLANTIO DA DIETES BICOLOR (MORÉIA) | E80: UND | F80: ='MEMORIA DE CÁLCULO'!J288 -> 64 | G80: =PAI!I198 -> 78.363534 | H80: BDI INCLUSO NA COMPOSIÇÃO | I80: =G80 -> 78.363534 | J80: =ROUND(I80*F80,2) -> 5015.27 | K80: =J80/$J$99 -> 0.019560537
B81: PAI-06 | C81: 07.02.06 | D81: FONECIMENTO E PLANTIO DA TRADESCANTIA SPATHACEA (ABACAXI-ROXO) | E81: UND | F81: ='MEMORIA DE CÁLCULO'!J292 -> 25 | G81: =PAI!I240 -> 74.624108 | H81: BDI INCLUSO NA COMPOSIÇÃO | I81: =G81 -> 74.624108 | J81: =ROUND(I81*F81,2) -> 1865.6 | K81: =J81/$J$99 -> 0.007276206
B82: PAI-07 | C82: 07.02.07 | D82: FORNECIMENTO E PLANTIO DA TIBOUCHINA MUTABILIS (MANACÁ DA SERRA) | E82: UND | F82: ='MEMORIA DE CÁLCULO'!J296 -> 2 | G82: =PAI!I284 -> 210.07251 | H82: BDI INCLUSO NA COMPOSIÇÃO | I82: =G82 -> 210.07251 | J82: =ROUND(I82*F82,2) -> 420.15 | K82: =J82/$J$99 -> 0.0016386674
B83: PAI-08 | C83: 07.02.08 | D83: FORNECIMENTO E PLANTIO DE MARANTA (MARANTA) | E83: UND | F83: ='MEMORIA DE CÁLCULO'!J300 -> 24 | G83: =PAI!I326 -> 33.770211 | H83: BDI INCLUSO NA COMPOSIÇÃO | I83: =G83 -> 33.770211 | J83: =ROUND(I83*F83,2) -> 810.49 | K83: =J83/$J$99 -> 0.00316107
B84: PAI-09 | C84: 07.02.09 | D84: FORNECIMENTO E PLANTIO DA WODYETIA BIFURCATA (PALMEIRA RABO DE RAPOSA) | E84: UND | F84: ='MEMORIA DE CÁLCULO'!J304 -> 2 | G84: =PAI!I368 -> 267.91395 | H84: BDI INCLUSO NA COMPOSIÇÃO | I84: =G84 -> 267.91395 | J84: =ROUND(I84*F84,2) -> 535.83 | K84: =J84/$J$99 -> 0.0020898421
C85: 07.03 | D85: DIVERSOS EXTERNOS | L85: =SUM(J76:J84) -> 10841.76
B86: LIX-01 | C86: 07.03.01 | D86: FORNECIMENTO E INSTALAÇÃO DE LIXEIRA SELETIVA 50 LITROS, COM SUPORTE TUBULAR EM AÇO GALVANIZADO, DN 3", INCLUINDO CHUMBAMENTO EM BASE DE CONCRETO, FUNDAÇÃO (ESCAVAÇÃO, REATERRO) | E86: UND | F86: ='MEMORIA DE CÁLCULO'!J309 -> 4 | G86: =LIX!I37 -> 303.38522 | H86: BDI INCLUSO NA COMPOSIÇÃO | I86: =G86 -> 303.38522 | J86: =ROUND(I86*F86,2) -> 1213.54 | K86: =J86/$J$99 -> 0.0047330441
A87: IOPES | B87: 210304 | C87: 07.03.02 | D87: BANCO DE CONCRETO ARMADO APARENTE FCK=15 MPA, COM APOIOS DE CONCRETO, LARGURA DE 45CM, ESPESSURA DE 7CM E ALTURA DE 45CM | E87: M | F87: ='MEMORIA DE CÁLCULO'!J313 -> 12 | G87: 177.06 | H87: =ROUND(G87*0.2654,2) -> 46.99 | I87: =G87+H87 -> 224.05 | J87: =ROUND(I87*F87,2) -> 2688.6 | K87: =J87/$J$99 -> 0.010486067
B88: COMP-06 | C88: 07.03.03 | D88: CANTEIRO TIPO 3, BANCO E MESA EM MADEIRA DE LEI E CANTEIRO EM BLOCO DE CONCRETO ESTRUTURAL, CHEIO, DIMENSÕES 14x19x29CM, CHAPISCADO E REBOCADO, COM APLICAÇÃO PINTURA ACRÍLICA, INCLUSIVE CANTEIRO DE PLANTAS COM CAMADA DE BRITA 2, AREIA GROSSA E TERRA, COM ESPESSURA DE 15 CM CADA, IMPERMEABILIZAÇÃO INTERNA COM IGOLFLEX, CONFORME DIMENSÕES INDICADAS EM PROJETO, INCLUSIVE PINTURA E VERNIZ NA MADEIRA | E88: UND | F88: ='MEMORIA DE CÁLCULO'!J317 -> 2 | G88: ='COMP-06'!I54 -> 5734.4377 | H88: BDI INCLUSO NA COMPOSIÇÃO | I88: =G88 -> 5734.4377 | J88: =ROUND(I88*F88,2) -> 11468.88 | K88: =J88/$J$99 -> 0.044730882
B89: COM-07 | C89: 07.03.04 | D89: CANTEIRO TIPO 4, CONSTRUÍDO EM BLOCO DE CONCRETO ESTRUTURAL, CHEIO, DIMENSÕES 14x19x29CM, CHAPISCADO E REBOCADO, APLICAÇÃO DE PINTURA ACRÍLICA, INCLUSIVE CANTEIRO DE PLANTAS IMPERMEABILIZADO INTERNAMENTE COM IGOLFLEX, NAS DIMENSÕES INDICADAS EM PROJETO, FUNDAÇÃO (ESCAVAÇÃO, REATERRO) | E89: UND | F89: ='MEMORIA DE CÁLCULO'!J321 -> 1 | G89: ='COMP-07'!I44 -> 2653.7589 | H89: BDI INCLUSO NA COMPOSIÇÃO | I89: =G89 -> 2653.7589 | J89: =ROUND(I89*F89,2) -> 2653.76 | K89: =J89/$J$99 -> 0.010350185
B90: COMP-08 | C90: 07.03.05 | D90: CANTEIRO TIPO 5, COM BANCOS CONSTRUÍDOS EM CONCRETO ARMADO, COM ACABAMENTO EM CONCRETO APARENTE E ALVENARIA DE BLOCOS DE CONCRETO CHAPISCADOS E REBOCADOS, COM PINTURA IMPERMEABILIZANTE HIDROFUGANTE E PINTURA ACRÍLICA 3 DEMÃOS, INCLUSIVE CANTEIRO DE PLANTAS COM CAMADA DE BRITA 2, AREIA GROSSA E TERRA, COM ESPESSURA DE 15 CM CADA, IMPERMEABILIZAÇÃO INTERNA COM IGOLFLEX, NAS DIMENSÕES INDICADAS EM PROJETO, FUNDAÇÃO (ESCAVAÇÃO, REATERRO), CONFORME PROJETO | E90: UND | F90: ='MEMORIA DE CÁLCULO'!J325 -> 2 | G90: ='COMP-08'!I55 -> 7078.3323 | H90: BDI INCLUSO NA COMPOSIÇÃO | I90: =G90 -> 7078.3323 | J90: =F90*I90 -> 14156.665 | K90: =J90/$J$99 -> 0.05521377
B91: COMP-09 | C91: 07.03.06 | D91: TOTEM EM CONCRETO ARMADO FCK 25 MPA, REVESTIDO EM GRANITO CINZA ANDORINHA ESP= 2 CM, INCLUSIVE FUNDAÇÃO, ESCAVAÇÃO E REATERRO, CONFORME PROJETO | E91: UND | F91: ='MEMORIA DE CÁLCULO'!J329 -> 2 | G91: ='COMP-09'!I42 -> 1100.9301 | H91: BDI INCLUSO NA COMPOSIÇÃO | I91: =G91 -> 1100.9301 | J91: =I91*F91 -> 2201.8603 | K91: =J91/$J$99 -> 0.0085876871
B92: COMP-10 | C92: 07.03.07 | D92: FORNECIMENTO E INSTALAÇÃO DE PERGOLADO EM MADEIRA DE LEI, CONSTRUIDA COM PILARES DE SEÇÃO 20X20 CM ENTRE VÃOS DE 3,30 M , ASSENTADOS E ENGASTADO SOB PILARETES E SAPATAS; INCLUSIVE ESCAVAÇÃO E REATERRO, BLOCO DE APOIO REVESTIDO EM GRANITO APICOADO COM APLICAÇÃO DE RESINA HIDROFUGANTE; TRAVESSAS DE MADEIRA NAS PONTAS DIM. 15X6 CM COMP. 3,20M ; VIGAS DE MADEIRA LATERAL DIM. 23X6 CM , COMPR. 3,50 M ; TRAVESSAS DE MADEIRA 15X6 CM COMPR. 3,50 M ; MADEIRA APARELHADA E PINTADA COM ACABAMENTO STAIN OU SIMILAR, CONFORME PROJETO | E92: UND | F92: ='MEMORIA DE CÁLCULO'!J333 -> 1 | G92: ='COMP-10'!I51 -> 10112.214 | H92: BDI INCLUSO NA COMPOSIÇÃO | I92: =G92 -> 10112.214 | J92: =I92*F92 -> 10112.214 | K92: =J92/$J$99 -> 0.039439618
B93: COMP-11 | C93: 07.03.08 | D93: FABRICAÇÃO, MONTAGEM E INSTALAÇÃO DE ABRIGO PARA PONTO DE ÔNIBUS EM ESTRUTURA METÁLICA (MATERIAL ASTM A-36 / SAE 1020), DESCRIÇÕES CONFORME PROJETO, COM TRATAMENTO ANTICORROSIVO, PINTURA LÍQUIDA INDUSTRIAL, PINTURA PRIMER EPÓXI, PINTURA DE ACABAMENTO METÁLICO, DE 1ª LINHA (3 DEMÃOS) E COBERTURA EM TELHA TRAPEZOIDAL LR 40, PRÉ PINTADA BRANCO, ESP 0,50MM. PILARES EM CONCRETO ARMADO APARENTE E PINTADOS COM VERNIZ POLIURETANO, TRÊS DEMÃOS, ALÉM DE FUNDAÇÃO (ESCAVAÇÃO, REATERRO), CONSIDERANDO MOBILIZAÇÃO E DESMOBILIZAÇÃO DE PESSOAL E EQUIPAMENTOS | E93: UND | F93: ='MEMORIA DE CÁLCULO'!J337 -> 1 | G93: ='COMP-11'!I53 -> 38861.48 | H93: BDI INCLUSO NA COMPOSIÇÃO | I93: =G93 -> 38861.48 | J93: =F93*I93 -> 38861.48 | K93: =J93/$J$99 -> 0.1515674
D94: SUBTOTAL 07 | J94: =SUM(J63:J93) -> 129619.18 | K94: =J94/$J$99 -> 0.50554023
C95: 08 | D95: TRATAMENTO, CONSERVAÇÃO E LIMPEZA
A96: IOPES | B96: 200402 | C96: 08.01.01 | D96: LIMPEZA GERAL DE OBRAS (QUADRAS, PRAÇAS E JARDINS) | E96: M2 | F96: ='MEMORIA DE CÁLCULO'!J348 -> 518.76 | G96: 0.76 | H96: =ROUND(G96*0.2654,2) -> 0.2 | I96: =G96+H96 -> 0.96 | J96: =ROUND(I96*F96,2) -> 498.01 | K96: =J96/$J$99 -> 0.0019423367
D97: SUBTOTAL 08 | J97: =SUM(J96) -> 498.01 | K97: =J97/$J$99 -> 0.0019423367
A99: TOTAL GERAL | J99: =SUM(J7:J98)/2 -> 256397.36 | K99: =SUM(K7:K97)/2 -> 1
J103: 222857.14
J104: =J99-J103 -> 33540.218

Sheet QCI
K3: QCI - Quadro de Composição do Investimento
B5: Número contrato de repasse | H5: Proponente/Tomador | O5: Município/UF | U5: Empreendimento | Z5: Aprovação
B6: 869913/2018 | H6: PREFEITURA MUN. DE JOÃO NEIVA/ES | O6: JOÃO NEIVA | R6: ES | U6: REFORMA DA PRAÇA NOSSA SENHORA DO LÍBANO
B8: Operação | O8: Programa/Modalidade/Ação
D9: Financiamento | J9: X | K9: Repassse | O9: MCIDADES
M11: Ocultar | N11: OCULTAR
M12: Limite
E13: Discriminação | O13: =IF(C9<>0,"Financiamento","Repasse") -> Repasse | S13: Contrapartida | Y13: Total | Z13: Execução | AA13: Contrapartida
B14: Item | C14: Descição | L14: Quant./unid | M14: Superior | N14: Inferior | O14: R$ | P14: VERIFIC USO REP | Q14: SOMENTE CP | R14: % | S14: Próprios (R$) | T14: CONTA PREENCH | U14: (%) | V14: Outros (R$) | W14: (%) | X14: Total % | Y14: R$ | Z14: EF ou AD | AA14: OS ou FIN
B15: 1 | C15: ='PLANILHA ORÇAMENTÁRIA'!D7 -> ADMINISTRAÇÃO LOCAL | L15: 01/VB | O15: ='PLANILHA ORÇAMENTÁRIA'!J9 -> 12519.868 | R15: =O15/(O15+S15) -> 1 | U15: =S15/(S15+O15) -> 0 | V15: =Y15*W15 -> 0 | W15: 0 | X15: =R15+U15+W15 -> 1 | Y15: =O15+S15 -> 12519.868 | Z15: EF | AB15: =IF(M15=1,"ERRO - VALOR SUPERA LIMITE",IF(N15=1,"ERRO - VALOR INFERIOR AO ESTABELECIDO",""))
B16: 2 | C16: ='PLANILHA ORÇAMENTÁRIA'!D10 -> SERVIÇOS PRELIMINARES | L16: 01/VB | O16: ='PLANILHA ORÇAMENTÁRIA'!J29 -> 51959.042 | R16: =O16/(O16+S16) -> 1 | U16: =S16/(S16+O16) -> 0 | W16: 0 | X16: =R16+U16+W16 -> 1 | Y16: =O16+S16 -> 51959.042 | Z16: EF | AB16: =IF(M17=1,"ERRO - VALOR SUPERA LIMITE",IF(N17=1,"ERRO - VALOR INFERIOR AO ESTABELECIDO",""))
B17: 3 | C17: ='PLANILHA ORÇAMENTÁRIA'!D30 -> MOVIMENTO DE TERRA | L17: 01/VB | O17: ='PLANILHA ORÇAMENTÁRIA'!J40 -> 9811.57 | R17: =O17/(O17+S17) -> 1 | U17: =S17/(S17+O17) -> 0 | W17: 0 | X17: =R17+U17+W17 -> 1 | Y17: =O17+S17 -> 9811.57 | Z17: EF | AB17: =IF(M18=1,"ERRO - VALOR SUPERA LIMITE",IF(N18=1,"ERRO - VALOR INFERIOR AO ESTABELECIDO",""))
B18: 4 | C18: ='PLANILHA ORÇAMENTÁRIA'!D41 -> FABRICACAO/EXECUCAO DE CBUQ/PRE-MISTURADOS | L18: 01/VB | O18: ='PLANILHA ORÇAMENTÁRIA'!J44 -> 3458.83 | R18: =O18/(O18+S18) -> 1 | U18: =S18/(S18+O18) -> 0 | W18: 0 | X18: =R18+U18+W18 -> 1 | Y18: =O18+S18 -> 3458.83 | Z18: EF | AB18: =IF(#REF!=1,"ERRO - VALOR SUPERA LIMITE",IF(#REF!=1,"ERRO - VALOR INFERIOR AO ESTABELECIDO","")) -> #REF!
B19: 5 | C19: ='PLANILHA ORÇAMENTÁRIA'!D45 -> INSTALAÇÕES HIDRO-SANITÁRIAS | L19: 01/VB | R19: =O19/(O19+S19) -> 0 | S19: ='PLANILHA ORÇAMENTÁRIA'!J49 -> 390.99 | U19: =S19/(S19+O19) -> 1 | V19: =Y19*W19 -> 0 | W19: 0 | X19: =R19+U19+W19 -> 1 | Y19: =O19+S19 -> 390.99 | Z19: EF | AA19: FIN | AB19: =IF(M19=1,"ERRO - VALOR SUPERA LIMITE",IF(N19=1,"ERRO - VALOR INFERIOR AO ESTABELECIDO",""))
B20: 6 | C20: ='PLANILHA ORÇAMENTÁRIA'!D50 -> INSTALAÇÕES ELÉTRICAS | L20: 01/VB | O20: ='PLANILHA ORÇAMENTÁRIA'!J62 -> 48139.87 | R20: =O20/(O20+S20) -> 1 | U20: =S20/(S20+O20) -> 0 | V20: =Y20*W20 -> 0 | W20: 0 | X20: =R20+U20+W20 -> 1 | Y20: =O20+S20 -> 48139.87 | Z20: EF | AB20: =IF(M20=1,"ERRO - VALOR SUPERA LIMITE",IF(N20=1,"ERRO - VALOR INFERIOR AO ESTABELECIDO",""))
B21: 7 | C21: ='PLANILHA ORÇAMENTÁRIA'!D63 -> SERVIÇOS COMPLEMENTARES EXTERNOS | L21: 01/VB | O21: ='PLANILHA ORÇAMENTÁRIA'!J94-S21 -> 96967.96 | R21: =O21/(O21+S21) -> 0.74809886 | S21: =AA36-S19-S22 -> 32651.218 | U21: =S21/(S21+O21) -> 0.25190114 | V21: =Y21*W21 -> 0 | W21: 0 | X21: =R21+U21+W21 -> 1 | Y21: =O21+S21 -> 129619.18 | Z21: EF | AA21: FIN | AB21: =IF(M21=1,"ERRO - VALOR SUPERA LIMITE",IF(N21=1,"ERRO - VALOR INFERIOR AO ESTABELECIDO",""))
B22: 8 | C22: ='PLANILHA ORÇAMENTÁRIA'!D95 -> TRATAMENTO, CONSERVAÇÃO E LIMPEZA | L22: 01/VB | R22: =O22/(O22+S22) -> 0 | S22: ='PLANILHA ORÇAMENTÁRIA'!J97 -> 498.01 | U22: =S22/(S22+O22) -> 1 | V22: =Y22*W22 -> 0 | W22: 0 | X22: =R22+U22+W22 -> 1 | Y22: =O22+S22 -> 498.01 | Z22: EF | AA22: FIN | AB22: =IF(M22=1,"ERRO - VALOR SUPERA LIMITE",IF(N22=1,"ERRO - VALOR INFERIOR AO ESTABELECIDO",""))
O24: =SUM(O15:O22) -> 222857.14 | P24: =SUM(P15:P22) -> 0 | Q24: =SUM(Q15:Q22) -> 0 | R24: =ROUND(O24/Y24,2) -> 0.87 | S24: =SUM(S15:S23) -> 33540.218 | T24: =SUM(T15:T22) -> 0 | U24: =ROUND(S24/Y24,2) -> 0.13 | V24: =SUM(V15:V22) -> 0 | W24: 0 | X24: 1 | Y24: =SUM(Y15:Y22) -> 256397.36 | AB24: =O24+S24+V24 -> 256397.36
Y25: =IF(SUM(Y15:Y22)=0,"",IF(SUM(Y15:Y22)<>AB24,"ERRO",""))
Z26: Forma de execução: AD = Administração Direta pelo Tomador
F27: João Neiva, Dezembro de 2018 | Z27: ou EF se execução e/ou fornecimento a contratar/contrado.
Z28: Tipo de contrapartida: FIN = Financeira; OS = em Obras e Serviços.
B31: _______________________________________
B32: RESPONSÁVEL TÉCNICO
B33: LAUDICÉIA S H DAS NEVES
B34: ENGª CIVIL - CREA/AM 11.750
AA36: ='PLANILHA ORÇAMENTÁRIA'!J104 -> 33540.218

Sheet MEMORIA DE CÁLCULO
A1: PREFEITURA MUNICIPAL DE JOÃO NEIVA SECRETARIA MUNICIPAL DE OBRAS E SERVIÇOS URBANOS
A2: OBRA: REFORMA DA PRAÇA NOSSA SENHORA DO LÍBANO
A3: LOCAL: CENTRO - JOÃO NEIVA/ES
A5: MEMÓRIA DE CÁLCULO
A6: CÓDIGO | B6: DESCRIÇÃO SERVIÇO | C6: UNIDADE | D6: Qnt | E6: C (m) | F6: L (m) | G6: H (m) | H6: A(m2) | I6: V(m3) | J6: QUANT. DO SERVIÇO
A7: 01 | B7: ADMINISTRAÇÃO LOCAL
A8: 01.01.01 | B8: EQUIPE DE OBRA, INCLUINDO ENGENHEIRO JUNIOR, TECNICO DE SEGUNDO GRAU | C8: UND | D8: Qnt | E8: C (m) | F8: L (m) | G8: H (m) | H8: A(m2) | I8: V(m3) | J8: =J9 -> 1
B9: Para acompanhamento da obra | D9: 1 | J9: 1
A12: 02 | B12: SERVIÇOS PRELIMINARES
A13: 02.01 | B13: INSTALAÇÃO DO CANTEIRO DE OBRAS
A15: 02.01.01 | B15: TAPUME COM TELHA METÁLICA. AF_05/2018 | C15: M2 | D15: Qnt | E15: C (m) | F15: L (m) | G15: H (m) | H15: A(m2) | I15: V(m3) | J15: =J17 -> 246.62
B17: Considerado em todos os lados da praça | E17: 112.1 | G17: 2.2 | I17: 1 | J17: =E17*G17*I17 -> 246.62
B18: Obs¹.: Ver croqui orientativo
B19: Obs².: Serviço necessário, pois a obra se encontra no centro da cidade, em frente a uma Escola onde tem saída e entrada de crianças, e nesta praça se encontra também um dos ponstos de ônibus mais importantes da cidade.
A21: 02.01.02 | B21: PLACA DE OBRA EM CHAPA DE ACO GALVANIZADO | C21: M2 | D21: Qnt | E21: C (m) | F21: L (m) | G21: H (m) | H21: A(m2) | I21: V(m3) | J21: =J22 -> 8
B22: Placa com as informações da obra | D22: 1 | E22: 4 | F22: 2 | J22: =D22*(E22*F22) -> 8
A25: 02.01.03 | B25: ALUGUEL CONTAINER/ESCRIT INCL INST ELET LARG=2,20 COMP=6,20M ALT=2,50M CHAPA ACO C/NERV TRAPEZ FORRO C/ISOL TERMO/ACUSTICO CHASSIS REFORC PISO COMPENS NAVAL EXC TRANSP/CARGA/DESCARGA | C25: MÊS | D25: Qnt | E25: C (m) | F25: L (m) | G25: H (m) | H25: A(m2) | I25: V(m3) | J25: =J26 -> 6
B26: Para o canteiro de obras | D26: 6 | J26: =D26 -> 6
A29: 02.01.04 | B29: REMOÇÃO DE TAPUME/ CHAPAS METÁLICAS E DE MADEIRA, DE FORMA MANUAL, SEM REAPROVEITAMENTO. AF_12/2017 | C29: M2 | D29: Qnt | E29: C (m) | F29: L (m) | G29: H (m) | H29: A(m2) | I29: V(m3) | J29: =J30 -> 246.62
B30: Após o término da obra | D30: 1 | E30: 112.1 | G30: 2.2 | J30: =D30*(E30*G30) -> 246.62
A33: 02.02 | B33: LOCAÇÃO
A34: 02.02.01 | B34: LOCACAO CONVENCIONAL DE OBRA, ATRAVÉS DE GABARITO DE TABUAS CORRIDAS PONTALETADAS A CADA 1,50M, SEM REAPROVEITAMENTO | C34: M2 | D34: Qnt | E34: C (m) | F34: L (m) | G34: H (m) | H34: A(m2) | I34: V(m3) | J34: =J35 -> 518.76
B35: Locação da obra | D35: 1 | H35: 518.76 | J35: =H35 -> 518.76
B36: Nota: Conforme área do projeto
A38: 02.02.02 | B38: MOBILIZAÇÃO E DESMOBILIZAÇÃO DE CONTEINER LOCADO PARA BARRACÃO DE OBRA | C38: UND | D38: Qnt | E38: C (m) | F38: L (m) | G38: H (m) | H38: A(m2) | I38: V(m3) | J38: =SUM(J39:J40) -> 2
B39: Realocação do container durante a obra | D39: 1 | J39: =D39 -> 1
B40: Retirada do container | D40: 1 | J40: =D40 -> 1
A43: 02.03 | B43: DEMOLIÇÕES E RETIRADAS
A44: 02.03.01 | B44: RETIRADA DE MEIO-FIO DE CONCRETO | C44: M | D44: Qnt | E44: C (m) | F44: L (m) | G44: H (m) | H44: A(m2) | I44: V(m3) | J44: =SUM(J45:J48) -> 272.16
B45: Meio fio canteiro gola das árvores | E45: =4*4 -> 16 | J45: =E45 -> 16
B46: Meio fio canteiro interno | E46: =16.92+15.29+26.83+5.1+19.52+22.19+4.26+2.5+3.68+2.31+22.43 -> 141.03 | J46: =E46 -> 141.03
B47: Meio fio perimetral | E47: =95.05+20.08 -> 115.13 | J47: =E47 -> 115.13
A50: 02.03.02 | B50: DEMOLIÇÃO DE PAVIMENTO INTERTRAVADO, DE FORMA MANUAL, COM REAPROVEITAMENTO. AF_12/2017 | C50: M2 | D50: Qnt | E50: C (m) | F50: L (m) | G50: H (m) | H50: A(m2) | I50: V(m3) | J50: =J51 -> 391.34
B51: Retirada de todos os blocos intertravados da praça | H51: 391.34 | J51: =H51 -> 391.34
A54: 02.03.03 | B54: DEMOLIÇÃO PARCIAL DE PAVIMENTO ASFÁLTICO, DE FORMA MECANIZADA, SEM REAPROVEITAMENTO. AF_12/2017 | C54: M2 | D54: Qnt | E54: C (m) | F54: L (m) | G54: H (m) | H54: A(m2) | I54: V(m3) | J54: =J55 -> 7.71
B55: Área a ser aumentada da praça | H55: 7.71 | J55: =H55 -> 7.71
B56: Nota: Conforme indicado em projeto
A59: 02.03.04 | B59: DEMOLIÇÃO MANUAL DE CONCRETO ARMADO (EMOP 05.001.033) | C59: M3 | D59: Qnt | E59: C (m) | F59: L (m) | G59: H (m) | H59: A(m2) | I59: V(m3) | J59: =SUM(J60:J65) -> 0.85896
B60: Demolição dos bancos de concreto da praça | D60: 16 | E60: 0.42 | F60: Bmenor 0,12 | G60: 0.5 | H60: =((0.24+0.12)*0.5)/2 -> 0.09 | I60: =H60*E60 -> 0.0378 | J60: =D60*I60 -> 0.6048
F61: Bmaior 0,24
B63: Demolição dos tóténs | D63: 2 | E63: 0.1 | F63: Bmenor 0,63 | G63: 1.46 | H63: =((0.63+0.78)*1.46)/2 -> 1.0293 | I63: =H63*E63 -> 0.10293 | J63: =I63*D63 -> 0.20586
F64: Bmaior 0,78
B65: Base dos tótens | D65: 2 | E65: 0.7 | F65: 0.23 | G65: 0.15 | I65: =E65*F65*G65 -> 0.02415 | J65: =D65*I65 -> 0.0483
B66: Nota: Medidas levantadas in loco
A69: 02.03.05 | B69: RETIRADA DE POSTE DE AÇO DE 4 A 6 M | C69: UND | D69: Qnt | E69: C (m) | F69: L (m) | G69: H (m) | H69: A(m2) | I69: V(m3) | J69: =SUM(J70:J71) -> 4
B70: Retirada dos postes de iluminação existentes na praça | D70: 4 | J70: =D70 -> 4
A73: 02.03.06 | B73: RETIRADA E COLOCAÇÃO DE PLACAS DE SINALIZAÇÃO EXISTENTES NA PRAÇA, PLACAS DE MONUMENTOS, INCLUSIVE ESTOCAGEM PARA ÁREA INDICADA PELA SEMOSU | C73: UND | D73: Qnt | E73: C (m) | F73: L (m) | G73: H (m) | H73: A(m2) | I73: V(m3) | J73: =J74 -> 8
B74: Retirada das placas de sinalização existentes na praça | D74: 8 | J74: =D74 -> 8
A77: 02.03.07 | B77: CORTE E DESTOCAMENTO DE ÁRVORES COM DIÂMETRO DE 15 CM | C77: UND | D77: Qnt | E77: C (m) | F77: L (m) | G77: H (m) | H77: A(m2) | I77: V(m3) | J77: =SUM(J78:J79) -> 31
B78: Árvores com diâmetro de até 15 cm, conforme planta de demolição | D78: 31 | J78: =D78 -> 31
A81: 02.03.08 | B81: CORTE E DESTOCAMENTO DE ÁRVORES COM DIÂMETRO SUPERIOR A 30 CM | C81: UND | D81: Qnt | E81: C (m) | F81: L (m) | G81: H (m) | H81: A(m2) | I81: V(m3) | J81: =J82 -> 6
B82: Árvores com diâmetro superior a 30 cm, conforme planta de demolição | D82: 6 | J82: =D82 -> 6
A85: 02.03.09 | B85: REMOÇÃO DO PONTO DE ÔNIBUS EXISTENTE | C85: UND | D85: Qnt | E85: C (m) | F85: L (m) | G85: H (m) | H85: A(m2) | I85: V(m3) | J85: =J86 -> 1
B86: Remoção do ponto de ônibus da praça | D86: 1 | J86: =D86 -> 1
A89: 03 | B89: MOVIMENTO DE TERRA
A90: 03.01 | B90: ESCAVAÇÕES
A91: 03.01.01 | B91: ESCAVAÇÃO MANUAL DE VALA COM PROFUNDIDADE MENOR OU IGUAL A 1,30 M. AF_03/2016 | C91: M3 | D91: Qnt | E91: C (m) | F91: L (m) | G91: H (m) | H91: A(m2) | I91: V(m3) | J91: =J95 -> 2.93
B92: Canteiro da Palmeira
B93: Volume Total Existente | G93: 0.5 | H93: 10.7 | I93: =G93*H93 -> 5.35 | J93: =I93 -> 5.35
B94: Volume Total (Projeto de reforma) | G94: 0.5 | H94: =2.2*2.2 -> 4.84 | I94: =G94*H94 -> 2.42 | J94: =I94 -> 2.42
B95: Volume total a retirar (Volume Total Existente - Volume que consta no projeto de reforma) | J95: =J93-J94 -> 2.93
B96: obs: Demolição do canteiro existente de contorno com toco de tora de eucalípto.
A99: 03.01.02 | B99: ESCAVACAO E CARGA MATERIAL 1A CATEGORIA, UTILIZANDO TRATOR DE ESTEIRAS DE 110 A 160HP COM LAMINA, PESO OPERACIONAL * 13T E PA CARREGADEIRA COM 170 HP. | C99: M3 | D99: Qnt | E99: C (m) | F99: L (m) | G99: H (m) | H99: A(m2) | I99: V(m3) | J99: =J100 -> 57.695
B100: Considerando raspagem da base (aproximadamente 10 cm de altura), exceto área do canteiro da palmeira e área do mosaico existente | G100: 0.1 | H100: =625.97-(4.84+44.18) -> 576.95 | I100: =G100*H100 -> 57.695 | J100: =I100 -> 57.695
B101: NOTA: A área da raspagem considera a praça como um retângulo
A103: 03.01.03 | B103: ESCAVACAO MECANICA DE MATERIAL 1A. CATEGORIA, PROVENIENTE DE CORTE DE SUBLEITO (C/TRATOR ESTEIRAS 160HP) | C103: M3 | D103: Qnt | E103: C (m) | F103: L (m) | G103: H (m) | H103: A(m2) | I103: V(m3) | J103: =J104 -> 13.275
B104: Para revestimento asfáltico, devido estreitamento da praça | G104: 0.15 | H104: 88.5 | I104: =G104*H104 -> 13.275 | J104: =I104 -> 13.275
A107: 03.02 | B107: REATERRO E COMPACTAÇÃO
A108: 03.02.01 | B108: EXECUÇÃO E COMPACTAÇÃO DE BASE E OU SUB BASE COM SOLO ESTABILIZADO GRANULOMETRICAMENTE - EXCLUSIVE ESCAVAÇÃO, CARGA E TRANSPORTE E SOLO. AF_09/2017 | C108: M3 | D108: Qnt | E108: C (m) | F108: L (m) | G108: H (m) | H108: A(m2) | I108: V(m3) | J108: =SUM(J109:J110) -> 60.726
B109: Área geral da praça, para assentamento do piso drenante | G109: 0.1 | H109: 518.76 | J109: =G109*H109 -> 51.876
B110: Área do estreitamento da praça | D110: 1 | G110: 0.1 | H110: 88.5 | I110: =G110*H110 -> 8.85 | J110: =I110 -> 8.85
A113: 03.03 | B113: TRANSPORTES
A114: 03.03.01 | B114: TRANSPORTE DE MATERIAL ASFALTICO, COM CAMINHÃO COM CAPACIDADE DE 20000L EM RODOVIA PAVIMENTADA PARA DISTÂNCIAS MÉDIAS DE TRANSPORTE IGUAL O U INFERIOR A 100 KM. AF_02/2016 | C114: TXKM | D114: Qnt | E114: C (m) | F114: L (m) | G114: H (m) | H114: A(m2) | I114: V(m3) | J114: =J117 -> 84.96
B115: Para material recomposição asfáltica, devido estreitamento da praça | I115: =J143 -> 3.54
H116: Peso específico (T/M3) | I116: 2.4 | J116: =I115*I116 -> 8.496
H117: Considerando 10km de transporte, conforme croqui | J117: =J116*10 -> 84.96
A120: 03.03.02 | B120: ÍNDICE DE PREÇO PARA REMOÇÃO DE ENTULHO DECORRENTE DA EXECUÇÃO DE OBRAS (CLASSE A CONAMA – NBR 10.004 - CLASSE II-B), INCLUINDO ALUGUEL DA CAÇAMBA, CARGA, TRANSPORTE E DESCARGA EM ÁREA LICENCIADA | C120: M3 | D120: Qnt | E120: C (m) | F120: L (m) | G120: H (m) | H120: A(m2) | I120: V(m3) | J120: =J139 -> 151.32773
B121: Retirada de Meio Fio | E121: 272.16 | F121: 0.15 | G121: 0.3 | I121: =E121*F121*G121 -> 12.2472 | J121: =I121 -> 12.2472
B122: Demolição de Alvenaria - apoios dos Bancos | D122: 16 | I122: 0.0378 | J122: =D122*I122 -> 0.6048
B123: Demolição de Alvenaria - tótens | D123: 2 | I123: 0.25416 | J123: =D123*I123 -> 0.50832
B124: Escavação do canteiro da palmeira | I124: 2.93 | J124: =I124 -> 2.93
B125: Remoção do ponto de ônibus | D125: 1 | I125: 6 | J125: =D125*I125 -> 6
B126: 4,00x1,95= 7,80 | G126: 0.3 | H126: 7.8 | I126: =H126*G126 -> 2.34 | J126: =I126 -> 2.34
B127: Árvores e Arbustos (5 CAÇAMBAS DE 6 M3) | D127: 5 | I127: 6 | J127: =I127*D127 -> 30
B128: Escavação área geral da Praça - proveniente da raspagem de terra | G128: 0.05 | H128: 625.97 | I128: =G128*H128 -> 31.2985 | J128: =I128 -> 31.2985
B129: Escavação para base de concreto da lixeira | D129: 4 | I129: 0.045 | J129: =D129*I129 -> 0.18
B130: Escavação para base de concreto do poste | D130: 6 | I130: 0.045 | J130: =D130*I130 -> 0.27
B131: Escavação para base de concreto do tótem | D131: 2 | I131: 0.385 | J131: =D131*I131 -> 0.77
B132: Escavação para base de concreto do canteiro tipo 3 | D132: 2 | I132: 2.973 | J132: =D132*I132 -> 5.946
B133: Escavação para base de concreto do canteiro tipo 4 | D133: 1 | I133: 0.4 | J133: =D133*I133 -> 0.4
B134: Escavação sapatas canteiro tipo 5 | D134: 2 | I134: 0.936 | J134: =D134*I134 -> 1.872
B135: Escavação sapatas pergolado (volume de escavação - volume do reaterro) | D135: 1 | I135: 3.828 | J135: =D135*I135 -> 3.828
B136: Escavação sapatas ponto de ônibus (volume de escavação - volume do reaterro) | D136: 1 | I136: 4.87175 | J136: =D136*I136 -> 4.87175
B137: Escavação para envelopamento dos eletrodutos (passagem de fiação) | E137: 65.81 | F137: 0.25 | G137: =0.5+0.25 -> 0.75 | I137: =E137*F137*G137 -> 12.339375 | J137: =I137 -> 12.339375
I138: Total | J138: =SUM(J121:J137) -> 116.40595
E139: Considerando um empolamento de 30% | J139: =J138*1.3 -> 151.32773
R141: =D128*0.05 -> 0
A142: 04 | B142: FABRICACAO/EXECUCAO DE CBUQ/PRE-MISTURADOS
A143: 04.01.01 | B143: CONSTRUÇÃO DE PAVIMENTO COM APLICAÇÃO DE CONCRETO BETUMINOSO USINADO A QUENTE (CBUQ), CAMADA DE ROLAMENTO, COM ESPESSURA DE 4,0 CM - EXCLUSIVE TRANSPORTE. AF_03/2017 | C143: M3 | D143: Qnt | E143: C (m) | F143: L (m) | G143: H (m) | H143: A(m2) | I143: V(m3) | J143: =J144 -> 3.54
B144: Área do estreitamento da praça (reforma) | G144: 0.04 | H144: 88.5 | I144: =H144*G144 -> 3.54 | J144: =I144 -> 3.54
...

Sheet BDI
A1: DETALHAMENTO DO BDI
A3: PROPONENTE: | B3: Prefeitura Municipal de João Neiva
A4: OBRA: | B4: Reforma da Praça Nossa Senhora do Líbano
A5: CONTRATO: | B5: 869913/2018
A7: 1. Regime de Contribuição Previdenciária
B9: Com Desoneração
A11: 2. Tipo de Intervenção
B13: Edificações
A15: 3. Incidências sobre o custo
B17: Administração Central - AC | C17: 4 | D17: %
B18: Riscos - R | C18: 0.97 | D18: %
B19: Seguros e Garantias Contratuais - S+G | C19: 0.8 | D19: %
B20: Despesas e Encargos Financeiros - DF | C20: 0.59 | D20: %
B22: Lucro - L | C22: 6.86 | D22: %
A24: 4 – Incidências sobre o preço de venda
B26: Despesas Tributárias - I | C26: =C29+C31+C32+C33 -> 10.15 | D26: %
B28: Percentual da base de cálculo para o ISS: | C28: 100 | D28: %
B29: Alíquota do ISS (sobre a base de cálculo): | C29: 2 | D29: %
B31: COFINS | C31: 3 | D31: %
B32: PIS | C32: 0.65 | D32: %
B33: INSS | C33: =IF(B9="Com Desoneração",4.5,0) -> 4.5 | D33: %
A35: 5 – Demonstrativo de cálculo do BDI
B37: BDI= (1+(AC+S+R+G))(1+DF)(1+L)) -1 = | C37: =ROUND((((1+($C$17/100)+($C$19/100)+($C$18/100))*(1+($C$20/100))*(1+($C$22/100)))/(1-$C$26/100)-1),4) -> 0.2654
B38: ( 1- I )
A40: Declaro para os devidos fins que, conforme legislação tributária municipal, a base de cálculo
A41: =CONCATENATE("do ISS para ", B13," é de ",C28," %",", com a respectiva alíquota de ",C29," %") -> do ISS para Edificações é de 100 %, com a respectiva alíquota de 2 %
A43: Declaro para os devidos fins que o regime de Contribuição Previdenciária adotado para
A44: =CONCATENATE("elaboração do orçamento foi ",B9,", e que esta é a alternativa mais adequada para ") -> elaboração do orçamento foi Com Desoneração, e que esta é a alternativa mais adequada para
A45: a Administração Pública.
A49: Engenheiro | B49: Laudicéia Sepulchro Henrique das Neves
A50: CREA/CAU: | B50: 11.750/D Visto ES 20090422
B55: Responsável Tomador
A56: Nome | B56: Otávio Abreu Xavier
A57: Cargo | B57: Prefeito Municipal

Sheet COTAÇÃO
A1: PREFEITURA MUNICIPAL DE JOÃO NEIVA SECRETARIA MUNICIPAL DE OBRAS E SERVIÇOS URBANOS
A3: Obra: REFORMA DA PRAÇA NOSSA SENHORA DO LÍBANO
A4: Local: CENTRO - JOÃO NEIVA/ES
A7: COTAÇÕES
A8: ITEM | B8: DESCRIÇÃO | C8: UNIDADE | D8: QUANTIDADE | E8: COTAÇÕES EFETUADAS | Q8: LIMITE MÉDIA (R$) V. UNT. | R8: PREÇO MÉDIO - VALOR UNIT. (R$) | S8: OBSERVAÇÕES
E9: FORNECEDOR 01 | F9: PREÇO 01 | G9: DATA PREÇO 01 | H9: PREÇO ATUALIAZADO PELO INCC PARA DATA BASE DE AGOSTO/2018 | I9: FORNECEDOR 02 | J9: PREÇO 02 | K9: DATA PREÇO 02 | L9: PREÇO ATUALIAZADO PELO INCC PARA DATA BASE DE AGOSTO/2018 | M9: FORNECEDOR 03 | N9: PREÇO 03 | O9: DATA PREÇO 03 | P9: PREÇO ATUALIAZADO PELO INCC PARA DATA BASE DE AGOSTO/2018
A10: PAI-01 | B10: JASMIN MANGA (Plumeria Rubra) | C10: UND | D10: 1 | E10: Flores e fardins / JN 99501-1569 | F10: 145 | G10: 43252 | H10: 147.3 | I10: Sempre Verde / Vitória (27) 3203-8500 | J10: 160 | K10: 43252 | L10: 162.54 | M10: Polen Garden / Vila Velha (27) 3325-0301 | N10: 165 | O10: 43252 | P10: 167.62 | R10: =(H10+L10+P10)/3 -> 159.15333 | S10: Obs.: Preços atualizados ou retroagidos pelo INCC (Índice Nacional de Custo da Construção) no site <http://calculoexato.com.br/parprima.aspx?codMenu=FinanAtualizaIndiceJuros>.
A11: PAI-02 | B11: CLORÓFITO (GRAVATINHA) (chlorofhitum comosum) | C11: UND | D11: 1 | E11: Flores e fardins / JN 99501-1570 | F11: 1.8 | G11: 43253 | H11: 1.83 | I11: Sempre Verde / Vitória (27) 3203-8501 | J11: 1.9 | K11: 43253 | L11: 1.93 | M11: Polen Garden / Vila Velha (27) 3325-0302 | N11: 2 | O11: 43253 | P11: 2.03 | R11: =(H11+L11+P11)/3 -> 1.93 | S11: Obs.: Preços atualizados ou retroagidos pelo INCC (Índice Nacional de Custo da Construção) no site <http://calculoexato.com.br/parprima.aspx?codMenu=FinanAtualizaIndiceJuros>.
A12: PAI-03 | B12: DRACENA ROXA (Cordyline Rubra) | C12: UND | D12: 1 | E12: Flores e fardins / JN 99501-1571 | F12: 30 | G12: 43254 | H12: 30.48 | I12: Sempre Verde / Vitória (27) 3203-8502 | J12: 33 | K12: 43254 | L12: 33.52 | M12: Polen Garden / Vila Velha (27) 3325-0303 | N12: 35.5 | O12: 43254 | P12: 36.06 | R12: =(H12+L12+P12)/3 -> 33.353333 | S12: Obs.: Preços atualizados ou retroagidos pelo INCC (Índice Nacional de Custo da Construção) no site <http://calculoexato.com.br/parprima.aspx?codMenu=FinanAtualizaIndiceJuros>.
A13: PAI-04 | B13: QUARESMEIRA (tibouchina mutabilis) | C13: UND | D13: 1 | E13: Flores e fardins / JN 99501-1572 | F13: 95 | G13: 43255 | H13: 96.51 | I13: Sempre Verde / Vitória (27) 3203-8503 | J13: 105 | K13: 43255 | L13: 106.67 | M13: Polen Garden / Vila Velha (27) 3325-0304 | N13: 120 | O13: 43255 | P13: 121.9 | R13: =(H13+L13+P13)/3 -> 108.36 | S13: Obs.: Preços atualizados ou retroagidos pelo INCC (Índice Nacional de Custo da Construção) no site <http://calculoexato.com.br/parprima.aspx?codMenu=FinanAtualizaIndiceJuros>.
A14: PAI-05 | B14: MORÉIA (Dietes Bicolor) | C14: UND | D14: 1 | E14: Flores e fardins / JN 99501-1573 | F14: 18 | G14: 43256 | H14: 18.29 | I14: Sempre Verde / Vitória (27) 3203-8504 | J14: 20 | K14: 43256 | L14: 20.32 | M14: Polen Garden / Vila Velha (27) 3325-0305 | N14: 21.5 | O14: 43256 | P14: 21.84 | R14: =(H14+L14+P14)/3 -> 20.15 | S14: Obs.: Preços atualizados ou retroagidos pelo INCC (Índice Nacional de Custo da Construção) no site <http://calculoexato.com.br/parprima.aspx?codMenu=FinanAtualizaIndiceJuros>.
A15: PAI-06 | B15: Abacaxi-Roxo (Tradescantia Spathacea) | C15: UND | D15: 1 | E15: Flores e fardins / JN 99501-1574 | F15: 27 | G15: 43257 | H15: 27.43 | I15: Sempre Verde / Vitória (27) 3203-8505 | J15: 27.5 | K15: 43257 | L15: 27.94 | M15: Polen Garden / Vila Velha (27) 3325-0306 | N15: 30 | O15: 43257 | P15: 30.48 | R15: =(H15+L15+P15)/3 -> 28.616667 | S15: Obs.: Preços atualizados ou retroagidos pelo INCC (Índice Nacional de Custo da Construção) no site <http://calculoexato.com.br/parprima.aspx?codMenu=FinanAtualizaIndiceJuros>.
A16: PAI-07 | B16: Manaca da Serra (Tibouchina mutabilis) | C16: UND | D16: 1 | E16: Flores e fardins / JN 99501-1575 | F16: 95 | G16: 43258 | H16: 96.51 | I16: Sempre Verde / Vitória (27) 3203-8506 | J16: 120 | K16: 43258 | L16: 121.9 | M16: Polen Garden / Vila Velha (27) 3325-0307 | N16: 135 | O16: 43258 | P16: 137.14 | R16: =(H16+L16+P16)/3 -> 118.51667 | S16: Obs.: Preços atualizados ou retroagidos pelo INCC (Índice Nacional de Custo da Construção) no site <http://calculoexato.com.br/parprima.aspx?codMenu=FinanAtualizaIndiceJuros>.
A17: PAI-08 | B17: Maranta (Maranta) | C17: UND | D17: 1 | E17: Flores e fardins / JN 99501-1576 | F17: 19 | G17: 43259 | H17: 19.3 | I17: Sempre Verde / Vitória (27) 3203-8507 | J17: 21.5 | K17: 43259 | L17: 21.84 | M17: Polen Garden / Vila Velha (27) 3325-0308 | N17: 25 | O17: 43259 | P17: 25.4 | R17: =(H17+L17+P17)/3 -> 22.18 | S17: Obs.: Preços atualizados ou retroagidos pelo INCC (Índice Nacional de Custo da Construção) no site <http://calculoexato.com.br/parprima.aspx?codMenu=FinanAtualizaIndiceJuros>.
A18: PAI-09 | B18: Palmeira Rabo de Raposa (Wodyetia bifurcata) | C18: UND | D18: 1 | E18: Flores e fardins / JN 99501-1577 | F18: 150 | G18: 43260 | H18: 152.38 | I18: Sempre Verde / Vitória (27) 3203-8508 | J18: 160 | K18: 43260 | L18: 162.54 | M18: Polen Garden / Vila Velha (27) 3325-0309 | N18: 175 | O18: 43260 | P18: 177.78 | R18: =(H18+L18+P18)/3 -> 164.23333 | S18: Obs.: Preços atualizados ou retroagidos pelo INCC (Índice Nacional de Custo da Construção) no site <http://calculoexato.com.br/parprima.aspx?codMenu=FinanAtualizaIndiceJuros>.
A19: LIX - 01 | B19: Lixeira 50L | C19: UND | D19: 1 | E19: Colect Vitória / (27) 3421-7082 / 98152-9700 | F19: 125 | G19: 43261 | H19: 126.98 | I19: Só Lixeiras / (17) 3463-9221 www.solixeiras.com | J19: 107.58 | K19: 43353 | L19: 107.42 | M19: Central Condomínios / (27) 3337-8019 / 3337-3563 www.centralcondominios.com | N19: 128.9 | O19: 43352 | P19: 128.71 | R19: =(H19+L19+P19)/3 -> 121.03667 | S19: Obs.: Preços atualizados ou retroagidos pelo INCC (Índice Nacional de Custo da Construção) no site <http://calculoexato.com.br/parprima.aspx?codMenu=FinanAtualizaIndiceJuros>.
A20: COMP-16 | B20: PISO DRENANTE TIPO PLACA E SUPERFÍCIE ANTIDERRAPANTE, ACABAMENTO POROSO, ESPESSURA DE 6 CM, DIMENSOES DE 40 X 40 CM , COR NATURAL , E RESISTÊNCIA A COMPRESSÃO MÍNIMA DE 20 MPA | C20: M2 | D20: 1 | E20: SALVADOR PRÉ-MOLDADOS / (27) 99963-5218 / 3298-8000 | F20: 40 | G20: 43262 | H20: 40.63 | R20: =H20 -> 40.63 | S20: Obs 1.: Dep. Comercial, Pedro Batista. Só pegamos esta cotação, por ser o único do Estado do ES a produzir o material. Obs 2.: Preços atualizados ou retroagidos pelo INCC (Índice Nacional de Custo da Construção) no site <http://calculoexato.com.br/parprima.aspx?codMenu=FinanAtualizaIndiceJuros>.
A21: COMP-17 | B21: PISO DRENANTE TIPO PLACA E SUPERFÍCIE ANTIDERRAPANTE, ACABAMENTO POROSO, ESPESSURA DE 6 CM, DIMENSOES DE 40 X 40 CM , COR GRAFITE , E RESISTÊNCIA A COMPRESSÃO MÍNIMA DE 20 MPA | C21: M2 | D21: 1 | E21: SALVADOR PRÉ-MOLDADOS / (27) 99963-5218 / 3298-8001 | F21: 58 | G21: 43263 | H21: 58.92 | R21: =H21 -> 58.92 | S21: Obs: Dep. Comercial, Pedro Batista. Só pegamos esta cotação, por ser o único do Estado do ES a produzir o material. Obs 2.: Preços atualizados ou retroagidos pelo INCC (Índice Nacional de Custo da Construção) no site <http://calculoexato.com.br/parprima.aspx?codMenu=FinanAtualizaIndiceJuros>.
A22: COMP-19 | B22: PISO TÁTIL ALERTA DIRECIONAL OU PONTILHADO 20X20 NATURAL OU VERMELHO | C22: M2 | D22: 1 | E22: SALVADOR PRÉ-MOLDADOS / (27) 99963-5218 / 3298-8002 | F22: 30 | G22: 43264 | H22: 30.48
A23: COMP-11 | B23: FABRICAÇÃO, MONTAGEM E INSTALAÇÃO DE ABRIGO PARA PONTO DE ÔNIBUS EM ESTRUTURA METÁLICA (MATERIAL ASTM A-36 / SAE 1020), DESCRIÇÕES CONFORME PROJETO, COM TRATAMENTO ANTICORROSIVO, PINTURA LÍQUIDA INDUSTRIAL, PINTURA PRIMER EPÓXI, PINTURA DE ACABAMENTO METÁLICO, DE 1ª LINHA (3 DEMÃOS) E COBERTURA EM TELHA TRAPEZOIDAL LR 40, PRÉ PINTADA BRANCO, ESP 0,50MM, CONSIDERANDO MOBILIZAÇÃO E DESMOBILIZAÇÃO DE PESSOAL E EQUIPAMENTOS | C23: UND | E23: S.A. Fabricação e Serviços LTDA ME - João Neiva | F23: 23700 | G23: 43405 | H23: =F23-173.41 -> 23526.59 | I23: JP Metal Mecânica - Aracruz | J23: 17570.2 | K23: 43405 | L23: =J23-128.56 -> 17441.64 | M23: FG LIUTH Serviços Industriais, João Neiva | N23: 19925.18 | O23: 43405 | P23: =N23-145.79 -> 19779.39 | R23: =(H23+L23+P23)/3 -> 20249.207 | S23: Obs.: Preços atualizados ou retroagidos pelo INCC (Índice Nacional de Custo da Construção) no site <http://calculoexato.com.br/parprima.aspx?codMenu=FinanAtualizaIndiceJuros>.
A24: ELE-04 | B24: FORNECIMENTO E MONTAGEM DE QUADRO DE COMANDO | C24: UND | E24: LUMILUZ (Cláudio Araújo) (27) 3203-6600 Vitória | F24: 9290 | G24: 43405 | H24: =F24-67.97 -> 9222.03 | I24: Túlio's Representações Ltda (Micheli Rygo) (27) 3340-0399 | J24: 9922 | K24: 43436 | L24: =J24-85.59 -> 9836.41 | M24: Eletrical Elétrica Comercial Ltda (Willians Pratti) (27) 2104-6577 | N24: 9430 | O24: 43436 | P24: =N24-81.35 -> 9348.65 | R24: =(H24+L24+P24)/3 -> 9469.03 | S24: Obs.: Preços atualizados ou retroagidos pelo INCC (Índice Nacional de Custo da Construção) no site <http://calculoexato.com.br/parprima.aspx?codMenu=FinanAtualizaIndiceJuros>.
A25: C-EQP-007 | B25: FRETE DE LIXEIRA TIPO BARCELONA EM AÇO | E25: ROMADELI TRANSPORTES | F25: 79.05 | I25: FIOROT | J25: 30 | M25: JAMEF | N25: 100.22 | Q25: 83.708 | R25: 54.525
A26: C-ELE-022 | B26: LUMINÁRIA PARA ILUMINAÇÃO PÚBLICA, TECNOLOGIA LED COM FLUXO LUMINOSO NOMINAL DE 6.800 LUMENS, POTÊNCIA CONSUMIDA 54W, TENSÃO NOMINAL 230 V, BASE E CORPO FABRICADOS EM ALUMÍNIO, DIFUSOR DE POLICABORNATO, GRAU DE ESTANQUICIDADE IP 66, PARA SER INSTALADA EM POSTE DE 4,00M DE ALTURA E DIÂMETRO DE TOPO 60MM | C26: UND | D26: 1 | E26: ILUMATIC | F26: 1685.19 | I26: ELETROMIL | J26: 1790 | M26: TRÓPICO | N26: 2456.1 | Q26: 2372.516 | R26: 1737.595
A27: ELE-01 | B27: LUMINÁRIA DECORATIVA LED PARA ILUMINAÇÃO PÚBLICA, ACABAMENTO COM PINTURA ELETROSTATICA, POTÊNCIA 112W A 113W | C27: UND | E27: REEME (Bárbara Fiori) (LUMINÁRIA PÚBLICA DECORATIVA LED SÉRIE ZE-165 Potência 112W) | F27: 1226.25 | G27: 43466 | H27: 1214.06 | I27: FIBROMETAL (Rogério Silva) (LUMINÁRIA JACAREI LED 112 WATTS – 16240 LUMENS) | J27: 1598 | K27: 43466 | L27: 1582.12 | M27: LASLED (Luminária Decorativa Jupiter 113 Watts Lumens - 13.876 lm (110lm/w) COD. PUBDJ113 (Ana Julia) | N27: 1130.78 | O27: 43466 | P27: 1119.54 | R27: =(H27+L27+P27)/3 -> 1305.24 | S27: Obs.: Preços atualizados pelo INCC (Índice Nacional de Custo da Construção) no site <http://calculoexato.com.br/parprima.aspx?codMenu=FinanAtualizaIndiceJuros>.
A28: COMP-26 | B28: TUBO QUADRADRO GALVANIZADO A FOGO DIMENSÕES 50X50X3,00X6000 MM E= 3,00 , PESO 26,86 KG/M | C28: UND | D28: 1 | E28: RDG AÇOS DO BRASIL (27)2103-3408 angelitas@rdgacosdobrasil.com.br | F28: 133.67 | G28: 43344 | S28: Obs: Vendedor Angelita Colodeti, cotamos com essa filial, por ser de Linhares e mais próxima do Município de João Neiva.
A29: COMP-26 | B29: TUBO QUADRADRO GALVANIZADO A FOGO DIMENSÕES 100X50X3,00X6000 MM E= 3,00 , PESO 55,04 KG/M | C29: UND | D29: 1 | E29: RDG AÇOS DO BRASIL (27)2103-3408 angelitas@rdgacosdobrasil.com.br | F29: 214.57 | G29: 43345 | S29: Obs: Vendedor Angelita Colodeti, cotamos com essa filial, por ser de Linhares e mais próxima do Município de João Neiva.
A30: ELE-04 | B30: CURVA DE AÇO GALVANIZADO, PESADO 90º 1 1/2" COM 2 LUVAS | C30: UND | E30: LUMILUZ (Cláudio) (27) 3203-6600 Vitória | F30: =44.5+15.1+15.1 -> 74.7 | G30: 43405 | H30: =F30-0.55 -> 74.15 | I30: ELETROMIL (Gilson) (27) 3357-1000 | J30: =42.5+10.9+10.9 -> 64.3 | K30: 43406 | L30: =J30-0.47 -> 63.83 | M30: DME (Leonardo) (27) 3348-8100 | N30: =30+9.9+9.9 -> 49.8 | O30: 43406 | P30: =N30-0.36 -> 49.44 | R30: =(H30+L30+P30)/3 -> 62.473333 | S30: Obs.: Preços atualizados ou retroagidos pelo INCC (Índice Nacional de Custo da Construção) no site <http://calculoexato.com.br/parprima.aspx?codMenu=FinanAtualizaIndiceJuros>.
A31: ELE-04 | B31: ABRAÇADEIRA DE AÇO FITA (ROLO DE 25M) COM CURSOR | C31: UND | E31: LUMILUZ (Cláudio) (27) 3203-6600 Vitória | F31: =26.8+1.3 -> 28.1 | G31: 43405 | H31: =F31-0.21 -> 27.89 | I31: ELETROMIL (Gilson) (27) 3357-1000 | J31: =28.5+1.15 -> 29.65 | K31: 43406 | L31: =J31-0.22 -> 29.43 | M31: DME (Leonardo) (27) 3348-8100 | N31: =27.5+1.3 -> 28.8 | O31: 43406 | P31: =N31-0.21 -> 28.59 | R31: =(H31+L31+P31)/3 -> 28.636667 | S31: Obs.: Preços atualizados ou retroagidos pelo INCC (Índice Nacional de Custo da Construção) no site <http://calculoexato.com.br/parprima.aspx?codMenu=FinanAtualizaIndiceJuros>.

Sheet CRONOGRAMA
B2: PREFEITURA MUNICIPAL DE JOÃO NEIVA
H4: LS: 89,54%
A5: OBRA: REFORMA DA PRAÇA NOSSA SENHORA DO LÍBANO | H5: BDI: 26,54% - Serviços(materiais e instalações) PRAZO DA OBRA: 180 dias DATA BASE: Agosto/2018
A6: LOCAL: CENTRO - JOÃO NEIVA/ES
H7: CONVÊNIO Nº: 869913/2018
A8: CRONOGRAMA FÍSICO E FINANCEIRO
A9: ITEM | B9: SERVIÇO | C9: VALORES DO ITEM | E9: 30 dias | F9: 60 dias | G9: 90 dias | H9: 120 dias | I9: 150 dias | J9: 180 dias
C10: R$ | D10: %
A11: 01 | B11: ADMINISTRAÇÃO LOCAL | E11: =C12/6 -> 2086.6446 | F11: =E11 -> 2086.6446 | G11: =E11 -> 2086.6446 | H11: =E11 -> 2086.6446 | I11: =E11 -> 2086.6446 | J11: =E11 -> 2086.6446
C12: ='PLANILHA ORÇAMENTÁRIA'!J9 -> 12519.868 | D12: =C12/C28 -> 0.04882994 | E12: =E11/C12 -> 0.16666667 | F12: =E12 -> 0.16666667 | G12: =E12 -> 0.16666667 | H12: =E12 -> 0.16666667 | I12: =E12 -> 0.16666667 | J12: =E12 -> 0.16666667
A13: 02 | B13: SERVIÇOS PRELIMINARES | E13: =C14-G13-J13-F13 -> 44165.186 | F13: =C14*0.05 -> 2597.9521 | G13: =C14*0.05 -> 2597.9521 | J13: =G13 -> 2597.9521
C14: ='PLANILHA ORÇAMENTÁRIA'!J29 -> 51959.042 | D14: =C14/C28 -> 0.20265046 | E14: =E13/C14 -> 0.85 | F14: =F13/C14 -> 0.05 | G14: =G13/C14 -> 0.05 | J14: =J13/C14 -> 0.05
A15: 03 | B15: MOVIMENTO DE TERRA | E15: =C16*0.5 -> 4905.785 | F15: =C16-E15 -> 4905.785
C16: ='PLANILHA ORÇAMENTÁRIA'!J40 -> 9811.57 | D16: =C16/C28 -> 0.038267048 | E16: =E15/C16 -> 0.5 | F16: =F15/C16 -> 0.5
A17: 04 | B17: FABRICACAO/EXECUCAO DE CBUQ/PRE-MISTURADOS | F17: =$C18*F18 -> 3458.83
C18: ='PLANILHA ORÇAMENTÁRIA'!J44 -> 3458.83 | D18: =C18/C28 -> 0.013490116 | F18: 1
A19: 05 | B19: INSTALAÇÕES HIDRO-SANITÁRIAS | F19: =C20 -> 390.99
C20: ='PLANILHA ORÇAMENTÁRIA'!J49 -> 390.99 | D20: =C20/C28 -> 0.0015249377 | F20: =F19/C20 -> 1
A21: 06 | B21: INSTALAÇÕES ELÉTRICAS | F21: =C22*0.3 -> 14441.961 | G21: =C22*0.6 -> 28883.922 | H21: =C22-(F21+G21) -> 4813.987
C22: ='PLANILHA ORÇAMENTÁRIA'!J62 -> 48139.87 | D22: =C22/C28 -> 0.18775494 | F22: =F21/C22 -> 0.3 | G22: =G21/C22 -> 0.6 | H22: =H21/C22 -> 0.1
A23: 07 | B23: SERVIÇOS COMPLEMENTARES EXTERNOS | H23: =C24/3 -> 43206.393 | I23: =C24/3 -> 43206.393 | J23: =C24/3 -> 43206.393
C24: ='PLANILHA ORÇAMENTÁRIA'!J94 -> 129619.18 | D24: =C24/C28 -> 0.50554023 | H24: =H23/C24 -> 0.33333333 | I24: =I23/C24 -> 0.33333333 | J24: =J23/C24 -> 0.33333333
A25: 08 | B25: TRATAMENTO, CONSERVAÇÃO E LIMPEZA | J25: =C26 -> 498.01
C26: ='PLANILHA ORÇAMENTÁRIA'!J97 -> 498.01 | D26: =C26/C28 -> 0.0019423367 | J26: =J25/C26 -> 1
B28: TOTAL GERAL | C28: =SUM(C12:C26) -> 256397.36 | D28: =SUM(D12:D26) -> 1
C29: VALOR DO SERVIÇO EXECUTADO NO MÊS | D29: R$ | E29: =E11+E13+E15 -> 51157.615 | F29: =F15+F11+F17+F13+F19+F21 -> 27882.163 | G29: =G11+G21+G13 -> 33568.519 | H29: =H21+H11+H23 -> 50107.024 | I29: =I11+I23 -> 45293.037 | J29: =J11+J25+J23+J13 -> 48389
C30: PORCENTAGEM | D30: % | E30: =E29/C28 -> 0.19952474 | F30: =F29/C28 -> 0.1087459 | G30: =G29/C28 -> 0.13092381 | H30: =H29/$C$28 -> 0.19542723 | I30: =I29/$C$28 -> 0.17665173 | J30: =J29/$C$28 -> 0.18872659
C31: VALOR ACUMULADO DOS SERVIÇOS EXECUTADOS | D31: R$ | E31: =E29 -> 51157.615 | F31: =F29+E31 -> 79039.778 | G31: =G29+F31 -> 112608.3 | H31: =H29+G31 -> 162715.32 | I31: =I29+H31 -> 208008.36 | J31: =J29+I31 -> 256397.36
C32: PORCENTAGEM ACUMULADO | D32: % | E32: =E31/$C$28 -> 0.19952474 | F32: =F31/$C$28 -> 0.30827064 | G32: =G31/$C$28 -> 0.43919445 | H32: =H31/$C$28 -> 0.63462168 | I32: =I31/$C$28 -> 0.81127341 | J32: =J31/$C$28 -> 1

Sheet ELE-01
A1: PREFEITURA MUNICIPAL DE JOÃO NEIVA SECRETARIA MUNICIPAL DE OBRAS E SERVIÇOS URBANOS
C4: Obra: REFORMA DA PRAÇA NOSSA SENHORA DO LÍBANO | G4: LS: | H4: BDI: | I4: Data-base
C5: Local: CENTRO - JOÃO NEIVA/ES | G5: 0.8954 | H5: 0.2654
A6: COMPOSIÇÃO ANALÍTICA DE PREÇO UNITÁRIO | I6: 43313
I7: ELE-01
A8: SERVIÇO: | B8: POSTE CÔNICO CONTÍNUO FLANGEADO, RETO, EM AÇO GALVANIZADO, PINTADO COM TINTA PROTETORA NA COR GRAFITE, ALTURA ÚTIL 3,00M, DIÂMETRO DA BASE 95MM, COM LUMINÁRIA DECORATIVA LED PARA ILUMINAÇÃO PÚBLICA, ACABAMENTO COM PINTURA ELETROSTATICA, POTÊNCIA 112W A 113W E BASE DE CONCRETO PARA FIXAÇÃO DO POSTE COM DIMENSÕES 40X40X50CM
A9: UND: | B9: M2
A11: MÃO-DE-OBRA
A12: CÓD. | B12: ORGÃO | C12: DESCRIÇÃO | F12: UND | G12: COEF | H12: R$ UNIT. | I12: R$ PARCIAL
A13: 88247 | B13: SINAPI | C13: AUXILIAR DE ELETRICISTA COM ENCARGOS COMPLEMENTARES | D13: AUXILIAR DE ELETRICISTA COM ENCARGOS COMPLEMENTARES | E13: AUXILIAR DE ELETRICISTA COM ENCARGOS COMPLEMENTARES | F13: H | G13: 0.1 | H13: 15.29 | I13: =G13*H13 -> 1.529
A14: 88264 | B14: SINAPI | C14: ELETRICISTA COM ENCARGOS COMPLEMENTARES | D14: ELETRICISTA COM ENCARGOS COMPLEMENTARES | E14: ELETRICISTA COM ENCARGOS COMPLEMENTARES | F14: H | G14: 7 | H14: 19.84 | I14: =G14*H14 -> 138.88
C16: Obs.: Coeficientes baseados no item SINAPI - 73769/001 POSTE ACO CONICO CONTINUO CURVO SIMPLES SEM BASE C/JANELA 9M (INSPECAO) - FORNECIMENTO E INSTALACAO, no item SINAPI - 93043 LÂMPADA LED 10 W BIVOLT BRANCA, FORMATO TRADICIONAL (BASE E27) - FORNECIMENTO E INSTALAÇÃO
A18: TOTAL A | I18: =SUM(I13:I14) -> 140.409
A20: MATERIAIS/ SERVIÇOS
A21: CÓD. | B21: ORGÃO | C21: DESCRIÇÃO | F21: UND | G21: COEF | H21: R$ UNIT. | I21: R$ PARCIAL
A22: COTAÇÃO | B22: MERCADO | C22: LUMINÁRIA DECORATIVA LED PARA ILUMINAÇÃO PÚBLICA, ACABAMENTO COM PINTURA ELETROSTATICA, POTÊNCIA 112W A 113W | F22: UND | G22: 1 | H22: =COTAÇÃO!R27 -> 1305.24 | I22: =G22*H22 -> 1305.24
A23: 5050 | B23: SINAPI | C23: POSTE CONICO CONTINUO EM ACO GALVANIZADO, RETO, FLANGEADO, H = 3 M, DIAMETRO INFERIOR = *95* MM | D23: POSTE FERRO GALV FLANGEADO CURVO SIMPLES CONICO CONTINUO, C/ BASE H = 4,00M (PROPORÇÃO) | E23: POSTE FERRO GALV FLANGEADO CURVO SIMPLES CONICO CONTINUO, C/ BASE H = 4,00M (PROPORÇÃO) | F23: UND | G23: 1 | H23: 251.26 | I23: =G23*H23 -> 251.26
A24: 73794/001 | B24: SINAPI | C24: PINTURA COM TINTA PROTETORA ACABAMENTO GRAFITE ESMALTE SOBRE SUPERFICIE METALICA, 2 DEMAOS | D24: LIXA P/ FERRO | E24: LIXA P/ FERRO | F24: M2 | G24: =0.95*4 -> 3.8 | H24: 30.21 | I24: =G24*H24 -> 114.798
A25: 73855/001 | B25: SINAPI | C25: CHUMBADOR DE AÇO PARA FIXAÇÃO DE POSTE DE ACO RETO OU CURVO 7 A 9M COM FLANGE - FORNECIMENTO E INSTALACAO | F25: UND | G25: 4 | H25: 448.72 | I25: =G25*H25 -> 1794.88
A26: 94965 | B26: SINAPI | C26: CONCRETO FCK = 25MPA, TRAÇO 1:2,3:2,7 (CIMENTO/ AREIA MÉDIA/ BRITA 1) - PREPARO MECÂNICO COM BETONEIRA 400 L. AF_07/2016 | F26: M3 | G26: =0.4*0.4*0.5 -> 0.08 | H26: 262.73 | I26: =G26*H26 -> 21.0184
C27: Obs.: Considerando base de concreto com dimensões 0,40x0,40x0,50M
A28: 93358 | B28: SINAPI | C28: ESCAVAÇÃO MANUAL DE VALA COM PROFUNDIDADE MENOR OU IGUAL A 1,30 M. AF_ 03/2016 | F28: M3 | G28: =G26 -> 0.08 | H28: 53.99 | I28: =G28*H28 -> 4.3192
A29: TOTAL B | I29: =SUM(I22:I28) -> 3491.5156
A31: EQUIPAMENTOS
A32: CÓD. | B32: ORGÃO | C32: DESCRIÇÃO | F32: UND | G32: COEF | H32: R$ UNIT. | I32: R$ PARCIAL
A36: TOTAL C
A38: RESUMO
A39: TOTAL A | I39: =I18 -> 140.409
A40: TOTAL B | I40: =I29 -> 3491.5156
A41: TOTAL C | I41: =I36 -> 0
A42: TOTAL D ( TOTAL A X LEIS SOCIAIS)
A43: TOTAL E (A+B+C) | I43: =SUM(I39:I41) -> 3631.9246
A44: TOTAL F (BDI 26,54%) | I44: =I43*26.54% -> 963.91279
A45: PREÇO DE VENDA | I45: =I43+I44 -> 4595.8374

Sheet ELE-02
A1: PREFEITURA MUNICIPAL DE JOÃO NEIVA SECRETARIA MUNICIPAL DE OBRAS E SERVIÇOS URBANOS
C4: Obra: REFORMA DA PRAÇA NOSSA SENHORA DO LÍBANO | G4: LS: | H4: BDI: | I4: Data-base
C5: Local: CENTRO - JOÃO NEIVA/ES | G5: 0.8954 | H5: 0.2654
A6: COMPOSIÇÃO ANALÍTICA DE PREÇO UNITÁRIO | I6: 43313
I7: ELE-02
A8: SERVIÇO: | B8: ATERRAMENTO DOS POSTES METÁLICOS, CONSIDERANDO HASTE DE ATERRAMENTO, CONECTORES, CABO DE COBRE NÚ E OLHAL DE FERRO GALVANIZADO COM PARAFUSO 16X150MM
A9: UND: | B9: UND
A11: MÃO-DE-OBRA
A12: CÓD. | B12: ORGÃO | C12: DESCRIÇÃO | F12: UND | G12: COEF | H12: R$ UNIT. | I12: R$ PARCIAL
A17: TOTAL A
A19: MATERIAIS/ SERVIÇOS
A20: CÓD. | B20: ORGÃO | C20: DESCRIÇÃO | F20: UND | G20: COEF | H20: R$ UNIT. | I20: R$ PARCIAL
A21: 96985 | B21: SINAPI | C21: HASTE DE ATERRAMENTO 5/8 PARA SPDA - FORNECIMENTO E INSTALAÇÃO. AF_12 /2017 | F21: UND | G21: 1 | H21: 43.34 | I21: =G21*H21 -> 43.34
A22: 83377 | B22: SINAPI | C22: CONECTOR DE PARAFUSO FENDIDO EM LIGA DE COBRE COM SEPARADOR DE CABOS PARA CABO 50 MM2 - FORNECIMENTO E INSTALACAO | F22: UND | G22: 1 | H22: 8.75 | I22: =G22*H22 -> 8.75
A23: 72251 | B23: SINAPI | C23: CABO DE COBRE NU 16MM2 - FORNECIMENTO E INSTALACAO | F23: M | G23: 1.5 | H23: 12.61 | I23: =G23*H23 -> 18.915
A24: 49506 | B24: IOPES | C24: OLHAL FERRO GALVANIZADO COM PARAFUSO 16X150MM | F24: UND | G24: 1 | H24: 18.98 | I24: =G24*H24 -> 18.98
A26: TOTAL B | I26: =SUM(I21:I24) -> 89.985
A28: EQUIPAMENTOS
A29: CÓD. | B29: ORGÃO | C29: DESCRIÇÃO | F29: UND | G29: COEF | H29: R$ UNIT. | I29: R$ PARCIAL
A32: TOTAL C
A34: RESUMO
A35: TOTAL A
A36: TOTAL B | I36: =I26 -> 89.985
A37: TOTAL C
A38: TOTAL D ( TOTAL A X LEIS SOCIAIS)
A39: TOTAL E (A+B+C) | I39: =I36 -> 89.985
A40: TOTAL F (BDI 26,54%) | I40: =I39*26.54% -> 23.882019
A41: PREÇO DE VENDA | I41: =I39+I40 -> 113.86702

Sheet ELE-03
A1: PREFEITURA MUNICIPAL DE JOÃO NEIVA SECRETARIA MUNICIPAL DE OBRAS E SERVIÇOS URBANOS
C4: Obra: REFORMA DA PRAÇA NOSSA SENHORA DO LÍBANO | G4: LS: | H4: BDI: | I4: Data-base
C5: Local: CENTRO - JOÃO NEIVA/ES | G5: 0.8954 | H5: 0.2654
A6: COMPOSIÇÃO ANALÍTICA DE PREÇO UNITÁRIO | I6: 43313
I7: ELE-03
A8: SERVIÇO: | B8: ATERRAMENTO DO QUADRO DE COMANDO, CONSIDERANDO HASTE DE ATERRAMENTO, CONECTORES, CABO DE COBRE NÚ E OLHAL DE FERRO GALVANIZADO COM PARAFUSO 16X150MM
A9: UND: | B9: UND
A11: MÃO-DE-OBRA
A12: CÓD. | B12: ORGÃO | C12: DESCRIÇÃO | F12: UND | G12: COEF | H12: R$ UNIT. | I12: R$ PARCIAL
A17: TOTAL A
A19: MATERIAIS/ SERVIÇOS
A20: CÓD. | B20: ORGÃO | C20: DESCRIÇÃO | F20: UND | G20: COEF | H20: R$ UNIT. | I20: R$ PARCIAL
A21: 96985 | B21: SINAPI | C21: HASTE DE ATERRAMENTO 5/8 PARA SPDA - FORNECIMENTO E INSTALAÇÃO. AF_12 /2017 | F21: UND | G21: 1 | H21: 43.34 | I21: =G21*H21 -> 43.34
A22: 83377 | B22: SINAPI | C22: CONECTOR DE PARAFUSO FENDIDO EM LIGA DE COBRE COM SEPARADOR DE CABOS PARA CABO 50 MM2 - FORNECIMENTO E INSTALACAO | F22: UND | G22: 1 | H22: 8.75 | I22: =G22*H22 -> 8.75
A23: 72251 | B23: SINAPI | C23: CABO DE COBRE NU 16MM2 - FORNECIMENTO E INSTALACAO | F23: M | G23: 2.7 | H23: 12.61 | I23: =G23*H23 -> 34.047
A24: 49506 | B24: IOPES | C24: OLHAL FERRO GALVANIZADO COM PARAFUSO 16X150MM | F24: UND | G24: 1 | H24: 18.98 | I24: =G24*H24 -> 18.98
A26: TOTAL B | I26: =SUM(I21:I24) -> 105.117
A28: EQUIPAMENTOS
A29: CÓD. | B29: ORGÃO | C29: DESCRIÇÃO | F29: UND | G29: COEF | H29: R$ UNIT. | I29: R$ PARCIAL
A32: TOTAL C
A34: RESUMO
A35: TOTAL A
A36: TOTAL B | I36: =I26 -> 105.117
A37: TOTAL C
A38: TOTAL D ( TOTAL A X LEIS SOCIAIS)
A39: TOTAL E (A+B+C) | I39: =I36 -> 105.117
A40: TOTAL F (BDI 26,54%) | I40: =I39*26.54% -> 27.898052
A41: PREÇO DE VENDA | I41: =I39+I40 -> 133.01505

Sheet ELE-04
A1: PREFEITURA MUNICIPAL DE JOÃO NEIVA SECRETARIA MUNICIPAL DE OBRAS E SERVIÇOS URBANOS
C4: Obra: REFORMA DA PRAÇA NOSSA SENHORA DO LÍBANO | G4: LS: | H4: BDI: | I4: Data-base
C5: Local: CENTRO - JOÃO NEIVA/ES | G5: 0.8954 | H5: 0.2654
A6: COMPOSIÇÃO ANALÍTICA DE PREÇO UNITÁRIO | I6: 43313
I7: ELE-04
A8: SERVIÇO: | B8: FORNECIMENTO E INSTALAÇÃO DE QUADRO DE COMANDO
A9: UND: | B9: M2
A11: MÃO-DE-OBRA
A12: CÓD. | B12: ORGÃO | C12: DESCRIÇÃO | F12: UND | G12: COEF | H12: R$ UNIT. | I12: R$ PARCIAL
A13: 88247 | B13: SINAPI | C13: AUXILIAR DE ELETRICISTA COM ENCARGOS COMPLEMENTARES | D13: AUXILIAR DE ELETRICISTA COM ENCARGOS COMPLEMENTARES | E13: AUXILIAR DE ELETRICISTA COM ENCARGOS COMPLEMENTARES | F13: H | G13: 1 | H13: 15.29 | I13: =G13*H13 -> 15.29
A14: 88264 | B14: SINAPI | C14: ELETRICISTA COM ENCARGOS COMPLEMENTARES | D14: ELETRICISTA COM ENCARGOS COMPLEMENTARES | E14: ELETRICISTA COM ENCARGOS COMPLEMENTARES | F14: H | G14: 1 | H14: 19.84 | I14: =G14*H14 -> 19.84
C16: Obs.: Coeficientes baseados no item SINAPI - 74131/001 QUADRO DE DISTRIBUICAO DE ENERGIA DE EMBUTIR, EM CHAPA METALICA, PARA 3 DISJUNTORES TERMOMAGNETICOS MONOPOLARES SEM BARRAMENTO FORNECIMENTO E INSTALACAO
A18: TOTAL A | I18: =SUM(I13:I14) -> 35.13
A20: MATERIAIS/ SERVIÇOS
A21: CÓD. | B21: ORGÃO | C21: DESCRIÇÃO | F21: UND | G21: COEF | H21: R$ UNIT. | I21: R$ PARCIAL
A22: COTAÇÃO | B22: MERCADO | C22: QUADRO DE COMANDO EM AÇO INOX, COM DISJUNTORES, CONTATOR, DISPOSITIVOS DE PROTEÇÃO CONTRA SURTO, RELÉ, CONFORME DETALHES EM PROJETO | F22: UND | G22: 1 | H22: =COTAÇÃO!R24 -> 9469.03 | I22: =H22*G22 -> 9469.03
A23: COTAÇÃO | B23: MERCADO | C23: CURVA DE AÇO GALVANIZADO, PESADO 90º 1 1/2" COM 2 LUVAS | F23: UND | G23: 3 | H23: =COTAÇÃO!R30 -> 62.473333 | I23: =G23*H23 -> 187.42
A24: COTAÇÃO | B24: MERCADO | C24: ABRAÇADEIRA DE AÇO FITA (ROLO DE 25M) COM CURSOR | F24: UND | G24: 1 | H24: =COTAÇÃO!R31 -> 28.636667 | I24: =G24*H24 -> 28.636667
A26: TOTAL B | I26: =SUM(I22:I25) -> 9685.0867
A28: EQUIPAMENTOS
A29: CÓD. | B29: ORGÃO | C29: DESCRIÇÃO | F29: UND | G29: COEF | H29: R$ UNIT. | I29: R$ PARCIAL
A33: TOTAL C
A35: RESUMO
A36: TOTAL A | I36: =I18 -> 35.13
A37: TOTAL B | I37: =I26 -> 9685.0867
A38: TOTAL C | I38: =I33 -> 0
A39: TOTAL D ( TOTAL A X LEIS SOCIAIS)
A40: TOTAL E (A+B+C) | I40: =SUM(I36:I38) -> 9720.2167
A41: TOTAL F (BDI 26,54%) | I41: =I40*26.54% -> 2579.7455
A42: PREÇO DE VENDA | I42: =I40+I41 -> 12299.962

Sheet COMP-01
A1: PREFEITURA MUNICIPAL DE JOÃO NEIVA SECRETARIA MUNICIPAL DE OBRAS E SERVIÇOS URBANOS
C4: Obra: REFORMA DA PRAÇA NOSSA SENHORA DO LÍBANO | G4: LS: | H4: BDI: | I4: Data-base
C5: Local: CENTRO - JOÃO NEIVA/ES | G5: 0.8954 | H5: 0.2654
A6: COMPOSIÇÃO ANALÍTICA DE PREÇO UNITÁRIO | I6: 43313
I7: COMP-01
A8: SERVIÇO: | B8: EQUIPE DE OBRA, INCLUINDO ENGENHEIRO JUNIOR, TECNICO DE SEGUNDO GRAU
A9: UND: | B9: UND
A10: ORÇAMENTISTA: Renata Ruy De Angeli
A12: MÃO-DE-OBRA
A13: CÓD. | B13: ORGÃO | C13: DESCRIÇÃO | F13: UND | G13: COEF | H13: R$ UNIT. | I13: R$ PARCIAL
A14: 90777 | B14: SINAPI | C14: ENGENHEIRO CIVIL DE OBRA JUNIOR COM ENCARGOS COMPLEMENTARES | F14: H | G14: 60 | H14: 71.12 | I14: =H14*G14 -> 4267.2
A15: 88255 | B15: SINAPI | C15: AUXILIAR TÉCNICO DE ENGENHARIA COM ENCARGOS COMPLEMENTARES | F15: H | G15: 180 | H15: 31.26 | I15: =H15*G15 -> 5626.8
A18: TOTAL A | I18: =I14+I15 -> 9894
A20: MATERIAIS/ SERVIÇOS
A21: CÓD. | B21: ORGÃO | C21: DESCRIÇÃO | F21: UND | G21: COEF | H21: R$ UNIT. | I21: R$ PARCIAL
A25: TOTAL B
A27: RESUMO
A28: TOTAL A | I28: =I18 -> 9894
A29: TOTAL B
A30: TOTAL C ( TOTAL A X LEIS SOCIAIS)
A31: TOTAL D (A+B) | I31: =I28+I29 -> 9894
A32: TOTAL E (BDI 26,54%) | I32: =I31*26.54% -> 2625.8676
A33: PREÇO DE VENDA | I33: =I31+I32 -> 12519.868

Sheet COMP-02
A1: PREFEITURA MUNICIPAL DE JOÃO NEIVA SECRETARIA MUNICIPAL DE OBRAS E SERVIÇOS URBANOS
C4: Obra: REFORMA DA PRAÇA NOSSA SENHORA DO LÍBANO | G4: LS: | H4: BDI: | I4: Data-base
C5: Local: CENTRO - JOÃO NEIVA/ES | G5: 0.8954 | H5: 0.2654
A6: COMPOSIÇÃO ANALÍTICA DE PREÇO UNITÁRIO | I6: 43313
I7: COMP-02
A8: SERVIÇO: | B8: RETIRADA E COLOCAÇÃO DE PLACAS DE SINALIZAÇÃO EXISTENTES NA PRAÇA, PLACAS DE MONUMENTOS, INCLUSIVE ESTOCAGEM PARA ÁREA INDICADA PELA SEMOSU
A9: UND: | B9: UND
A11: MÃO-DE-OBRA
A12: CÓD. | B12: ORGÃO | C12: DESCRIÇÃO | F12: UND | G12: COEF | H12: R$ UNIT. | I12: R$ PARCIAL
A13: 20002 | B13: DER-ES (jan-18) | C13: Servente | F13: H | G13: =2*2 -> 4 | H13: 10.45 | I13: =G13*H13 -> 41.8
C14: Obs. 1: Coeficiente de referência baseado no item DER-ES 41222 Suporte de placa de sinalização vertical em madeira de 1ª qualidade, pintada, fornecimento e instalação Obs.2: Atualização do preço para a data base de agosto-18 pelo INCC (Índice Nacional de Custo da Construção) no site <http://calculoexato.com.br/parprima.aspx?codMenu=FinanAtualizaIndiceJuros>. | G14: =coeficiente de referência* 2,00 (retirada e colocação)
A15: TOTAL A | I15: =I13 -> 41.8
A17: MATERIAIS/ SERVIÇOS
A18: CÓD. | B18: ORGÃO | C18: DESCRIÇÃO | F18: UND | G18: COEF | H18: R$ UNIT. | I18: R$ PARCIAL
A21: TOTAL B
A23: EQUIPAMENTOS
A24: CÓD. | B24: ORGÃO | C24: DESCRIÇÃO | F24: UND | G24: COEF | H24: R$ UNIT. | I24: R$ PARCIAL
A27: TOTAL C
A29: RESUMO
A30: TOTAL A
A31: TOTAL B | I31: =I13 -> 41.8
A32: TOTAL C
A33: TOTAL D ( TOTAL A X LEIS SOCIAIS)
A34: TOTAL E (A+B+C) | I34: =I15 -> 41.8
A35: TOTAL F (BDI 26,54%) | I35: =I34*26.54% -> 11.09372
A36: PREÇO DE VENDA | I36: =I34+I35 -> 52.89372

Sheet COMP-03
A1: PREFEITURA MUNICIPAL DE JOÃO NEIVA SECRETARIA MUNICIPAL DE OBRAS E SERVIÇOS URBANOS
C4: Obra: REFORMA DA PRAÇA NOSSA SENHORA DO LÍBANO | G4: LS: | H4: BDI: | I4: Data-base
C5: Local: CENTRO - JOÃO NEIVA/ES | G5: 0.8954 | H5: 0.2654
A6: COMPOSIÇÃO ANALÍTICA DE PREÇO UNITÁRIO | I6: 43313
I7: COMP-03
A8: SERVIÇO: | B8: REMOÇÃO DE PONTO DE ÔNIBUS EXISTENTE
A9: UND: | B9: UND
A11: MÃO-DE-OBRA
A12: CÓD. | B12: ORGÃO | C12: DESCRIÇÃO | F12: UND | G12: COEF | H12: R$ UNIT. | I12: R$ PARCIAL
A15: TOTAL A
A17: MATERIAIS/ SERVIÇOS
A18: CÓD. | B18: ORGÃO | C18: DESCRIÇÃO | F18: UND | G18: COEF | H18: R$ UNIT. | I18: R$ PARCIAL
A19: 85421 | B19: SINAPI | C19: REMOCAO DE VIDRO COMUM | F19: M2 | G19: =3.6*2.1 -> 7.56 | H19: 11.93 | I19: =G19*H19 -> 90.1908
A20: 97647 | B20: SINAPI | C20: REMOÇÃO DE TELHAS, DE FIBROCIMENTO, METÁLICA E CERÂMICA, DE FORMA MANUAL, SEM REAPROVEITAMENTO. AF_12/2017 | F20: M2 | G20: 7.8 | H20: 2.17 | I20: =G20*H20 -> 16.926 | L20: COBERTURA
A21: 97655 | B21: SINAPI | C21: REMOÇÃO DE TRAMA METÁLICA PARA COBERTURA, DE FORMA MANUAL, SEM REAPROVEITAMENTO. AF_12/2017 | F21: M2 | G21: =7.8+10.4+2 -> 20.2 | H21: 13.82 | I21: =G21*H21 -> 279.164 | L21: =4*1.95 -> 7.8
L23: =4*2.6 -> 10.4
A24: TOTAL B | I24: =SUM(I19:I23) -> 386.2808
L25: ASSENTO
A26: EQUIPAMENTOS | L26: =4*0.5 -> 2
A27: CÓD. | B27: ORGÃO | C27: DESCRIÇÃO | F27: UND | G27: COEF | H27: R$ UNIT. | I27: R$ PARCIAL
A30: TOTAL C
A32: RESUMO
A33: TOTAL A
A34: TOTAL B | I34: =I24 -> 386.2808
A35: TOTAL C
A36: TOTAL D ( TOTAL A X LEIS SOCIAIS)
A37: TOTAL E (A+B+C) | I37: =SUM(I33:I35) -> 386.2808
A38: TOTAL F (BDI 26,54%) | I38: =I37*26.54% -> 102.51892
A39: PREÇO DE VENDA | I39: =I37+I38 -> 488.79972

Sheet COMP-04
A1: PREFEITURA MUNICIPAL DE JOÃO NEIVA SECRETARIA MUNICIPAL DE OBRAS E SERVIÇOS URBANOS
C4: Obra: REFORMA DA PRAÇA NOSSA SENHORA DO LÍBANO | G4: LS: | H4: BDI: | I4: Data-base
C5: Local: CENTRO - JOÃO NEIVA/ES | G5: 0.8954 | H5: 0.2654
A6: COMPOSIÇÃO ANALÍTICA DE PREÇO UNITÁRIO | I6: 43313
I7: COMP-04
A8: SERVIÇO: | B8: FORNECIMENTO E INSTALAÇÃO DE PISO DRENANTE, SUPERFÍCIE ANTIDERRAPANTE, ACABAMENTO POROSO, ESPESSURA DE 6 CM, DIMENSOES DE 40 X 40 CM , COR NATURAL , E RESISTÊNCIA A COMPRESSÃO MÍNIMA DE 20 MPA, ASSENTADOS SOBRE CAMADA DE AREIA GROSSA NA ESPESSURA DE 5 CM, PEDRISCO LAVADO 10 CM, SOLO COMPACTADO MANUALMENTE,MARCA DE REF.: PLACA DRENANTE 40 , FABRICANTE SALVADOR PREMOLDADOS OU SIMILAR.
A9: UND: | B9: M2
A11: MÃO-DE-OBRA
A12: CÓD. | B12: ORGÃO | C12: DESCRIÇÃO | F12: UND | G12: COEF | H12: R$ UNIT. | I12: R$ PARCIAL
A13: 88260 | B13: SINAPI | C13: CALCETEIRO COM ENCARGOS COMPLEMENTARES | F13: H | G13: 0.1595 | H13: 17.17 | I13: =G13*H13 -> 2.738615
A14: 88316 | B14: SINAPI | C14: SERVENTE COM ENCARGOS COMPLEMENTARES | F14: H | G14: 0.1595 | H14: 13.65 | I14: =G14*H14 -> 2.177175
C16: Obs.: Coeficientes baseados no item SINAPI - 93680 EXECUÇÃO DE PÁTIO/ESTACIONAMENTO EM PISO INTERTRAVADO, COM BLOCO RETANGULAR COLORIDO DE 20 X 10 CM, ESPESSURA 6 CM. AF_12/2015
A17: TOTAL A | I17: =SUM(I13:I14) -> 4.91579
A19: MATERIAIS/ SERVIÇOS
A20: CÓD. | B20: ORGÃO | C20: DESCRIÇÃO | F20: UND | G20: COEF | H20: R$ UNIT. | I20: R$ PARCIAL
A21: COTAÇÃO | B21: MERCADO | C21: PISO DRENANTE TIPO PLACA E SUPERFÍCIE ANTIDERRAPANTE, ACABAMENTO POROSO, ESPESSURA DE 6 CM, DIMENSOES DE 40 X 40 CM , COR NATURAL , E RESISTÊNCIA A COMPRESSÃO MÍNIMA DE 20 MPA | F21: M2 | G21: 1 | H21: 40.63 | I21: =G21*H21 -> 40.63
A22: 370 | B22: SINAPI | C22: AREIA MEDIA - POSTO JAZIDA/FORNECEDOR (RETIRADO NA JAZIDA, SEM TRANSPORTE) | F22: M3 | G22: 0.05 | H22: 31.08 | I22: =G22*H22 -> 1.554
A23: 4741 | B23: SINAPI | C23: PO DE PEDRA (POSTO PEDREIRA/FORNECEDOR, SEM FRETE) | F23: M3 | G23: 0.1 | H23: 58.53 | I23: =G23*H23 -> 5.853
A25: TOTAL B | I25: =SUM(I21:I23) -> 48.037
A27: EQUIPAMENTOS
A28: CÓD. | B28: ORGÃO | C28: DESCRIÇÃO | F28: UND | G28: COEF | H28: R$ UNIT. | I28: R$ PARCIAL
A29: 91277 | B29: SINAPI | C29: PLACA VIBRATÓRIA REVERSÍVEL COM MOTOR 4 TEMPOS A GASOLINA, FORÇA CENTRÍFUGA DE 25 KN (2500 KGF), POTÊNCIA 5,5 CV - CHP DIURNO. AF_08/2015 | F29: CHP | G29: 0.0041 | H29: 4.7 | I29: =G29*H29 -> 0.01927
A30: 91278 | B30: SINAPI | C30: PLACA VIBRATÓRIA REVERSÍVEL COM MOTOR 4 TEMPOS A GASOLINA, FORÇA CENTRÍFUGA DE 25 KN (2500 KGF), POTÊNCIA 5,5 CV - CHI DIURNO. AF_08/2015 | F30: CHI | G30: 0.0757 | H30: 0.54 | I30: =G30*H30 -> 0.040878
A31: 91283 | B31: SINAPI | C31: CORTADORA DE PISO COM MOTOR 4 TEMPOS A GASOLINA, POTÊNCIA DE 13 HP, COM DISCO DE CORTE DIAMANTADO SEGMENTADO PARA CONCRETO, DIÂMETRO DE 350 MM, FURO DE 1" (14 X 1") - CHP DIURNO. AF_08/2015 | F31: CHP | G31: 0.0037 | H31: 10.07 | I31: =G31*H31 -> 0.037259
A32: 91285 | B32: SINAPI | C32: CORTADORA DE PISO COM MOTOR 4 TEMPOS A GASOLINA, POTÊNCIA DE 13 HP, COM DISCO DE CORTE DIAMANTADO SEGMENTADO PARA CONCRETO, DIÂMETRO DE 350 MM, FURO DE 1" (14 X 1") - CHI DIURNO. AF_08/2015 | F32: CHI | G32: 0.076 | H32: 0.68 | I32: =G32*H32 -> 0.05168
A35: TOTAL C | I35: =SUM(I29:I32) -> 0.149087
A37: RESUMO
A38: TOTAL A | I38: =I17 -> 4.91579
A39: TOTAL B | I39: =I25 -> 48.037
A40: TOTAL C | I40: =I35 -> 0.149087
A41: TOTAL D ( TOTAL A X LEIS SOCIAIS)
A42: TOTAL E (A+B+C) | I42: =SUM(I38:I40) -> 53.101877
A43: TOTAL F (BDI 26,54%) | I43: =I42*26.54% -> 14.093238
A44: PREÇO DE VENDA | I44: =I42+I43 -> 67.195115

Sheet COMP-05
A1: PREFEITURA MUNICIPAL DE JOÃO NEIVA SECRETARIA MUNICIPAL DE OBRAS E SERVIÇOS URBANOS
C4: Obra: REFORMA DA PRAÇA NOSSA SENHORA DO LÍBANO | G4: LS: | H4: BDI: | I4: Data-base
C5: Local: CENTRO - JOÃO NEIVA/ES | G5: 0.8954 | H5: 0.2654
A6: COMPOSIÇÃO ANALÍTICA DE PREÇO UNITÁRIO | I6: 43313
I7: COMP-05
A8: SERVIÇO: | B8: FORNECIMENTO E INSTALAÇÃO DE PISO DRENANTE, SUPERFÍCIE ANTIDERRAPANTE, ACABAMENTO POROSO, ESPESSURA DE 6 CM, DIMENSOES DE 40 X 40 CM , COR GRAFITE , E RESISTÊNCIA A COMPRESSÃO MÍNIMA DE 20 MPA, ASSENTADOS SOBRE CAMADA DE AREIA MÉDIA NA ESPESSURA DE 5 CM, PEDRISCO LAVADO 10 CM, SOLO COMPACTADO MANUALMENTE. MARCA DE REF.: PLACA DRENANTE 40 , FABRICANTE SALVADOR PREMOLDADOS OU SIMILAR.
A9: UND: | B9: M2
A11: MÃO-DE-OBRA
A12: CÓD. | B12: ORGÃO | C12: DESCRIÇÃO | F12: UND | G12: COEF | H12: R$ UNIT. | I12: R$ PARCIAL
A13: 88260 | B13: SINAPI | C13: CALCETEIRO COM ENCARGOS COMPLEMENTARES | F13: H | G13: 0.1595 | H13: 17.17 | I13: =G13*H13 -> 2.738615
A14: 88316 | B14: SINAPI | C14: SERVENTE COM ENCARGOS COMPLEMENTARES | F14: H | G14: 0.1595 | H14: 13.65 | I14: =G14*H14 -> 2.177175
C16: Obs.: Coeficientes baseados no item SINAPI - 93680 EXECUÇÃO DE PÁTIO/ESTACIONAMENTO EM PISO INTERTRAVADO, COM BLOCO RETANGULAR COLORIDO DE 20 X 10 CM, ESPESSURA 6 CM. AF_12/2015
A17: TOTAL A | I17: =SUM(I13:I14) -> 4.91579
A19: MATERIAIS/ SERVIÇOS
A20: CÓD. | B20: ORGÃO | C20: DESCRIÇÃO | F20: UND | G20: COEF | H20: R$ UNIT. | I20: R$ PARCIAL
A21: COTAÇÃO | B21: MERCADO | C21: PISO DRENANTE TIPO PLACA E SUPERFÍCIE ANTIDERRAPANTE, ACABAMENTO POROSO, ESPESSURA DE 6 CM, DIMENSOES DE 40 X 40 CM , COR GRAFITE , E RESISTÊNCIA A COMPRESSÃO MÍNIMA DE 20 MPA | F21: M2 | G21: 1 | H21: 58.92 | I21: =G21*H21 -> 58.92
A22: 370 | B22: SINAPI | C22: AREIA MEDIA - POSTO JAZIDA/FORNECEDOR (RETIRADO NA JAZIDA, SEM TRANSPORTE) | F22: M3 | G22: 0.05 | H22: 31.08 | I22: =G22*H22 -> 1.554
A23: 4741 | B23: SINAPI | C23: PO DE PEDRA (POSTO PEDREIRA/FORNECEDOR, SEM FRETE) | F23: M3 | G23: 0.1 | H23: 58.53 | I23: =G23*H23 -> 5.853
A26: TOTAL B | I26: =SUM(I21:I23) -> 66.327
A28: EQUIPAMENTOS
A29: CÓD. | B29: ORGÃO | C29: DESCRIÇÃO | F29: UND | G29: COEF | H29: R$ UNIT. | I29: R$ PARCIAL
A30: 91277 | B30: SINAPI | C30: PLACA VIBRATÓRIA REVERSÍVEL COM MOTOR 4 TEMPOS A GASOLINA, FORÇA CENTRÍFUGA DE 25 KN (2500 KGF), POTÊNCIA 5,5 CV - CHP DIURNO. AF_08/2015 | F30: CHP | G30: 0.0041 | H30: 4.7 | I30: =G30*H30 -> 0.01927
A31: 91278 | B31: SINAPI | C31: PLACA VIBRATÓRIA REVERSÍVEL COM MOTOR 4 TEMPOS A GASOLINA, FORÇA CENTRÍFUGA DE 25 KN (2500 KGF), POTÊNCIA 5,5 CV - CHI DIURNO. AF_08/2015 | F31: CHI | G31: 0.0757 | H31: 0.54 | I31: =G31*H31 -> 0.040878
A32: 91283 | B32: SINAPI | C32: CORTADORA DE PISO COM MOTOR 4 TEMPOS A GASOLINA, POTÊNCIA DE 13 HP, COM DISCO DE CORTE DIAMANTADO SEGMENTADO PARA CONCRETO, DIÂMETRO DE 350 MM, FURO DE 1" (14 X 1") - CHP DIURNO. AF_08/2015 | F32: CHP | G32: 0.0037 | H32: 10.07 | I32: =G32*H32 -> 0.037259
A33: 91285 | B33: SINAPI | C33: CORTADORA DE PISO COM MOTOR 4 TEMPOS A GASOLINA, POTÊNCIA DE 13 HP, COM DISCO DE CORTE DIAMANTADO SEGMENTADO PARA CONCRETO, DIÂMETRO DE 350 MM, FURO DE 1" (14 X 1") - CHI DIURNO. AF_08/2015 | F33: CHI | G33: 0.076 | H33: 0.68 | I33: =G33*H33 -> 0.05168
A36: TOTAL C | I36: =SUM(I30:I33) -> 0.149087
A38: RESUMO
A39: TOTAL A | I39: =I17 -> 4.91579
A40: TOTAL B | I40: =I26 -> 66.327
A41: TOTAL C | I41: =I36 -> 0.149087
A42: TOTAL D ( TOTAL A X LEIS SOCIAIS)
A43: TOTAL E (A+B+C) | I43: =SUM(I39:I41) -> 71.391877
A44: TOTAL F (BDI 26,54%) | I44: =I43*26.54% -> 18.947404
A45: PREÇO DE VENDA | I45: =I43+I44 -> 90.339281

Sheet COMP-06
A1: PREFEITURA MUNICIPAL DE JOÃO NEIVA SECRETARIA MUNICIPAL DE OBRAS E SERVIÇOS URBANOS
C4: Obra: REFORMA DA PRAÇA NOSSA SENHORA DO LÍBANO | G4: LS: | H4: BDI: | I4: Data-base
C5: Local: CENTRO - JOÃO NEIVA/ES | G5: 0.8954 | H5: 0.2654
A6: COMPOSIÇÃO ANALÍTICA DE PREÇO UNITÁRIO | I6: 43313
I7: COMP-06
A8: SERVIÇO: | B8: CANTEIRO TIPO 3, BANCO E MESA EM MADEIRA DE LEI E CANTEIRO EM BLOCO DE CONCRETO ESTRUTURAL, DIMENSÕES 14x19x29CM, CHEIO, CHAPISCADO E REBOCADO, COM APLICAÇÃO PINTURA ACRÍLICA, INCLUSIVE CANTEIRO DE PLANTAS COM CAMADA DE BRITA 2, AREIA GROSSA E TERRA, COM ESPESSURA DE 15 CM CADA, IMPERMEABILIZAÇÃO INTERNA COM IGOLFLEX, CONFORME DIMENSÕES INDICADAS EM PROJETO, INCLUSIVE PINTURA E VERNIZ NA MADEIRA
A9: UND: | B9: UND
A11: MÃO-DE-OBRA
A12: CÓD. | B12: ORGÃO | C12: DESCRIÇÃO | F12: UND | G12: COEF | H12: R$ UNIT. | I12: R$ PARCIAL
A13: 010146 | B13: IOPES | C13: SERVENTE | F13: H | G13: =0.45*(G21+G22+G23) -> 0.8064 | H13: 10.78 | I13: =G13*H13 -> 8.692992
A14: 88273 | B14: SINAPI | C14: MARCENEIRO COM ENCARGOS COMPLEMENTARES | F14: H | G14: =1.8*5.41 -> 9.738 | H14: 19.4 | I14: =G14*H14 -> 188.9172
A15: 88243 | B15: SINAPI | C15: AJUDANTE ESPECIALIZADO COM ENCARGOS COMPLEMENTARES | F15: H | G15: =1.5*5.41 -> 8.115 | H15: 16.25 | I15: =G15*H15 -> 131.86875
C16: Obs.: Coeficientes de mão de obra, baseados no item do IOPES 030211 - Reaterro de valas, exclusive compactação (Servente) e IOPES cód. 090101 - Estrutura de madeira de lei tipo Paraju, peroba mica, angelim pedra ou equivalente para telhado de telha cerâmica tipo capa e canal, com pontaletes, terças, caibros e ripas, inclusive tratamento com cupinicida, exclusive telhas (Marceneiro e Ajudante especializado) | G16: =coeficiente de referência * volume de material =coeficiente de referência *área do banco e mesa (para marceneiro e ajudante especializado)
A17: TOTAL A | I17: =SUM(I13:I15) -> 329.47894
A19: MATERIAIS/ SERVIÇOS
A20: CÓD. | B20: ORGÃO | C20: DESCRIÇÃO | F20: UND | G20: COEF | H20: R$ UNIT. | I20: R$ PARCIAL
A21: 6081 | B21: SINAPI | C21: ARGILA OU BARRO PARA ATERRO/REATERRO (COM TRANSPORTE ATE 10 KM) | F21: M3 | G21: =I60 -> 1.024 | H21: 28.48 | I21: =ROUND(G21*H21,2) -> 29.16
A22: 367 | B22: SINAPI | C22: AREIA GROSSA - POSTO JAZIDA/FORNECEDOR (RETIRADO NA JAZIDA, SEM TRANSPORTE) | F22: M3 | G22: =I63 -> 0.384 | H22: 59.81 | I22: =ROUND(G22*H22,2) -> 22.97
A23: 4718 | B23: SINAPI | C23: PEDRA BRITADA N. 2 (19 A 38 MM) POSTO PEDREIRA/FORNECEDOR, SEM FRETE | F23: M3 | G23: =I66 -> 0.384 | H23: 61.32 | I23: =ROUND(G23*H23,2) -> 23.55
A24: 93358 | B24: SINAPI | C24: ESCAVAÇÃO MANUAL DE VALA COM PROFUNDIDADE MENOR OU IGUAL A 1,30 M. AF_03/2016 | F24: M3 | G24: =I72 -> 0.57775 | H24: 53.99 | I24: =ROUND(G24*H24,2) -> 31.19
A25: 96616 | B25: SINAPI | C25: LASTRO DE CONCRETO MAGRO, APLICADO EM BLOCOS DE COROAMENTO OU SAPATAS.AF_08/2017 | F25: M3 | G25: =I75 -> 0.08 | H25: 370.85 | I25: =ROUND(G25*H25,2) -> 29.67
A26: 94965 | B26: SINAPI | C26: CONCRETO FCK = 25MPA, TRAÇO 1:2,3:2,7 (CIMENTO/ AREIA MÉDIA/ BRITA 1) - PREPARO MECÂNICO COM BETONEIRA 400 L. AF_07/2016 | F26: M3 | G26: =I80 -> 0.17775 | H26: 262.73 | I26: =ROUND(G26*H26,2) -> 46.7
C27: Obs.: Considerando base de concreto para bancos e mesa com profundidade de 0,15m
A28: 87894 | B28: SINAPI | C28: CHAPISCO APLICADO EM ALVENARIA (SEM PRESENÇA DE VÃOS) E ESTRUTURAS DE CONCRETO DE FACHADA, COM COLHER DE PEDREIRO. ARGAMASSA TRAÇO 1:3 COM PREPARO EM BETONEIRA 400L. AF_06/2014 | F28: M2 | G28: =H86 -> 15.28 | H28: 4.47 | I28: =ROUND(G28*H28,2) -> 68.3
A29: 120303 | B29: IOPES | C29: REBOCO TIPO PAULISTA DE ARGAMASSA DE CIMENTO, CAL HIDRATADA CH1 E AREIA MÉDIA OU GROSSA LAVADA NO TRAÇO 1:0.5:6, ESPESSURA 25 MM | F29: M2 | G29: =H89 -> 15.28 | H29: 36.29 | I29: =ROUND(G29*H29,2) -> 554.51
A30: 100203 | B30: IOPES | C30: PINTURA IMPERMEABILIZANTE COM IGOLFLEX OU EQUIVALENTE A 3 DEMÃOS | F30: M2 | G30: =H92 -> 6.08 | H30: 30.69 | I30: =ROUND(G30*H30,2) -> 186.6
A31: 79500/002 | B31: SINAPI | C31: PINTURA ACRILICA EM PISO CIMENTADO, TRES DEMAOS | F31: M2 | G31: =H95+H96 -> 9.2 | H31: 16.82 | I31: =ROUND(G31*H31,2) -> 154.74
A32: 20213 | B32: SINAPI | C32: VIGA DE MADEIRA APARELHADA *6 X 12* CM, MACARANDUBA, ANGELIM OU EQUIVALENTE DA REGIAO | F32: M | G32: =G106 -> 23.92 | H32: 17.21 | I32: =ROUND(G32*H32,2) -> 411.66
A33: 20204 | B33: SINAPI | C33: PRANCHAO DE MADEIRA APARELHADA *7,5 X 23* CM (3 X 9") MACARANDUBA, ANGELIM OU EQUIVALENTE DA REGIAO | F33: M | G33: =G114 -> 26.2 | H33: 60.14 | I33: =ROUND(G33*H33,2) -> 1575.67
A34: 40839 | B34: SINAPI | C34: PARAFUSO, ASTM A307 - GRAU A, SEXTAVADO, ZINCADO, DIAMETRO 3/8" (9,52 MM), COMPRIMENTO 1 " (25,4 MM) | F34: CENTO | G34: 0.72 | H34: 31.38 | I34: =ROUND(G34*H34,2) -> 22.59
A35: 79466 | B35: SINAPI | C35: PINTURA COM VERNIZ POLIURETANO, 2 DEMAOS | F35: M2 | G35: =H133 -> 25.6552 | H35: 15.74 | I35: =ROUND(G35*H35,2) -> 403.81
A36: 89483 | B36: SINAPI | C36: ALVENARIA DE BLOCOS DE CONCRETO ESTRUTURAL 14X19X29 CM, (ESPESSURA 14 CM) FBK = 14,0 MPA, PARA PAREDES COM ÁREA LÍQUIDA MAIOR OU IGUAL A 6M², SEM VÃOS, UTILIZANDO COLHER DE PEDREIRO. AF_12/2014 | F36: M2 | G36: =H138 -> 8.28 | H36: 77.43 | I36: =G36*H36 -> 641.1204
A38: TOTAL B | I38: =SUM(I21:I36) -> 4202.2404
A40: EQUIPAMENTOS
A41: CÓD. | B41: ORGÃO | C41: DESCRIÇÃO | F41: UND | G41: COEF | H41: R$ UNIT. | I41: R$ PARCIAL
A45: TOTAL C
A47: RESUMO
A48: TOTAL A | I48: =I17 -> 329.47894
A49: TOTAL B | I49: =I38 -> 4202.2404
A50: TOTAL C
A51: TOTAL D ( TOTAL A X LEIS SOCIAIS)
A52: TOTAL E (A+B+C) | I52: =I48+I49 -> 4531.7193
A53: TOTAL F (BDI 26,54%) | I53: =I52*26.54% -> 1202.7183
A54: PREÇO DE VENDA | I54: =I52+I53 -> 5734.4377
A58: MEMÓRIA DE CÁLCULO CANTEIRO TIPO 3 (COMP-06)
A59: ARGILA OU BARRO PARA ATERRO/REATERRO (COM TRANSPORTE ATE 10 KM) | D59: Qtd | E59: L (m) | F59: C (m) | G59: H (m) | H59: Área (m2) | I59: Volume (m3)
A60: Ver detalhe abaixo | E60: 1.6 | F60: 1.6 | G60: 0.4 | I60: =E60*F60*G60 -> 1.024
A62: AREIA GROSSA - POSTO JAZIDA/FORNECEDOR (RETIRADO NA JAZIDA, SEM TRANSPORTE) | D62: Qtd | E62: L (m) | F62: C (m) | G62: H (m) | H62: Área (m2) | I62: Volume (m3)
E63: 1.6 | F63: 1.6 | G63: 0.15 | I63: =E63*F63*G63 -> 0.384
A65: PEDRA BRITADA N. 2 (19 A 38 MM) POSTO PEDREIRA/FORNECEDOR, SEM FRETE | D65: Qtd | E65: L (m) | F65: C (m) | G65: H (m) | H65: Área (m2) | I65: Volume (m3)
E66: 1.6 | F66: 1.6 | G66: 0.15 | I66: =E66*F66*G66 -> 0.384
A68: ESCAVAÇÃO MANUAL DE VALA COM PROFUNDIDADE MENOR OU IGUAL A 1,30 M. AF_03/2016 | D68: Qtd | E68: L (m) | F68: C (m) | G68: H (m) | H68: Área (m2) | I68: Volume (m3)
A69: Canteiro | D69: 1 | E69: 0.25 | F69: =2*4 -> 8 | G69: 0.2 | I69: =E69*F69*G69 -> 0.4
A70: Base de concreto para pés dos bancos | D70: 12 | E70: 0.5 | F70: 0.15 | G70: 0.15 | I70: =D70*E70*F70*G70 -> 0.135
A71: Base de concreto para pés das mesas | D71: 2 | E71: 0.95 | F71: 0.15 | G71: 0.15 | I71: =D71*E71*F71*G71 -> 0.04275
H72: Total | I72: =SUM(I69:I71) -> 0.57775
A74: LASTRO DE CONCRETO MAGRO, APLICADO EM BLOCOS DE COROAMENTO OU SAPATAS.AF_08/2017 | D74: Qtd | E74: L (m) | F74: C (m) | G74: H (m) | H74: Área (m2) | I74: Volume (m3)
A75: Canteiro | D75: 1 | E75: 0.2 | F75: =2*4 -> 8 | G75: 0.05 | I75: =D75*E75*F75*G75 -> 0.08
A77: CONCRETO FCK = 25MPA, TRAÇO 1:2,3:2,7 (CIMENTO/ AREIA MÉDIA/ BRITA 1) - PREPARO MECÂNICO COM BETONEIRA 400 L. AF_07/2016 | D77: Qtd | E77: L (m) | F77: C (m) | G77: H (m) | H77: Área (m2) | I77: Volume (m3)
A78: Base de concreto para pés dos bancos | D78: 12 | E78: 0.5 | F78: 0.15 | G78: 0.15 | I78: =D78*E78*F78*G78 -> 0.135
A79: Base de concreto para pés das mesas | D79: 2 | E79: 0.95 | F79: 0.15 | G79: 0.15 | I79: =D79*E79*F79*G79 -> 0.04275
H80: Total | I80: =SUM(I78:I79) -> 0.17775
A82: CHAPISCO APLICADO EM ALVENARIA (SEM PRESENÇA DE VÃOS) E ESTRUTURAS DE CONCRETO DE FACHADA, COM COLHER DE PEDREIRO. ARGAMASSA TRAÇO 1:3 COM PREPARO EM BETONEIRA 400L. AF_06/2014 | D82: Qtd | E82: L (m) | F82: C (m) | G82: H (m) | H82: Área (m2) | I82: Volume (m3)
A83: Perímetro canteiro externo | D83: 4 | F83: 2 | G83: 0.95 | H83: =D83*F83*G83 -> 7.6
A84: Perímetro canteiro interno | D84: 4 | F84: 1.6 | G84: 0.95 | H84: =D84*F84*G84 -> 6.08
A85: Perímetro canteiro superior | D85: 1 | E85: 0.2 | F85: =2*4 -> 8 | H85: =D85*E85*F85 -> 1.6
G86: Total | H86: =SUM(H83:H85) -> 15.28
A88: REBOCO TIPO PAULISTA DE ARGAMASSA DE CIMENTO, CAL HIDRATADA CH1 E AREIA MÉDIA OU GROSSA LAVADA NO TRAÇO 1:0.5:6, ESPESSURA 25 MM | D88: Qtd | E88: L (m) | F88: C (m) | G88: H (m) | H88: Área (m2) | I88: Volume (m3)
A89: Área de reboco = Área de chapisco | H89: =H86 -> 15.28
A91: PINTURA IMPERMEABILIZANTE COM IGOLFLEX OU EQUIVALENTE A 3 DEMÃOS | D91: Qtd | E91: L (m) | F91: C (m) | G91: H (m) | H91: Área (m2) | I91: Volume (m3)
A92: Pintura impermeabilizante para a parte interna do canteiro | D92: 4 | F92: 1.6 | G92: 0.95 | H92: =D92*F92*G92 -> 6.08
A94: PINTURA ACRILICA EM PISO CIMENTADO, TRES DEMAOS | D94: Qtd | E94: L (m) | F94: C (m) | G94: H (m) | H94: Área (m2) | I94: Volume (m3)
A95: Pintura acrílica na parte externa do canteiro | D95: 4 | F95: 2 | G95: 0.95 | H95: =D95*F95*G95 -> 7.6
A96: Perímetro canteiro superior | D96: 1 | E96: 0.2 | F96: =2*4 -> 8 | H96: =D96*E96*F96 -> 1.6
A98: VIGA DE MADEIRA APARELHADA *6 X 12* CM, MACARANDUBA, ANGELIM OU EQUIVALENTE DA REGIAO | D98: Qtd | E98: L (m) | F98: C (m) | G98: H (m) | H98: Área (m2) | I98: Volume (m3)
A99: Pés/Mesa | D99: 4 | F99: 0.7 | G99: =D99*F99 -> 2.8
A100: Pés/Mesa | D100: 2 | F100: 1.65 | G100: =D100*F100 -> 3.3
A101: Pés/Mesa | D101: 3 | F101: 0.82 | G101: =D101*F101 -> 2.46
A102: Pés/Banco da mesa | D102: 12 | F102: 0.48 | G102: =D102*F102 -> 5.76
D103: 6 | F103: 0.32 | G103: =D103*F103 -> 1.92
A104: Pés/Banco | D104: 6 | F104: 0.32 | G104: =D104*F104 -> 1.92
D105: 12 | F105: 0.48 | G105: =D105*F105 -> 5.76
F106: Total | G106: =SUM(G99:G105) -> 23.92
A108: PRANCHAO DE MADEIRA APARELHADA *7,5 X 23* CM (3 X 9") MACARANDUBA, ANGELIM OU EQUIVALENTE DA REGIAO | D108: Qtd | E108: L (m) | F108: C (m) | G108: Comp. Total(m) | H108: Área (m2) | I108: Volume (m3)
A109: Tampo/Mesa | D109: 4 | F109: 1.7 | G109: =D109*F109 -> 6.8
A110: Assento/Banco da mesa | D110: 2 | F110: 2.4 | G110: =D110*F110 -> 4.8
D111: 2 | F111: 2.6 | G111: =D111*F111 -> 5.2
A112: Assento/Banco | D112: 2 | F112: 2.3 | G112: =D112*F112 -> 4.6
D113: 2 | F113: 2.4 | G113: =D113*F113 -> 4.8
F114: Total | G114: =SUM(G109:G113) -> 26.2
A116: PARAFUSO, ASTM A307 - GRAU A, SEXTAVADO, ZINCADO, DIAMETRO 3/8" (9,52 MM), COMPRIMENTO 1 " (25,4 MM) | D116: Qtd | E116: L (m) | F116: C (m) | G116: H (m) | H116: Área (m2) | I116: Volume (m3)
A117: Parafusos para fixação das peças de madeira | D117: 72
A119: PINTURA COM VERNIZ POLIURETANO, 2 DEMAOS | D119: Qtd | E119: L (m) | F119: C (m) | G119: H (m) | H119: Área (m2) | I119: Volume (m3)
A120: Madeira dimensões 6x12 | D120: =12+12 -> 24 | F120: 0.48 | H120: =D120*(0.06*2+0.12*2)*F120 -> 4.1472
D121: =6+6 -> 12 | F121: 0.32 | H121: =D121*(0.06*2+0.12*2)*F121 -> 1.3824
D122: 4 | F122: 0.7 | H122: =D122*(0.06*2+0.12*2)*F122 -> 1.008
D123: 2 | F123: 1.65 | H123: =D123*(0.06*2+0.12*2)*F123 -> 1.188
D124: 3 | F124: 0.82 | H124: =D124*(0.06*2+0.12*2)*F124 -> 0.8856
A126: Madeira dimensões 7,5x23 | D126: 4 | F126: 1.7 | H126: =D126*(0.075*2+0.23*2)*F126 -> 4.148
D127: 4 | F127: 2.4 | H127: =D127*(0.075*2+0.23*2)*F127 -> 5.856
...

Sheet COMP-07
A1: PREFEITURA MUNICIPAL DE JOÃO NEIVA SECRETARIA MUNICIPAL DE OBRAS E SERVIÇOS URBANOS
C4: Obra: REFORMA DA PRAÇA NOSSA SENHORA DO LÍBANO | G4: LS: | H4: BDI: | I4: Data-base
C5: Local: CENTRO - JOÃO NEIVA/ES | G5: 0.8954 | H5: 0.2654
A6: COMPOSIÇÃO ANALÍTICA DE PREÇO UNITÁRIO | I6: 43313
I7: COMP-07
A8: SERVIÇO: | B8: CANTEIRO TIPO 4, CONSTRUÍDO EM BLOCO DE CONCRETO ESTRUTURAL, CHEIO, DIMENSÕES 14x19x29CM, CHAPISCADO E REBOCADO, APLICAÇÃO DE PINTURA ACRÍLICA, INCLUSIVE CANTEIRO DE PLANTAS IMPERMEABILIZADO INTERNAMENTE COM IGOLFLEX, NAS DIMENSÕES INDICADAS EM PROJETO, FUNDAÇÃO (ESCAVAÇÃO, REATERRO)
A9: UND: | B9: UND
A11: MÃO-DE-OBRA
A12: CÓD. | B12: ORGÃO | C12: DESCRIÇÃO | F12: UND | G12: COEF | H12: R$ UNIT. | I12: R$ PARCIAL
A16: TOTAL A
A18: MATERIAIS/ SERVIÇOS
A19: CÓD. | B19: ORGÃO | C19: DESCRIÇÃO | F19: UND | G19: COEF | H19: R$ UNIT. | I19: R$ PARCIAL
A20: 93358 | B20: SINAPI | C20: ESCAVAÇÃO MANUAL DE VALA COM PROFUNDIDADE MENOR OU IGUAL A 1,30 M. AF_03/2016 | F20: M3 | G20: 0.4 | H20: 53.99 | I20: =ROUND(G20*H20,2) -> 21.6
A21: 96616 | B21: SINAPI | C21: LASTRO DE CONCRETO MAGRO, APLICADO EM BLOCOS DE COROAMENTO OU SAPATAS.AF_08/2017 | F21: M3 | G21: 0.075 | H21: 370.85 | I21: =ROUND(G21*H21,2) -> 27.81
A22: 89483 | B22: SINAPI | C22: ALVENARIA DE BLOCOS DE CONCRETO ESTRUTURAL 14X19X29 CM, (ESPESSURA 14 CM) FBK = 14,0 MPA, PARA PAREDES COM ÁREA LÍQUIDA MAIOR OU IGUAL A 6M², SEM VÃOS, UTILIZANDO COLHER DE PEDREIRO. AF_12/2014 | F22: M2 | G22: 9.5 | H22: 77.43 | I22: =ROUND(G22*H22,2) -> 735.59
A23: 87894 | B23: SINAPI | C23: CHAPISCO APLICADO EM ALVENARIA (SEM PRESENÇA DE VÃOS) E ESTRUTURAS DE CONCRETO DE FACHADA, COM COLHER DE PEDREIRO. ARGAMASSA TRAÇO 1:3 COM PREPARO EM BETONEIRA 400L. AF_06/2014 | F23: M2 | G23: 20.5 | H23: 4.47 | I23: =ROUND(G23*H23,2) -> 91.64 | K23: ALVENARIA
A24: 120303 | B24: IOPES | C24: REBOCO TIPO PAULISTA DE ARGAMASSA DE CIMENTO, CAL HIDRATADA CH1 E AREIA MÉDIA OU GROSSA LAVADA NO TRAÇO 1:0.5:6, ESPESSURA 25 MM | F24: M2 | G24: 20.5 | H24: 36.29 | I24: =ROUND(G24*H24,2) -> 743.95 | K24: 0.95 | L24: 2.5 | M24: 2.5
A25: 100203 | B25: IOPES | C25: PINTURA IMPERMEABILIZANTE COM IGOLFLEX OU EQUIVALENTE A 3 DEMÃOS | F25: M2 | G25: 9.5 | H25: 30.69 | I25: =ROUND(G25*H25,2) -> 291.56 | K25: =(L24*4)*0.95 -> 9.5
A26: 79500/002 | B26: SINAPI | C26: PINTURA ACRILICA EM PISO CIMENTADO, TRES DEMAOS | F26: M2 | G26: 11 | H26: 16.82 | I26: =ROUND(G26*H26,2) -> 185.02
K27: ESCAVAÇÃO
K28: 0.15 | L28: 0.2 | M28: =2.5*4 -> 10
A29: TOTAL B | I29: =SUM(I20:I26) -> 2097.17 | K29: =K28*L28*M28 -> 0.3
A31: EQUIPAMENTOS | K31: CONCRETO MAGRO
A32: CÓD. | B32: ORGÃO | C32: DESCRIÇÃO | F32: UND | G32: COEF | H32: R$ UNIT. | I32: R$ PARCIAL | K32: 0.15 | L32: 0.05 | M32: =2.5*4 -> 10
K33: =K32*L32*M32 -> 0.075
A35: TOTAL C | K35: CHAPISCO/REBOCO
K36: 0.95 | L36: 2.5 | M36: 2.5
A37: RESUMO | K37: =(K36*(L36*4))*2 -> 19
A38: TOTAL A | K38: 0.15 | L38: =2.5*4 -> 10
A39: TOTAL B | I39: =I29 -> 2097.17 | K39: =K38*L38 -> 1.5
A40: TOTAL C | K40: TOTAL | L40: =K37+K39 -> 20.5
A41: TOTAL D ( TOTAL A X LEIS SOCIAIS)
A42: TOTAL E (A+B+C) | I42: =I39 -> 2097.17 | K42: PINTURA IGOLFLEX
A43: TOTAL F (BDI 26,54%) | I43: =I42*26.54% -> 556.58892 | K43: 0.95 | L43: 2.5 | M43: 4
A44: PREÇO DE VENDA | I44: =I42+I43 -> 2653.7589 | K44: =K43*(L43*M43) -> 9.5
K46: PINTURA ACRILICA
K47: 0.95 | L47: 2.5 | M47: 4
K48: 0.15 | L48: 10
K49: =(K47*(L47*M47))+(K48*L48) -> 11

Sheet COMP-08
A1: PREFEITURA MUNICIPAL DE JOÃO NEIVA SECRETARIA MUNICIPAL DE OBRAS E SERVIÇOS URBANOS
C4: Obra: REFORMA DA PRAÇA NOSSA SENHORA DO LÍBANO | G4: LS: | H4: BDI: | I4: Data-base
C5: Local: CENTRO - JOÃO NEIVA/ES | G5: 0.8954 | H5: 0.2654
A6: COMPOSIÇÃO ANALÍTICA DE PREÇO UNITÁRIO | I6: 43313
I7: COMP-08
A8: SERVIÇO: | B8: CANTEIRO TIPO 5, COM BANCOS CONSTRUÍDOS EM CONCRETO ARMADO, COM ACABAMENTO EM CONCRETO APARENTE E ALVENARIA DE BLOCOS DE CONCRETO CHAPISCADOS E REBOCADOS, COM PINTURA IMPERMEABILIZANTE HIDROFUGANTE E PINTURA ACRÍLICA 3 DEMÃOS, INCLUSIVE CANTEIRO DE PLANTAS COM CAMADA DE BRITA 2, AREIA GROSSA E TERRA, COM ESPESSURA DE 15 CM CADA, IMPERMEABILIZAÇÃO INTERNA COM IGOLFLEX, NAS DIMENSÕES INDICADAS EM PROJETO, FUNDAÇÃO (ESCAVAÇÃO, REATERRO), CONFORME PROJETO
A9: UND: | B9: UND
A11: MÃO-DE-OBRA
A12: CÓD. | B12: ORGÃO | C12: DESCRIÇÃO | F12: UND | G12: COEF | H12: R$ UNIT. | I12: R$ PARCIAL
A13: 010146 | B13: IOPES | C13: SERVENTE | F13: H | G13: =0.45*(G20+G21+G22) -> 1.12995 | H13: 10.78 | I13: =G13*H13 -> 12.180861
C14: Obs.: Coeficientes de mão de obra, baseados no item do IOPES 030211 - Reaterro de valas, exclusive compactação (Servente) | G14: =coeficiente de referência * volume de material
A16: TOTAL A | I16: =SUM(I13) -> 12.180861
A18: MATERIAIS/ SERVIÇOS
A19: CÓD. | B19: ORGÃO | C19: DESCRIÇÃO | F19: UND | G19: COEF | H19: R$ UNIT. | I19: R$ PARCIAL
A20: 6081 | B20: SINAPI | C20: ARGILA OU BARRO PARA ATERRO/REATERRO (COM TRANSPORTE ATE 10 KM) | F20: M3 | G20: =I61 -> 0.837 | H20: 28.48 | I20: =ROUND(G20*H20,2) -> 23.84
A21: 367 | B21: SINAPI | C21: AREIA GROSSA - POSTO JAZIDA/FORNECEDOR (RETIRADO NA JAZIDA, SEM TRANSPORTE) | F21: M3 | G21: =I64 -> 0.837 | H21: 59.81 | I21: =ROUND(G21*H21,2) -> 50.06
A22: 4718 | B22: SINAPI | C22: PEDRA BRITADA N. 2 (19 A 38 MM) POSTO PEDREIRA/FORNECEDOR, SEM FRETE | F22: M3 | G22: =I67 -> 0.837 | H22: 61.32 | I22: =ROUND(G22*H22,2) -> 51.32
A23: 93358 | B23: SINAPI | C23: ESCAVAÇÃO MANUAL DE VALA COM PROFUNDIDADE MENOR OU IGUAL A 1,30 M. AF_03/2016 | F23: M3 | G23: =I73 -> 1.6335 | H23: 53.99 | I23: =ROUND(G23*H23,2) -> 88.19
A24: 96995 | B24: SINAPI | C24: REATERRO MANUAL APILOADO COM SOQUETE. AF_10/2017 | F24: M3 | G24: =I76 -> 0.819 | H24: 32.74 | I24: =ROUND(G24*H24,2) -> 26.81
A25: 96616 | B25: SINAPI | C25: LASTRO DE CONCRETO MAGRO, APLICADO EM BLOCOS DE COROAMENTO OU SAPATAS.AF_08/2017 | F25: M3 | G25: =I83 -> 0.1485 | H25: 370.85 | I25: =ROUND(G25*H25,2) -> 55.07
A26: 92434 | B26: SINAPI | C26: MONTAGEM E DESMONTAGEM DE FÔRMA DE PILARES RETANGULARES E ESTRUTURAS SIMILARES COM ÁREA MÉDIA DAS SEÇÕES MENOR OU IGUAL A 0,25 M², PÉ-DIREITO SIMPLES, EM CHAPA DE MADEIRA COMPENSADA PLASTIFICADA, 12 UTILIZAÇÕES. AF_12/2015 | F26: M2 | G26: =I92 -> 19.13 | H26: 37.2 | I26: =ROUND(G26*H26,2) -> 711.64
A27: 92778 | B27: SINAPI | C27: ARMAÇÃO DE PILAR OU VIGA DE UMA ESTRUTURA CONVENCIONAL DE CONCRETO ARMADO EM UMA EDIFICAÇÃO TÉRREA OU SOBRADO UTILIZANDO AÇO CA-50 DE 10,0 MM - MONTAGEM. AF_12/2015 | F27: KG | G27: =I95 -> 28.1 | H27: 7.73 | I27: =ROUND(G27*H27,2) -> 217.21
A28: 92777 | B28: SINAPI | C28: ARMAÇÃO DE PILAR OU VIGA DE UMA ESTRUTURA CONVENCIONAL DE CONCRETO ARMADO EM UMA EDIFICAÇÃO TÉRREA OU SOBRADO UTILIZANDO AÇO CA-50 DE 8,0 MM - MONTAGEM. AF_12/2015 | F28: KG | G28: =I98 -> 24.6 | H28: 9.57 | I28: =ROUND(G28*H28,2) -> 235.42
A29: 92776 | B29: SINAPI | C29: ARMAÇÃO DE PILAR OU VIGA DE UMA ESTRUTURA CONVENCIONAL DE CONCRETO ARMADO EM UMA EDIFICAÇÃO TÉRREA OU SOBRADO UTILIZANDO AÇO CA-50 DE 6,3 MM- MONTAGEM. AF_12/2015 | F29: KG | G29: =I101 -> 34.2 | H29: 10.08 | I29: =ROUND(G29*H29,2) -> 344.74
A30: 92775 | B30: SINAPI | C30: ARMAÇÃO DE PILAR OU VIGA DE UMA ESTRUTURA CONVENCIONAL DE CONCRETO ARMADO EM UMA EDIFICAÇÃO TÉRREA OU SOBRADO UTILIZANDO AÇO CA-60 DE 5,0 MM - MONTAGEM. AF_12/2015 | F30: KG | G30: =I104 -> 48.3 | H30: 11.71 | I30: =ROUND(G30*H30,2) -> 565.59
A31: 92718 | B31: SINAPI | C31: CONCRETAGEM DE PILARES, FCK = 25 MPA, COM USO DE BALDES EM EDIFICAÇÃO COM SEÇÃO MÉDIA DE PILARES MENOR OU IGUAL A 0,25 M² - LANÇAMENTO, ADENSAMENTO E ACABAMENTO. AF_12/2015 | F31: M3 | G31: =I114 -> 2.1735 | H31: 418.06 | I31: =ROUND(G31*H31,2) -> 908.65
A32: 89483 | B32: SINAPI | C32: ALVENARIA DE BLOCOS DE CONCRETO ESTRUTURAL 14X19X29 CM, (ESPESSURA 14 CM) FBK = 14,0 MPA, PARA PAREDES COM ÁREA LÍQUIDA MAIOR OU IGUAL A 6M², SEM VÃOS, UTILIZANDO COLHER DE PEDREIRO. AF_12/2014 | F32: M2 | G32: =H121 -> 7.095 | H32: 77.43 | I32: =ROUND(G32*H32,2) -> 549.37
C33: Obs.: Os blocos deverão ser assentados deitados
A34: 87894 | B34: SINAPI | C34: CHAPISCO APLICADO EM ALVENARIA (SEM PRESENÇA DE VÃOS) E ESTRUTURAS DE CONCRETO DE FACHADA, COM COLHER DE PEDREIRO. ARGAMASSA TRAÇO 1:3 COM PREPARO EM BETONEIRA 400L. AF_06/2014 | F34: M2 | G34: =I130 -> 24.56 | H34: 4.47 | I34: =ROUND(G34*H34,2) -> 109.78
A35: 120303 | B35: IOPES | C35: REBOCO TIPO PAULISTA DE ARGAMASSA DE CIMENTO, CAL HIDRATADA CH1 E AREIA MÉDIA OU GROSSA LAVADA NO TRAÇO 1:0.5:6, ESPESSURA 25 MM | F35: M2 | G35: =H133 -> 24.56 | H35: 36.29 | I35: =ROUND(G35*H35,2) -> 891.28
A36: 73978/001 | B36: SINAPI | C36: PINTURA HIDROFUGANTE COM SILICONE SOBRE PISO CIMENTADO, UMA DEMAO | F36: M2 | G36: =H136 -> 6.52 | H36: 15.45 | I36: =ROUND(G36*H36,2) -> 100.73
A37: 100203 | B37: IOPES | C37: PINTURA IMPERMEABILIZANTE COM IGOLFLEX OU EQUIVALENTE A 3 DEMÃOS | F37: M2 | G37: =I141 -> 11.2 | H37: 30.69 | I37: =ROUND(G37*H37,2) -> 343.73
A38: 79500/002 | B38: SINAPI | C38: PINTURA ACRILICA EM PISO CIMENTADO, TRES DEMAOS | F38: M2 | G38: =I149 -> 18.32 | H38: 16.82 | I38: =ROUND(G38*H38,2) -> 308.14
C39: Ver projeto do canteiro tipo 5
A40: TOTAL B | I40: =SUM(I20:I38) -> 5581.57
A42: EQUIPAMENTOS
A43: CÓD. | B43: ORGÃO | C43: DESCRIÇÃO | F43: UND | G43: COEF | H43: R$ UNIT. | I43: R$ PARCIAL
A46: TOTAL C
A48: RESUMO
A49: TOTAL A | I49: =I16 -> 12.180861
A50: TOTAL B | I50: =I40 -> 5581.57
A51: TOTAL C
A52: TOTAL D ( TOTAL A X LEIS SOCIAIS)
A53: TOTAL E (A+B+C) | I53: =I49+I50 -> 5593.7509
A54: TOTAL F (BDI 26,54%) | I54: =I53*26.54% -> 1484.5815
A55: PREÇO DE VENDA | I55: =I53+I54 -> 7078.3323
A59: MEMÓRIA DE CÁLCULO CANTEIRO TIPO 3 (COMP-06)
A60: ARGILA OU BARRO PARA ATERRO/REATERRO (COM TRANSPORTE ATE 10 KM) | D60: Qtd | E60: L (m) | F60: C (m) | G60: H (m) | H60: Área (m2) | I60: Volume (m3)
D61: 2 | E61: 0.9 | F61: 3.1 | G61: 0.15 | I61: =E61*F61*G61*D61 -> 0.837
A63: AREIA GROSSA - POSTO JAZIDA/FORNECEDOR (RETIRADO NA JAZIDA, SEM TRANSPORTE) | D63: Qtd | E63: L (m) | F63: C (m) | G63: H (m) | H63: Área (m2) | I63: Volume (m3)
D64: 2 | E64: 0.9 | F64: 3.1 | G64: 0.15 | I64: =E64*F64*G64*D64 -> 0.837
A66: PEDRA BRITADA N. 2 (19 A 38 MM) POSTO PEDREIRA/FORNECEDOR, SEM FRETE | D66: Qtd | E66: L (m) | F66: C (m) | G66: H (m) | H66: Área (m2) | I66: Volume (m3)
D67: 2 | E67: 0.9 | F67: 3.1 | G67: 0.15 | I67: =E67*F67*G67*D67 -> 0.837
A69: ESCAVAÇÃO MANUAL DE VALA COM PROFUNDIDADE MENOR OU IGUAL A 1,30 M. AF_03/2016 | D69: Qtd | E69: L (m) | F69: C (m) | G69: H (m) | H69: Área (m2) | I69: Volume (m3)
A70: Conforme projeto estrutural
A71: S1=S3=S4=S6 | D71: 4 | E71: 0.75 | F71: 0.75 | G71: 0.55 | I71: =D71*E71*F71*G71 -> 1.2375
A72: S2=S5 | D72: 2 | E72: 0.6 | F72: 0.6 | G72: 0.55 | I72: =D72*E72*F72*G72 -> 0.396
H73: Total | I73: =SUM(I71:I72) -> 1.6335
A75: REATERRO MANUAL APILOADO COM SOQUETE. AF_10/2017 | D75: Qtd | E75: L (m) | F75: C (m) | G75: H (m) | H75: Área (m2) | I75: Volume (m3)
A76: Volume de reaterro = Volume escavado - volume de concretagem (sapatas + pilaretes) | I76: =I77-I78 -> 0.819
A77: Volume escavado | I77: =I73 -> 1.6335
A78: Volume concretado (sapatas + pilaretes) | I78: =I107+I108+I109 -> 0.8145
A80: LASTRO DE CONCRETO MAGRO, APLICADO EM BLOCOS DE COROAMENTO OU SAPATAS.AF_08/2017 | D80: Qtd | E80: L (m) | F80: C (m) | G80: H (m) | H80: Área (m2) | I80: Volume (m3)
A81: S1=S3=S4=S6 | D81: 4 | E81: 0.75 | F81: 0.75 | G81: 0.05 | I81: =D81*E81*F81*G81 -> 0.1125
A82: S2=S5 | D82: 2 | E82: 0.6 | F82: 0.6 | G82: 0.05 | I82: =D82*E82*F82*G82 -> 0.036
H83: Total | I83: =SUM(I81:I82) -> 0.1485
A85: MONTAGEM E DESMONTAGEM DE FÔRMA DE PILARES RETANGULARES E ESTRUTURAS SIMILARES COM ÁREA MÉDIA DAS SEÇÕES MENOR OU IGUAL A 0,25 M², PÉ-DIREITO SIMPLES, EM CHAPA DE MADEIRA COMPENSADA PLASTIFICADA, 12 UTILIZAÇÕES. AF_12/2015 | D85: Qtd | E85: L (m) | F85: C (m) | G85: H (m) | H85: Área (m2) | I85: Volume (m3)
A87: FORMA | B87: A(m) | C87: B(m) | D87: C(m) | E87: D(m) | F87: COMP(m) | G87: ÁREA | H87: QUANT | I87: TOTAL(m²)
A88: PILARES | B88: 0.2 | C88: 0.2 | D88: 0.2 | E88: 0.2 | F88: 0.75 | G88: =(B88+C88+D88+E88)*F88 -> 0.6 | H88: 6 | I88: =H88*G88 -> 3.6
A89: VIGAS V3=V4=V5 | B89: 0.25 | C89: 0.25 | D89: 0.2 | F89: 0.9 | G89: =(B89+C89+D89+E89)*F89 -> 0.63 | H89: 3 | I89: =H89*G89 -> 1.89
A90: LAJE L1=L2=L3=L4 E VIGAS V1=V2 | B90: 0.6 | C90: 0.25 | D90: 0.25 | F90: 3.1 | G90: =(B90+C90+D90+E90)*F90 -> 3.41 | H90: 4 | I90: =H90*G90 -> 13.64
G92: TOTAL | I92: =SUM(I88:I90) -> 19.13
A94: ARMAÇÃO DE PILAR OU VIGA DE UMA ESTRUTURA CONVENCIONAL DE CONCRETO ARMADO EM UMA EDIFICAÇÃO TÉRREA OU SOBRADO UTILIZANDO AÇO CA-50 DE 10,0 MM - MONTAGEM. AF_12/2015 | D94: Qtd | E94: L (m) | F94: C (m) | G94: H (m) | H94: Área (m2) | I94: KG
A95: Conforme projeto estrutural (gerado automaticamente pelo programa) | I95: 28.1
A97: ARMAÇÃO DE PILAR OU VIGA DE UMA ESTRUTURA CONVENCIONAL DE CONCRETO ARMADO EM UMA EDIFICAÇÃO TÉRREA OU SOBRADO UTILIZANDO AÇO CA-50 DE 8,0 MM - MONTAGEM. AF_12/2015 | D97: Qtd | E97: L (m) | F97: C (m) | G97: H (m) | H97: Área (m2) | I97: KG
A98: Conforme projeto estrutural (gerado automaticamente pelo programa) | I98: 24.6
A100: ARMAÇÃO DE PILAR OU VIGA DE UMA ESTRUTURA CONVENCIONAL DE CONCRETO ARMADO EM UMA EDIFICAÇÃO TÉRREA OU SOBRADO UTILIZANDO AÇO CA-50 DE 6,3 MM- MONTAGEM. AF_12/2015 | D100: Qtd | E100: L (m) | F100: C (m) | G100: H (m) | H100: Área (m2) | I100: KG
A101: Conforme projeto estrutural (gerado automaticamente pelo programa) | I101: 34.2
A103: ARMAÇÃO DE PILAR OU VIGA DE UMA ESTRUTURA CONVENCIONAL DE CONCRETO ARMADO EM UMA EDIFICAÇÃO TÉRREA OU SOBRADO UTILIZANDO AÇO CA-60 DE 5,0 MM - MONTAGEM. AF_12/2015 | D103: Qtd | E103: L (m) | F103: C (m) | G103: H (m) | H103: Área (m2) | I103: KG
A104: Conforme projeto estrutural (gerado automaticamente pelo programa) | I104: 48.3
A106: CONCRETAGEM DE PILARES, FCK = 25 MPA, COM USO DE BALDES EM EDIFICAÇÃO COM SEÇÃO MÉDIA DE PILARES MENOR OU IGUAL A 0,25 M² - LANÇAMENTO, ADENSAMENTO E ACABAMENTO. AF_12/2015 | D106: Qtd | E106: L (m) | F106: C (m) | G106: H (m) | H106: Área (m2) | I106: Volume (m3)
A107: Sapatas S1=S3=S4=S6 | D107: 4 | E107: 0.75 | F107: 0.75 | G107: 0.25 | I107: =D107*E107*F107*G107 -> 0.5625
A108: Sapatas S2=S5 | D108: 2 | E108: 0.6 | F108: 0.6 | G108: 0.25 | I108: =D108*E108*F108*G108 -> 0.18
A109: Pilaretes | D109: 6 | E109: 0.2 | F109: 0.2 | G109: 0.3 | I109: =D109*E109*F109*G109 -> 0.072
A110: Pilares | D110: 6 | E110: 0.2 | F110: 0.2 | G110: 0.2 | I110: =D110*E110*F110*G110 -> 0.048
A111: Vigas V1=V2 | D111: 2 | E111: 0.2 | F111: 0.25 | G111: 6.8 | I111: =D111*E111*F111*G111 -> 0.68
A112: Vigas V3=V4=V5 | D112: 3 | E112: 0.2 | F112: 0.25 | G112: 0.9 | I112: =D112*E112*F112*G112 -> 0.135
A113: Laje L1=L2=L3=L4 | D113: 4 | E113: 0.4 | F113: 3.1 | G113: 0.1 | I113: =D113*E113*F113*G113 -> 0.496
H114: Total | I114: =SUM(I107:I113) -> 2.1735
A116: ALVENARIA DE BLOCOS DE CONCRETO ESTRUTURAL 14X19X29 CM, (ESPESSURA 14 CM) FBK = 14,0 MPA, PARA PAREDES COM ÁREA LÍQUIDA MAIOR OU IGUAL A 6M², SEM VÃOS, UTILIZANDO COLHER DE PEDREIRO. AF_12/2014 | D116: Qtd | E116: L (m) | F116: C (m) | G116: H (m) | H116: Área (m2) | I116: Volume (m3)
D117: 4 | F117: 3.1 | G117: 0.2 | H117: =D117*F117*G117 -> 2.48
D118: 3 | F118: 0.9 | G118: 0.2 | H118: =D118*F118*G118 -> 0.54
D119: 2 | F119: 6.8 | G119: 0.25 | H119: =D119*F119*G119 -> 3.4
D120: 3 | F120: 0.9 | G120: 0.25 | H120: =D120*F120*G120 -> 0.675
G121: Total | H121: =SUM(H117:H120) -> 7.095
A123: CHAPISCO APLICADO EM ALVENARIA (SEM PRESENÇA DE VÃOS) E ESTRUTURAS DE CONCRETO DE FACHADA, COM COLHER DE PEDREIRO. ARGAMASSA TRAÇO 1:3 COM PREPARO EM BETONEIRA 400L. AF_06/2014 | D123: Qtd | E123: L (m) | F123: C (m) | G123: H (m) | H123: Área (m2) | I123: Área Total (m2)
H124: Área a descontar (laje-assento) | I124: Área total
A125: Medida externa | D125: 2 | F125: 6.8 | G125: 0.7 | H125: =4*3.1*0.1 -> 1.24 | I125: =(D125*F125*G125)-H125 -> 8.28
A126: Medida interna | D126: 4 | F126: 3.1 | G126: 0.7 | I126: =(D126*F126*G126)-H126 -> 8.68
A127: Medida interna | D127: 4 | F127: 0.9 | G127: 0.7 | I127: =(D127*F127*G127)-H127 -> 2.52
...

Sheet COMP-09
A1: PREFEITURA MUNICIPAL DE JOÃO NEIVA SECRETARIA MUNICIPAL DE OBRAS E SERVIÇOS URBANOS
C4: Obra: REFORMA DA PRAÇA NOSSA SENHORA DO LÍBANO | G4: LS: | H4: BDI: | I4: Data-base
C5: Local: CENTRO - JOÃO NEIVA/ES | G5: 0.8954 | H5: 0.2654
A6: COMPOSIÇÃO ANALÍTICA DE PREÇO UNITÁRIO | I6: 43313
I7: COMP-09
A8: SERVIÇO: | B8: TOTEM EM CONCRETO ARMADO FCK 25 MPA, CONSIDERANDO ASSENTAMENTO E REAPROVEITAMENTO DA PLACA EM GRANITO EXISTENTE, INCLUSIVE FUNDAÇÃO E ESCAVAÇÃO
A9: UND: | B9: UND
A11: MÃO-DE-OBRA
A12: CÓD. | B12: ORGÃO | C12: DESCRIÇÃO | F12: UND | G12: COEF | H12: R$ UNIT. | I12: R$ PARCIAL
A13: 88274 | B13: SINAPI | C13: MARMORISTA/GRANITEIRO COM ENCARGOS COMPLEMENTARES | F13: H | G13: 1.92 | H13: 19.79 | I13: =G13*H13 -> 37.9968
C14: Obs.: Coeficientes baseados no item SINAPI 86895 BANCADA DE GRANITO CINZA POLIDO PARA LAVATÓRIO 0,50 X 0,60 M - FORNECIMENT O E INSTALAÇÃO. AF_12/2013
A15: TOTAL A | I15: =I13 -> 37.9968
A17: MATERIAIS/ SERVIÇOS
A18: CÓD. | B18: ORGÃO | C18: DESCRIÇÃO | F18: UND | G18: COEF | H18: R$ UNIT. | I18: R$ PARCIAL
A19: 93358 | B19: SINAPI | C19: ESCAVAÇÃO MANUAL DE VALA COM PROFUNDIDADE MENOR OU IGUAL A 1,30 M. AF_03/2016 | F19: M3 | G19: ='QUADRO ESTRUTURAL TÓTEM'!H34 -> 0.385 | H19: 53.99 | I19: =G19*H19 -> 20.78615
A20: 92434 | B20: SINAPI | C20: MONTAGEM E DESMONTAGEM DE FÔRMA DE PILARES RETANGULARES E ESTRUTURAS SIMILARES COM ÁREA MÉDIA DAS SEÇÕES MENOR OU IGUAL A 0,25 M², PÉ-DIREITO SIMPLES, EM CHAPA DE MADEIRA COMPENSADA PLASTIFICADA, 12 UTILIZAÇÕES . AF_12/2015 | F20: M2 | G20: ='QUADRO ESTRUTURAL TÓTEM'!J30 -> 3.78 | H20: 37.2 | I20: =G20*H20 -> 140.616
A21: 92778 | B21: SINAPI | C21: ARMAÇÃO DE PILAR OU VIGA DE UMA ESTRUTURA CONVENCIONAL DE CONCRETO ARMADO EM UMA EDIFICAÇÃO TÉRREA OU SOBRADO UTILIZANDO AÇO CA-50 DE 10,0 M M - MONTAGEM. AF_12/2015 | F21: KG | G21: ='QUADRO ESTRUTURAL TÓTEM'!J11 -> 29.75174 | H21: 7.73 | I21: =G21*H21 -> 229.98095
A22: 92915 | B22: SINAPI | C22: ARMAÇÃO DE ESTRUTURAS DE CONCRETO ARMADO, EXCETO VIGAS, PILARES, LAJES E FUNDAÇÕES, UTILIZANDO AÇO CA-60 DE 5,0 MM - MONTAGEM. AF_12/2015 | F22: KG | G22: ='QUADRO ESTRUTURAL TÓTEM'!J12 -> 3.984 | H22: 10.63 | I22: =G22*H22 -> 42.34992
A23: 92718 | B23: SINAPI | C23: CONCRETAGEM DE PILARES, FCK = 25 MPA, COM USO DE BALDES EM EDIFICAÇÃO COM SEÇÃO MÉDIA DE PILARES MENOR OU IGUAL A 0,25 M² - LANÇAMENTO, ADENSAMENTO E ACABAMENTO. AF_12/2015 | F23: M3 | G23: ='QUADRO ESTRUTURAL TÓTEM'!H20 -> 0.838 | H23: 418.06 | I23: =G23*H23 -> 350.33428
A24: 88489 | B24: SINAPI | C24: APLICAÇÃO MANUAL DE PINTURA COM TINTA LÁTEX ACRÍLICA EM PAREDES, DUAS DEMÃOS. AF_06/2014 | F24: M2 | G24: ='QUADRO ESTRUTURAL TÓTEM'!H42 -> 4.56 | H24: 10.18 | I24: =G24*H24 -> 46.4208
A25: 37595 | B25: SINAPI | C25: ARGAMASSA COLANTE TIPO ACIII | F25: KG | G25: 0.975 | H25: 1.58 | I25: =G25*H25 -> 1.5405
C26: Obs.: Quantitativos da estrutura do tótem, conforme anexo A
A27: TOTAL B | I27: =SUM(I19:I25) -> 832.0286
A29: EQUIPAMENTOS
A30: CÓD. | B30: ORGÃO | C30: DESCRIÇÃO | F30: UND | G30: COEF | H30: R$ UNIT. | I30: R$ PARCIAL
A33: TOTAL C
A35: RESUMO
A36: TOTAL A | I36: =I15 -> 37.9968
A37: TOTAL B | I37: =I27 -> 832.0286
A38: TOTAL C
A39: TOTAL D ( TOTAL A X LEIS SOCIAIS)
A40: TOTAL E (A+B+C) | I40: =I36+I37+I38 -> 870.0254
A41: TOTAL F (BDI 26,54%) | I41: =I40*26.54% -> 230.90474
A42: PREÇO DE VENDA | I42: =I40+I41 -> 1100.9301

Sheet COMP-10
A1: PREFEITURA MUNICIPAL DE JOÃO NEIVA SECRETARIA MUNICIPAL DE OBRAS E SERVIÇOS URBANOS
C4: Obra: REFORMA DA PRAÇA NOSSA SENHORA DO LÍBANO | G4: LS: | H4: BDI: | I4: Data-base
C5: Local: CENTRO - JOÃO NEIVA/ES | G5: 0.8954 | H5: 0.2654
A6: COMPOSIÇÃO ANALÍTICA DE PREÇO UNITÁRIO | I6: 43313
I7: COMP-10
A8: SERVIÇO: | B8: FORNECIMENTO E INSTALAÇÃO DE PERGOLADO EM MADEIRA DE LEI, CONSTRUIDA COM PILARES DE SEÇÃO 20X20 CM ENTRE VÃOS DE 3,30 M , ASSENTADOS E ENGASTADO SOB PILARETES E SAPATAS; INCLUSIVE ESCAVAÇÃO E REATERRO, BLOCO DE APOIO, COM PINTURA ACRÍLICA; TRAVESSAS DE MADEIRA NAS PONTAS DIM. 16X6 CM COMP. 3,20M ; VIGAS DE MADEIRA LATERAL DIM. 23X7,5 CM, COMPR. 3,50 M ; TRAVESSAS DE MADEIRA 16X6 CM COMPR. 3,50 M ; MADEIRA APARELHADA E PINTADA COM VERNIZ POLIURETANO 2 DEMÃOS, CONFORME PROJETO
A9: UND: | B9: UND
A11: MÃO-DE-OBRA
A12: CÓD. | B12: ORGÃO | C12: DESCRIÇÃO | F12: UND | G12: COEF | H12: R$ UNIT. | I12: R$ PARCIAL
A13: 88273 | B13: SINAPI | C13: MARCENEIRO COM ENCARGOS COMPLEMENTARES | F13: H | G13: =1.8*21.76 -> 39.168 | H13: 19.4 | I13: =G13*H13 -> 759.8592
A14: 88243 | B14: SINAPI | C14: AJUDANTE ESPECIALIZADO COM ENCARGOS COMPLEMENTARES | F14: H | G14: =1.5*21.76 -> 32.64 | H14: 16.25 | I14: =G14*H14 -> 530.4
C15: Obs.: Coeficientes de mão de obra baseados no item do IOPES 090101 - Estrutura de madeira de lei tipo Paraju, peroba mica, angelim pedra ou equivalente para telhado de telha cerâmica tipo capa e canal, com pontaletes, terças, caibros e ripas, inclusive tratamento com cupinicida, exclusive telhas | G15: =coeficiente de referência *área do pergolado
A16: TOTAL A | I16: =SUM(I13:I14) -> 1290.2592
A18: MATERIAIS/ SERVIÇOS
A19: CÓD. | B19: ORGÃO | C19: DESCRIÇÃO | F19: UND | G19: COEF | H19: R$ UNIT. | I19: R$ PARCIAL
A20: 93358 | B20: SINAPI | C20: ESCAVAÇÃO MANUAL DE VALA COM PROFUNDIDADE MENOR OU IGUAL A 1,30 M. AF_03/2016 | F20: M3 | G20: =0.6*0.6*1.05*6 -> 2.268 | H20: 53.99 | I20: =ROUND(G20*H20,2) -> 122.45
A21: 96995 | B21: SINAPI | C21: REATERRO MANUAL APILOADO COM SOQUETE. AF_10/2017 | F21: M3 | G21: 1.08 | H21: 32.74 | I21: =ROUND(G21*H21,2) -> 35.36
A22: 96616 | B22: SINAPI | C22: LASTRO DE CONCRETO MAGRO, APLICADO EM BLOCOS DE COROAMENTO OU SAPATAS.AF_08/2017 | F22: M3 | G22: =0.6*0.6*0.05*6 -> 0.108 | H22: 370.85 | I22: =ROUND(G22*H22,2) -> 40.05
A23: 92434 | B23: SINAPI | C23: MONTAGEM E DESMONTAGEM DE FÔRMA DE PILARES RETANGULARES E ESTRUTURAS SIMILARES COM ÁREA MÉDIA DAS SEÇÕES MENOR OU IGUAL A 0,25 M², PÉ-DIREITO SIMPLES, EM CHAPA DE MADEIRA COMPENSADA PLASTIFICADA, 12 UTILIZAÇÕES. AF_12/2015 | F23: M2 | G23: =6*(4*0.3*0.88) -> 6.336 | H23: 37.2 | I23: =ROUND(G23*H23,2) -> 235.7
A24: 92777 | B24: SINAPI | C24: ARMAÇÃO DE PILAR OU VIGA DE UMA ESTRUTURA CONVENCIONAL DE CONCRETO ARMADO EM UMA EDIFICAÇÃO TÉRREA OU SOBRADO UTILIZANDO AÇO CA-50 DE 8,0 MM - MONTAGEM. AF_12/2015 | F24: KG | G24: 12.61 | H24: 9.57 | I24: =ROUND(G24*H24,2) -> 120.68
A25: 92776 | B25: SINAPI | C25: ARMAÇÃO DE PILAR OU VIGA DE UMA ESTRUTURA CONVENCIONAL DE CONCRETO ARMADO EM UMA EDIFICAÇÃO TÉRREA OU SOBRADO UTILIZANDO AÇO CA-50 DE 6,3 MM- MONTAGEM. AF_12/2015 | F25: KG | G25: 17.69 | H25: 10.08 | I25: =ROUND(G25*H25,2) -> 178.32
A26: 92775 | B26: SINAPI | C26: ARMAÇÃO DE PILAR OU VIGA DE UMA ESTRUTURA CONVENCIONAL DE CONCRETO ARMADO EM UMA EDIFICAÇÃO TÉRREA OU SOBRADO UTILIZANDO AÇO CA-60 DE 5,0 MM - MONTAGEM. AF_12/2015 | F26: KG | G26: 7.83 | H26: 11.71 | I26: =ROUND(G26*H26,2) -> 91.69
A27: 92718 | B27: SINAPI | C27: CONCRETAGEM DE PILARES, FCK = 25 MPA, COM USO DE BALDES EM EDIFICAÇÃO COM SEÇÃO MÉDIA DE PILARES MENOR OU IGUAL A 0,25 M² - LANÇAMENTO, ADENSAMENTO E ACABAMENTO. AF_12/2015 | F27: M3 | G27: 1.15 | H27: 418.06 | I27: =ROUND(G27*H27,2) -> 480.77
A28: 79500/002 | B28: SINAPI | C28: PINTURA ACRILICA EM PISO CIMENTADO, TRES DEMAOS | F28: M2 | G28: =((0.3*0.3)+(0.13*0.3*4))*6 -> 1.476 | H28: 16.82 | I28: =ROUND(G28*H28,2) -> 24.83
A29: 79466 | B29: SINAPI | C29: PINTURA COM VERNIZ POLIURETANO, 2 DEMAOS | F29: M2 | G29: 61.596 | H29: 15.74 | I29: =ROUND(G29*H29,2) -> 969.52
A30: 13294 | B30: SINAPI | C30: PARAFUSO ZINCADO, SEXTAVADO, COM ROSCA SOBERBA, DIAMETRO 3/8", COMPRIMENTO 80 MM | F30: UND | G30: 10 | H30: 0.41 | I30: =ROUND(G30*H30,2) -> 4.1
A31: 4305 | B31: SINAPI | C31: PARAFUSO ZINCADO ROSCA SOBERBA, CABECA SEXTAVADA, 5/16 " X 180 MM, PARA FIXACAO DE TELHA EM MADEIRA | F31: UND | G31: 12 | H31: 1.19 | I31: =ROUND(G31*H31,2) -> 14.28
A32: 35276 | B32: SINAPI | C32: PILAR DE MADEIRA NAO APARELHADA *20 X 20* CM, MACARANDUBA, ANGELIM OU EQUIVALENTE DA REGIAO | F32: M | G32: 14.22 | H32: 109.54 | I32: =G32*H32 -> 1557.6588
A33: 20204 | B33: SINAPI | C33: PRANCHAO DE MADEIRA APARELHADA *7,5 X 23* CM (3 X 9 ") MACARANDUBA, ANGELIM OU EQUIVALENTE DA REGIAO | F33: M | G33: =6.8+3.2 -> 10 | H33: 60.14 | I33: =G33*H33 -> 601.4
A34: 20211 | B34: SINAPI | C34: VIGA DE MADEIRA APARELHADA *6 X 16* CM, MACARANDUBA, ANGELIM OU EQUIVALENTE DA REGIAO | F34: M | G34: 87.5 | H34: 25.42 | I34: =G34*H34 -> 2224.25
C35: Ver projeto do pergolado
A36: TOTAL B | I36: =SUM(I20:I34) -> 6701.0588
A38: EQUIPAMENTOS
A39: CÓD. | B39: ORGÃO | C39: DESCRIÇÃO | F39: UND | G39: COEF | H39: R$ UNIT. | I39: R$ PARCIAL
A42: TOTAL C
A44: RESUMO
A45: TOTAL A | I45: =I16 -> 1290.2592
A46: TOTAL B | I46: =I36 -> 6701.0588
A47: TOTAL C
A48: TOTAL D ( TOTAL A X LEIS SOCIAIS)
A49: TOTAL E (A+B+C) | I49: =I45+I46+I47 -> 7991.318
A50: TOTAL F (BDI 26,54%) | I50: =I49*26.54% -> 2120.8958
A51: PREÇO DE VENDA | I51: =I49+I50 -> 10112.214

Sheet COMP-11
B1: PREFEITURA MUNICIPAL DE JOÃO NEIVA SECRETARIA MUNICIPAL DE OBRAS E SERVIÇOS URBANOS
C4: Obra: REFORMA DA PRAÇA NOSSA SENHORA DO LÍBANO | G4: LS: | H4: BDI: | I4: Data-base
C5: Local: CENTRO - JOÃO NEIVA/ES | G5: 0.8954 | H5: 0.2654
A6: COMPOSIÇÃO ANALÍTICA DE PREÇO UNITÁRIO | I6: 43313
I7: COMP-11
A8: SERVIÇO: | B8: FABRICAÇÃO, MONTAGEM E INSTALAÇÃO DE ABRIGO PARA PONTO DE ÔNIBUS EM ESTRUTURA METÁLICA (MATERIAL ASTM A-36 / SAE 1020), DESCRIÇÕES CONFORME PROJETO, COM TRATAMENTO ANTICORROSIVO, PINTURA LÍQUIDA INDUSTRIAL, PINTURA PRIMER EPÓXI, PINTURA DE ACABAMENTO METÁLICO, DE 1ª LINHA (3 DEMÃOS) E COBERTURA EM TELHA TRAPEZOIDAL LR 40, PRÉ PINTADA BRANCO, ESP 0,50MM. PILARES EM CONCRETO ARMADO APARENTE E PINTADOS COM VERNIZ POLIURETANO, TRÊS DEMÃOS, ALÉM DE FUNDAÇÃO (ESCAVAÇÃO, REATERRO), CONSIDERANDO MOBILIZAÇÃO E DESMOBILIZAÇÃO DE PESSOAL E EQUIPAMENTOS
A9: UND: | B9: UND
A11: MÃO-DE-OBRA
A12: CÓD. | B12: ORGÃO | C12: DESCRIÇÃO | F12: UND | G12: COEF | H12: R$ UNIT. | I12: R$ PARCIAL
A13: 8316 | B13: SINAPI | C13: SERVENTE COM ENCARGOS COMPLEMENTARES | F13: H | G13: 0.184 | H13: 13.65 | I13: =G13*H13 -> 2.5116
A14: 88323 | B14: SINAPI | C14: TELHADISTA COM ENCARGOS COMPLEMENTARES | F14: H | G14: 0.183 | H14: 17.33 | I14: =G14*H14 -> 3.17139
A15: 88273 | B15: SINAPI | C15: MARCENEIRO COM ENCARGOS COMPLEMENTARES | F15: H | G15: =1.8*5.59 -> 10.062 | H15: 19.4 | I15: =G15*H15 -> 195.2028
A16: 88243 | B16: SINAPI | C16: AJUDANTE ESPECIALIZADO COM ENCARGOS COMPLEMENTARES | F16: H | G16: =1.5*5.59 -> 8.385 | H16: 16.25 | I16: =G16*H16 -> 136.25625
C17: Obs.: Coeficientes baseados no item do IOPES 090101 - Estrutura de madeira de lei tipo Paraju, peroba mica, angelim pedra ou equivalente para telhado de telha cerâmica tipo capa e canal, com pontaletes, terças, caibros e ripas, inclusive tratamento com cupinicida, exclusive telhas e no item SINAPI 94226 - SUBCOBERTURA COM MANTA PLÁSTICA REVESTIDA POR PELÍCULA DE ALUMÍNO, INCLUSO TRANSPORTE VERTICAL. AF_06/2016 | G17: =coeficiente de referência (IOPES)*área dos bancos de madeira do ponto de ônibus
A19: TOTAL A | I19: =SUM(I13:I16) -> 337.14204
A21: MATERIAIS/ SERVIÇOS
A22: CÓD. | B22: ORGÃO | C22: DESCRIÇÃO | F22: UND | G22: COEF | H22: R$ UNIT. | I22: R$ PARCIAL
A23: 93358 | B23: SINAPI | C23: ESCAVAÇÃO MANUAL DE VALA COM PROFUNDIDADE MENOR OU IGUAL A 1,30 M. AF_03/2016 | F23: M3 | G23: ='QUADRO ESTRUTURAL PONTO ONIBUS'!H41 -> 5.668 | H23: 53.99 | I23: =ROUND(G23*H23,2) -> 306.02
A24: 96995 | B24: SINAPI | C24: REATERRO MANUAL APILOADO COM SOQUETE. AF_10/2017 | F24: M3 | G24: ='QUADRO ESTRUTURAL PONTO ONIBUS'!H44 -> 3.04375 | H24: 32.74 | I24: =ROUND(G24*H24,2) -> 99.65
A25: 96616 | B25: SINAPI | C25: LASTRO DE CONCRETO MAGRO, APLICADO EM BLOCOS DE COROAMENTO OU SAPATAS.AF_08/2017 | F25: M3 | G25: ='QUADRO ESTRUTURAL PONTO ONIBUS'!H29 -> 0.128 | H25: 370.85 | I25: =ROUND(G25*H25,2) -> 47.47
A26: 92414 | B26: SINAPI | C26: MONTAGEM E DESMONTAGEM DE FÔRMA DE PILARES RETANGULARES E ESTRUTURAS SIMILARES COM ÁREA MÉDIA DAS SEÇÕES MENOR OU IGUAL A 0,25 M², PÉ-DIREITO SIMPLES, EM CHAPA DE MADEIRA COMPENSADA RESINADA, 2 UTILIZAÇÕES. AF_ 12/2015 | F26: M2 | G26: ='QUADRO ESTRUTURAL PONTO ONIBUS'!J35 -> 42.38 | H26: 97.24 | I26: =ROUND(G26*H26,2) -> 4121.03
A27: 92777 | B27: SINAPI | C27: ARMAÇÃO DE PILAR OU VIGA DE UMA ESTRUTURA CONVENCIONAL DE CONCRETO ARMADO EM UMA EDIFICAÇÃO TÉRREA OU SOBRADO UTILIZANDO AÇO CA-50 DE 8,0 MM - MONTAGEM. AF_12/2015 | F27: KG | G27: ='QUADRO ESTRUTURAL PONTO ONIBUS'!J16 -> 99.0976 | H27: 9.57 | I27: =ROUND(G27*H27,2) -> 948.36
A28: 92775 | B28: SINAPI | C28: ARMAÇÃO DE PILAR OU VIGA DE UMA ESTRUTURA CONVENCIONAL DE CONCRETO ARMADO EM UMA EDIFICAÇÃO TÉRREA OU SOBRADO UTILIZANDO AÇO CA-60 DE 5,0 MM - MONTAGEM. AF_12/2015 | F28: KG | G28: ='QUADRO ESTRUTURAL PONTO ONIBUS'!J17 -> 46.8416 | H28: 11.71 | I28: =ROUND(G28*H28,2) -> 548.52
A29: 92718 | B29: SINAPI | C29: CONCRETAGEM DE PILARES, FCK = 25 MPA, COM USO DE BALDES EM EDIFICAÇÃO COM SEÇÃO MÉDIA DE PILARES MENOR OU IGUAL A 0,25 M² - LANÇAMENTO, ADENSAMENTO E ACABAMENTO. AF_12/2015 | F29: M3 | G29: ='QUADRO ESTRUTURAL PONTO ONIBUS'!H25 -> 4.78 | H29: 418.06 | I29: =ROUND(G29*H29,2) -> 1998.33
A30: 84678 | B30: SINAPI | C30: VERNIZ POLIURETANO BRILHANTE EM CONCRETO OU TIJOLO, TRES DEMAOS | F30: M2 | G30: =5.195*4 -> 20.78 | H30: 16.55 | I30: =ROUND(G30*H30,2) -> 343.91
A31: 42172 | B31: SINAPI | C31: TELHA GALVALUME COM ISOLAMENTO TERMOACUSTICO EM ESPUMA RIGIDA DE POLIURETANO (PU) INJETADO, E = 30 MM, DENSIDADE 35 KG/M3, COM DUAS FACES TRAPEZOIDAIS (NAO INCLUI ACESSORIOS DE FIXACAO) (COLETADO CAIXA) | F31: M2 | G31: 24.6 | H31: 87.08
A32: 42528 | B32: SINAPI | C32: MANTA ALUMINIZADA NAS DUAS FACES, PARA SUBCOBERTURA, E = *2* MM | F32: M2 | G32: =14.4*0.4 -> 5.76 | H32: 4.65 | I32: =G32*H32 -> 26.784
A33: 42529 | B33: SINAPI | C33: FITA ADESIVA ALUMINIZADA, PARA INSTALACAO DE MANTAS DE SUBCOBERTURA, L = *5* CM | F33: M | G33: =14.4*4 -> 57.6 | H33: 0.69 | I33: =G33*H33 -> 39.744
A34: 20204 | B34: SINAPI | C34: PRANCHAO DE MADEIRA APARELHADA *7,5 X 23* CM (3 X 9 ") MACARANDUBA, ANGELIM OU EQUIVALENTE DA REGIAO | F34: M | G34: 23.4 | H34: 60.14 | I34: =ROUND(G34*H34,2) -> 1407.28
A35: 79466 | B35: SINAPI | C35: PINTURA COM VERNIZ POLIURETANO, 2 DEMAOS | F35: M2 | G35: =G34*(0.23*2+0.075*2+0.075*0.23*2) -> 15.0813 | H35: 15.74 | I35: =G35*H35 -> 237.37966
A36: COTAÇÃO | B36: MERCADO | C36: FABRICAÇÃO, MONTAGEM E INSTALAÇÃO DE ABRIGO PARA PONTO DE ÔNIBUS EM ESTRUTURA METÁLICA (MATERIAL ASTM A-36 / SAE 1020), DESCRIÇÕES CONFORME PROJETO, COM TRATAMENTO ANTICORROSIVO, PINTURA LÍQUIDA INDUSTRIAL, PINTURA PRIMER EPÓXI, PINTURA DE ACABAMENTO METÁLICO, DE 1ª LINHA (3 DEMÃOS) E COBERTURA EM TELHA TRAPEZOIDAL LR 40, PRÉ PINTADA BRANCO, ESP 0,50MM, CONSIDERANDO MOBILIZAÇÃO E DESMOBILIZAÇÃO DE PESSOAL E EQUIPAMENTOS | F36: UND | G36: 1 | H36: 20249.207 | I36: =G36*H36 -> 20249.207
C37: Obs.: Quantitativos da estrutura do abrigo para ponto de ônibus, conforme anexo B
A38: TOTAL B | I38: =SUM(I23:I36) -> 30373.684
A40: EQUIPAMENTOS
A41: CÓD. | B41: ORGÃO | C41: DESCRIÇÃO | F41: UND | G41: COEF | H41: R$ UNIT. | I41: R$ PARCIAL
A44: TOTAL C
A46: RESUMO
A47: TOTAL A | I47: =I19 -> 337.14204
A48: TOTAL B | I48: =I38 -> 30373.684
A49: TOTAL C
A50: TOTAL D ( TOTAL A X LEIS SOCIAIS)
A51: TOTAL E (A+B+C) | I51: =SUM(I47:I48) -> 30710.826
A52: TOTAL F (BDI 26,54%) | I52: =I51*26.54% -> 8150.6533
A53: PREÇO DE VENDA | I53: =I51+I52 -> 38861.48

Sheet PAI
B1: PREFEITURA MUNICIPAL DE JOÃO NEIVA SECRETARIA MUNICIPAL DE OBRAS E SERVIÇOS URBANOS | E1: COMPOSIÇÃO ANALÍTICA DE PREÇO UNITÁRIO | I1: Data-base
B3: Obra: REFORMA DA PRAÇA NOSSA SENHORA DO LÍBANO | I3: 43313
B4: Local: CENTRO - JOÃO NEIVA/ES | I4: PAI-01
A5: SERVIÇO: | B5: Fornecimento e Plantio de JASMIN MANGA (Plumeria Rubra) | I5: LS: 89,54%
A6: UND: und | I6: BDI: 26,54%
A7: ORÇAMENTISTA: Renata Ruy De Angeli
A8: MÃO-DE-OBRA
A9: CÓD. | B9: ORGÃO | C9: DESCRIÇÃO | F9: UND | G9: COEF | H9: R$ UNIT. | I9: R$ PARCIAL
A10: 88441 | B10: SINAPI | C10: Jardineiro | F10: h | G10: 0.26 | H10: 18.48 | I10: =G10*H10 -> 4.8048
A11: 88316 | B11: SINAPI | C11: Servente | D11: Servente | E11: Servente | F11: h | G11: 1.04 | H11: 13.65 | I11: =G11*H11 -> 14.196
C13: Obs.: Coeficiente baseado no item SINAPI 98511 - PLANTIO DE ÁRVORE ORNAMENTAL COM ALTURA DE MUDA MAIOR QUE 2,00 M E MENOR OU IGUAL A 4,00 M. AF_05/2018
A14: TOTAL A | I14: =I10+I11 -> 19.0008
K15: Orçamentos
A16: MATERIAIS/ SERVIÇOS | J16: Flores e fardins / JN | M16: Sempre Verde | O16: Polen Garden
A17: CÓD. | B17: ORGÃO | C17: DESCRIÇÃO | F17: UND | G17: COEF | H17: R$ UNIT. | I17: R$ PARCIAL | J17: 99501-1569 | M17: (27) 3203-8500 | O17: (27) 3325-0301
A18: COTAÇÃO | B18: MERCADO | C18: Fornecimento de JASMIN MANGA (Plumeria Rubra) | F18: und | G18: 1 | H18: 159.15 | I18: =H18*G18 -> 159.15 | J18: 30 | M18: =140 -> 140 | O18: 68 | Q18: =AVERAGE(J18,M18,O18) -> 79.333333 | U18: Orçamentos
A19: 7253 | B19: SINAPI | C19: Terra Vegetal | D19: Escav. man. valetas e cavas de fundação mat.1ªcat. 1,50m (B2-001-00) (I0-004-00) | E19: Escav. man. valetas e cavas de fundação mat.1ªcat. 1,50m (B2-001-00) (I0-004-00) | F19: m³ | G19: 0.205 | H19: 137.14 | I19: =H19*G19 -> 28.1137 | T19: Flores e fardins / JN | V19: Sempre Verde | X19: Polen Garden
A20: 3123 | B20: SINAPI | C20: Fertilizante NPK - 4: 14: 8 | F20: kg | G20: 0.8 | H20: 1.52 | I20: =H20*G20 -> 1.216 | T20: 99501-1569 | V20: (27) 3203-8500 | X20: (27) 3325-0301
A21: 370 | B21: SINAPI | C21: Areia média | F21: m³ | G21: 0.0064 | H21: 31.08 | I21: =H21*G21 -> 0.198912 | T21: 145 | V21: 160 | X21: 165
A22: 25963 | B22: SINAPI | C22: Calcario Dolomítico | F22: kg | G22: 0.8 | H22: 0.08 | I22: =H22*G22 -> 0.064
A23: 38125 | B23: SINAPI | C23: Fertilizante orgânico composto, Classe A | F23: kg | G23: 0.08 | H23: 1.09 | I23: =H23*G23 -> 0.0872
A26: TOTAL B | I26: =I18+I19+I20+I21+I22+I23 -> 188.82981
A28: RESUMO
A29: TOTAL A | I29: =I14 -> 19.0008
A30: TOTAL B | I30: =I26 -> 188.82981
A31: TOTAL C ( TOTAL A X LEIS SOCIAIS)
A32: TOTAL D (A+B) | I32: =I29+I30+I31 -> 207.83061
A33: TOTAL E (BDI 26,54%) | I33: =I32*26.54% -> 55.158244
A34: PREÇO DE VENDA | I34: =I32+I33 -> 262.98886
B37: PREFEITURA MUNICIPAL DE JOÃO NEIVA SECRETARIA MUNICIPAL DE OBRAS E SERVIÇOS URBANOS | E37: COMPOSIÇÃO ANALÍTICA DE PREÇO UNITÁRIO | I37: Data-base
B39: Obra: REFORMA DA PRAÇA NOSSA SENHORA DO LÍBANO | I39: 43313
B40: Local: CENTRO - JOÃO NEIVA/ES | I40: PAI-02
A41: SERVIÇO: | B41: Fornecimento e Plantio de CLORÓFITO (GRAVATINHA) (chlorofhitum comosum) | I41: LS: 89,54%
A42: UND: | B42: und | I42: BDI: 26,54%
A43: ORÇAMENTISTA: Renata Ruy De Angeli
A44: MÃO-DE-OBRA
A45: CÓD. | B45: ORGÃO | C45: DESCRIÇÃO | F45: UND | G45: COEF | H45: R$ UNIT. | I45: R$ PARCIAL
A46: 88441 | B46: SINAPI | C46: Jardineiro | F46: h | G46: 0.0255 | H46: 18.48 | I46: =H46*G46 -> 0.47124 | J46: 0.05
A47: 88316 | B47: SINAPI | C47: Servente | D47: Servente | E47: Servente | F47: h | G47: 0.1018 | H47: 13.65 | I47: =H47*G47 -> 1.38957 | J47: 0.02
C49: Obs.: Coeficiente baseado no item SINAPI - 98509 PLANTIO DE ARBUSTO OU CERCA VIVA. AF_05/2018
A51: TOTAL A | I51: =I46+I47 -> 1.86081
K52: Orçamentos
A53: MATERIAIS/ SERVIÇOS | J53: Flores e fardins / JN | M53: Sempre Verde | O53: Polen Garden
A54: CÓD. | B54: ORGÃO | C54: DESCRIÇÃO | F54: UND | G54: COEF | H54: R$ UNIT. | I54: R$ PARCIAL | J54: 99501-1569 | M54: (27) 3203-8500 | O54: (27) 3325-0301 | U54: Orçamentos
A55: COTAÇÃO | B55: MERCADO | C55: Fornecimento de CLORÓFITO (GRAVATINHA) (chlorofhitum comosum) | F55: und | G55: 1 | H55: 1.93 | I55: =H55*G55 -> 1.93 | J55: 2.5 | M55: 1.9 | O55: 1 | Q55: 1.8 | T55: Flores e fardins / JN | V55: Sempre Verde | X55: Polen Garden
A56: 3123 | B56: SINAPI | C56: Fertilizante NPK - 4: 14: 8 | F56: kg | G56: 0.0041666667 | H56: 1.52 | I56: =H56*G56 -> 0.0063333333 | T56: 99501-1569 | V56: (27) 3203-8500 | X56: (27) 3325-0301
A57: 370 | B57: SINAPI | C57: Areia média | F57: m³ | G57: 0.00083333333 | H57: 31.08 | I57: =H57*G57 -> 0.0259 | T57: 1.8 | V57: 1.9 | X57: 2
A58: 25963 | B58: SINAPI | C58: Calcario Dolomítico | F58: kg | G58: 0.020833333 | H58: 0.08 | I58: =H58*G58 -> 0.0016666667
A59: 38125 | B59: SINAPI | C59: Fertilizante orgânico composto, Classe A | F59: kg | G59: =0.00125*1.6 -> 0.002 | H59: 1.09 | I59: =H59*G59 -> 0.00218
A64: TOTAL B | I64: =I55+I56+I57+I58+I59 -> 1.96608
A66: RESUMO
A67: TOTAL A | I67: =I51 -> 1.86081
A68: TOTAL B | I68: =I64 -> 1.96608
A69: TOTAL C ( TOTAL A X LEIS SOCIAIS)
A70: TOTAL D (A+B) | I70: =I67+I68+I69 -> 3.82689
A71: TOTAL E (BDI 26,54%) | I71: =I70*26.54% -> 1.0156566
A72: PREÇO DE VENDA | I72: =I70+I71 -> 4.8425466
B75: PREFEITURA MUNICIPAL DE JOÃO NEIVA SECRETARIA MUNICIPAL DE OBRAS E SERVIÇOS URBANOS | E75: COMPOSIÇÃO ANALÍTICA DE PREÇO UNITÁRIO | I75: Data-base
B77: Obra: REFORMA DA PRAÇA NOSSA SENHORA DO LÍBANO | I77: 43313
B78: Local: CENTRO - JOÃO NEIVA/ES | I78: PAI-03
A79: SERVIÇO: | B79: Fornecimento e Plantio de DRACENA VERMELHA (Cordyline Terminalis) | I79: LS: 89,54%
A80: UND: | B80: und | I80: BDI: 26,54%
A81: ORÇAMENTISTA: Renata Ruy De Angeli
A82: MÃO-DE-OBRA
A83: CÓD. | B83: ORGÃO | C83: DESCRIÇÃO | F83: UND | G83: COEF | H83: R$ UNIT. | I83: R$ PARCIAL
A84: 88441 | B84: SINAPI | C84: Jardineiro | F84: h | G84: 0.0255 | H84: 18.48 | I84: =H84*G84 -> 0.47124 | L84: 0.06
A85: 88316 | B85: SINAPI | C85: Servente | D85: Servente | E85: Servente | F85: h | G85: 0.1018 | H85: 13.65 | I85: =H85*G85 -> 1.38957 | L85: 0.03
C87: Obs.: Coeficiente baseado no item SINAPI - 98509 PLANTIO DE ARBUSTO OU CERCA VIVA. AF_05/2018
A90: TOTAL A | I90: =I84+I85 -> 1.86081
M91: Orçamentos
A92: MATERIAIS/ SERVIÇOS | L92: Flores e fardins / JN | O92: Sempre Verde | Q92: Polen Garden
A93: CÓD. | B93: ORGÃO | C93: DESCRIÇÃO | F93: UND | G93: COEF | H93: R$ UNIT. | I93: R$ PARCIAL | L93: 99501-1569 | O93: (27) 3203-8500 | Q93: (27) 3325-0301
A94: COTAÇÃO | B94: MERCADO | C94: Fornecimento e Plantio de DRACENA ROXA (Cordyline Rubra) | F94: und | G94: 1 | H94: 33.35 | I94: =H94*G94 -> 33.35 | L94: 25 | O94: 18 | Q94: 48 | U94: Orçamentos
A95: 7253 | B95: SINAPI | C95: Terra Vegetal | D95: Escav. man. valetas e cavas de fundação mat.1ªcat. 1,50m (B2-001-00) (I0-004-00) | E95: Escav. man. valetas e cavas de fundação mat.1ªcat. 1,50m (B2-001-00) (I0-004-00) | F95: m³ | G95: 0.0185 | H95: =H19 -> 137.14 | I95: =H95*G95 -> 2.53709 | T95: Flores e fardins / JN | V95: Sempre Verde | X95: Polen Garden
A96: 3123 | B96: SINAPI | C96: Fertilizante NPK - 4: 14: 8 | F96: kg | G96: 0.0185 | H96: 1.52 | I96: =H96*G96 -> 0.02812 | T96: 99501-1569 | V96: (27) 3203-8500 | X96: (27) 3325-0301
A97: 370 | B97: SINAPI | C97: Areia média | F97: m³ | G97: 0.0025 | H97: 31.08 | I97: =H97*G97 -> 0.0777 | T97: 30 | V97: 33 | X97: 35.5
A98: 25963 | B98: SINAPI | C98: Calcario Dolomítico | F98: kg | G98: 0.0185 | H98: 0.08 | I98: =H98*G98 -> 0.00148
A99: 38125 | B99: SINAPI | C99: Fertilizante orgânico composto, Classe A | F99: kg | G99: =0.00125*1.6 -> 0.002 | H99: 1.09 | I99: =H99*G99 -> 0.00218
A103: TOTAL B | I103: =I94+I95+I96+I97+I98+I99 -> 35.99657
A105: RESUMO
A106: TOTAL A | I106: =I90 -> 1.86081
A107: TOTAL B | I107: =I103 -> 35.99657
A108: TOTAL C ( TOTAL A X LEIS SOCIAIS)
A109: TOTAL D (A+B) | I109: =I106+I107+I108 -> 37.85738
A110: TOTAL E (BDI 26,54%) | I110: =I109*26.54% -> 10.047349
A111: PREÇO DE VENDA | I111: =I109+I110 -> 47.904729
B119: PREFEITURA MUNICIPAL DE JOÃO NEIVA SECRETARIA MUNICIPAL DE OBRAS E SERVIÇOS URBANOS | E119: COMPOSIÇÃO ANALÍTICA DE PREÇO UNITÁRIO | I119: Data Base
B121: Obra: REFORMA DA PRAÇA NOSSA SENHORA DO LÍBANO | I121: 43313
B122: Local: CENTRO - JOÃO NEIVA/ES | I122: PAI-04
A123: SERVIÇO: | B123: Fornecimento e Plantio de QUARESMEIRA (Tibouchina mutabilis) | I123: LS: 89,54%
A124: UND: | B124: und | I124: BDI: 26,54%
A125: ORÇAMENTISTA: Renata Ruy De Angeli
A126: MÃO-DE-OBRA
A127: CÓD. | B127: ORGÃO | C127: DESCRIÇÃO | F127: UND | G127: COEF | H127: R$ UNIT. | I127: R$ PARCIAL
A128: 88441 | B128: SINAPI | C128: Jardineiro | F128: h | G128: 0.26 | H128: 18.48 | I128: =H128*G128 -> 4.8048 | J128: 0.06
A129: 88316 | B129: SINAPI | C129: Servente | D129: Servente | E129: Servente | F129: h | G129: 1.04 | H129: 13.65 | I129: =H129*G129 -> 14.196 | J129: 0.03
C131: Obs.: Coeficiente baseado no item SINAPI 98511 - PLANTIO DE ÁRVORE ORNAMENTAL COM ALTURA DE MUDA MAIOR QUE 2,00 M E MENOR OU IGUAL A 4,00 M. AF_05/2018
A134: TOTAL A | I134: =I128+I129 -> 19.0008
K135: Orçamentos
A136: MATERIAIS/ SERVIÇOS | J136: Flores e fardins / JN | M136: Sempre Verde | O136: Polen Garden
...

Sheet LIX
B1: PREFEITURA MUNICIPAL DE JOÃO NEIVA SECRETARIA MUNICIPAL DE OBRAS E SERVIÇOS URBANOS | E1: COMPOSIÇÃO ANALÍTICA DE PREÇO UNITÁRIO | I1: Data-base
B3: Obra: REFORMA DA PRAÇA NOSSA SENHORA DO LÍBANO | I3: 43313
B4: Local: CENTRO - JOÃO NEIVA/ES | I4: LIX-01
A5: SERVIÇO: | B5: FORNECIMENTO E INSTALAÇÃO DE LIXEIRA SELETIVA 50 LITROS, COM SUPORTE TUBULAR EM AÇO GALVANIZADO, DN 3", INCLUINDO CHUMBAMENTO EM BASE DE CONCRETO, FUNDAÇÃO (ESCAVAÇÃO, REATERRO) | I5: LS: 89,54%
A6: UND: | B6: UND | I6: BDI: 26,54%
A7: ORÇAMENTISTA: Renata Ruy De Angeli
A9: MÃO-DE-OBRA
A10: CÓD. | B10: ORGÃO | C10: DESCRIÇÃO | F10: UND | G10: COEF | H10: R$ UNIT. | I10: R$ PARCIAL
A11: 88309 | B11: SINAPI | C11: PEDREIRO COM ENCARGOS COMPLEMENTARES | F11: H | G11: 0.3 | H11: 19.14 | I11: =G11*H11 -> 5.742
A12: 88316 | B12: SINAPI | C12: SERVENTE COM ENCARGOS COMPLEMENTARES | F12: H | G12: 1 | H12: 13.65 | I12: =G12*H12 -> 13.65
A13: 88315 | B13: SINAPI | C13: SERRALHEIRO COM ENCARGOS COMPLEMENTARES | F13: H | G13: 1 | H13: 19.03 | I13: =G13*H13 -> 19.03
C15: Obs.: Coeficientes baseados no item DER-ES - 40145 Sinalização vertical, inclusive transporte de placa sinalização e madeira e SICRO 5213851 Fornecimento e implantação de suporte metálico galvanizado para placa de regulamentação - D = 0,60 m
A17: TOTAL A | I17: =I11+I12+I13 -> 38.422
A19: MATERIAIS/ SERVIÇOS
A20: CÓD. | B20: ORGÃO | C20: DESCRIÇÃO | F20: UND | G20: COEF | H20: R$ UNIT. | I20: R$ PARCIAL | M20: Orçamentos
A21: COTAÇÃO | B21: MERCADO | C21: LIXEIRA 50L | F21: UND | G21: 1 | H21: 121.04 | I21: =H21*G21 -> 121.04 | L21: Colect Vitória | P21: Só Lixeiras
A22: 7694 | B22: SINAPI | C22: TUBO ACO GALVANIZADO COM COSTURA, CLASSE MEDIA, DN 3", E = *4,05* MM, PESO *8,47* KG/M (NBR 5580) | F22: M | G22: 1 | H22: 66.04 | I22: =G22*H22 -> 66.04 | L22: (27) 3421-7082 / 98152-9700| | P22: (17) 3463-9221
A23: 94965 | B23: SINAPI | C23: CONCRETO FCK = 25MPA, TRAÇO 1:2,3:2,7 (CIMENTO/ AREIA MÉDIA/ BRITA 1) - PREPARO MECÂNICO COM BETONEIRA 400 L. AF_07/2016 | F23: M3 | G23: =0.3*0.3*0.5 -> 0.045 | H23: 262.73 | I23: =G23*H23 -> 11.82285 | L23: 125 | P23: 107.58
A24: 93358 | B24: SINAPI | C24: ESCAVAÇÃO MANUAL DE VALA COM PROFUNDIDADE MENOR OU IGUAL A 1,30 M. AF_ 03/2016 | F24: M3 | G24: =G23 -> 0.045 | H24: 53.99 | I24: =G24*H24 -> 2.42955 | P24: www.solixeiras.com
N26: Central Condomínios
N27: (27) 3337-8019 / 3337-3563
N28: 128.9
A29: TOTAL B | I29: =SUM(I21:I24) -> 201.3324 | N29: http://www.centralcondominios.com
A31: RESUMO
A32: TOTAL A | I32: =I17 -> 38.422
A33: TOTAL B | I33: =I29 -> 201.3324
A34: TOTAL C ( TOTAL A X LEIS SOCIAIS)
A35: TOTAL D (A+B) | I35: =I32+I33+I34 -> 239.7544
A36: TOTAL E (BDI 26,54%) | I36: =I35*26.54% -> 63.630818
A37: PREÇO DE VENDA | I37: =I35+I36 -> 303.38522

Sheet Plan2
B2: ITEM | C2: DESCRIÇÃO DOS SERIÇOS
B3: 01 | C3: ADMINISTRAÇÃO LOCAL | E3: 1º MÊS | F3: 2º MÊS | G3: 3º MÊS | H3: 4º MÊS | I3: 5º MÊS | J3: 6º MÊS | L3: TOTAL
B4: 01.01.01 | C4: EQUIPE DE OBRA, INCLUINDO ENGENHEIRO JUNIOR, TECNICO DE SEGUNDO GRAU | D4: 12519.868 | E4: =D4/6 -> 2086.6446 | F4: =E4 -> 2086.6446 | G4: =F4 -> 2086.6446 | H4: =G4 -> 2086.6446 | I4: =H4 -> 2086.6446 | J4: =I4 -> 2086.6446 | L4: =ROUND(SUM(E4:J4),2) -> 12519.87
C5: SUBTOTAL 01 | D5: 12519.868 | L5: =ROUND(SUM(E5:J5),2) -> 0
B6: 02 | C6: SERVIÇOS PRELIMINARES | L6: =ROUND(SUM(E6:J6),2) -> 0
B7: 02.01 | C7: INSTALAÇÃO DO CANTEIRO DE OBRAS | L7: =ROUND(SUM(E7:J7),2) -> 0
B8: 02.01.01 | C8: TAPUME COM TELHA METÁLICA. AF_05/2018 | D8: 25342.671 | E8: =D8 -> 25342.671 | L8: =ROUND(SUM(E8:J8),2) -> 25342.67
B9: 02.01.02 | C9: PLACA DE OBRA EM CHAPA DE ACO GALVANIZADO | D9: 2762.32 | E9: =D9 -> 2762.32 | L9: =ROUND(SUM(E9:J9),2) -> 2762.32
B10: 02.01.03 | C10: ALUGUEL CONTAINER/ESCRIT INCL INST ELET LARG=2,20 COMP=6,20M ALT=2,50M CHAPA ACO C/NERV TRAPEZ FORRO C/ISOL TERMO/ACUSTICO CHASSIS REFORC PISO COMPENS NAVAL EXC TRANSP/CARGA/DESCARGA | D10: 2995.44 | E10: =D10 -> 2995.44 | L10: =ROUND(SUM(E10:J10),2) -> 2995.44
B11: 02.01.04 | C11: REMOÇÃO DE TAPUME/ CHAPAS METÁLICAS E DE MADEIRA, DE FORMA MANUAL, SEM REAPROVEITAMENTO. AF_12/2017 | D11: 601.7528 | J11: =D11 -> 601.7528 | L11: =ROUND(SUM(E11:J11),2) -> 601.75
B12: 02.02 | C12: LOCAÇÃO | L12: =ROUND(SUM(E12:J12),2) -> 0
B13: 02.02.01 | C13: LOCACAO CONVENCIONAL DE OBRA, ATRAVÉS DE GABARITO DE TABUAS CORRIDAS PONTALETADAS A CADA 1,50M, SEM REAPROVEITAMENTO | D13: 7957.7784 | F13: =D13 -> 7957.7784 | L13: =ROUND(SUM(E13:J13),2) -> 7957.78
B14: 02.02.02 | C14: MOBILIZAÇÃO E DESMOBILIZAÇÃO DE CONTEINER LOCADO PARA BARRACÃO DE OBRA | D14: 1999.34 | E14: =D14/3 -> 666.44667 | G14: =D14/3 -> 666.44667 | J14: =D14/3 -> 666.44667 | L14: =ROUND(SUM(E14:J14),2) -> 1999.34
B15: 02.03 | C15: DEMOLIÇÕES E RETIRADAS | L15: =ROUND(SUM(E15:J15),2) -> 0
B16: 02.03.01 | C16: RETIRADA DE MEIO-FIO DE CONCRETO | D16: 2106.52 | E16: =D16 -> 2106.52 | L16: =ROUND(SUM(E16:J16),2) -> 2106.52
B17: 02.03.02 | C17: DEMOLIÇÃO DE PAVIMENTO INTERTRAVADO, DE FORMA MANUAL, COM REAPROVEITAMENTO. AF_12/2017 | D17: 4966.1 | E17: =D17 -> 4966.1 | L17: =ROUND(SUM(E17:J17),2) -> 4966.1
B18: 02.03.03 | C18: DEMOLIÇÃO PARCIAL DE PAVIMENTO ASFÁLTICO, DE FORMA MECANIZADA, SEM REAPROVEITAMENTO. AF_12/2017 | D18: 91.67 | F18: =D18 -> 91.67 | L18: =ROUND(SUM(E18:J18),2) -> 91.67
B19: 02.03.04 | C19: DEMOLIÇÃO MANUAL DE CONCRETO ARMADO (EMOP 05.001.033) | D19: 220.46 | E19: =D19 -> 220.46 | L19: =ROUND(SUM(E19:J19),2) -> 220.46
B20: 02.03.05 | C20: RETIRADA DE POSTE DE AÇO DE 4 A 6 M | D20: 123.96 | E20: =D20 -> 123.96 | L20: =ROUND(SUM(E20:J20),2) -> 123.96
B21: 02.03.06 | C21: RETIRADA E COLOCAÇÃO DE PLACAS DE SINALIZAÇÃO EXISTENTES NA PRAÇA, PLACAS DE MONUMENTOS, INCLUSIVE ESTOCAGEM PARA ÁREA INDICADA PELA SEMOSU | D21: 423.15 | E21: =D21/2 -> 211.575 | J21: =D21/2 -> 211.575 | L21: =ROUND(SUM(E21:J21),2) -> 423.15
B22: 02.03.07 | C22: CORTE E DESTOCAMENTO DE ÁRVORES COM DIÂMETRO DE 15 CM | D22: 1268.52 | E22: =D22 -> 1268.52 | L22: =ROUND(SUM(E22:J22),2) -> 1268.52
B23: 02.03.08 | C23: CORTE E DESTOCAMENTO DE ÁRVORES COM DIÂMETRO SUPERIOR A 30 CM | D23: 610.56 | E23: =D23 -> 610.56 | L23: =ROUND(SUM(E23:J23),2) -> 610.56
B24: 02.03.09 | C24: REMOÇÃO DO PONTO DE ÔNIBUS EXISTENTE | D24: 488.79972 | E24: =D24 -> 488.79972 | L24: =ROUND(SUM(E24:J24),2) -> 488.8
C25: SUBTOTAL 02 | D25: 51959.042 | L25: =ROUND(SUM(E25:J25),2) -> 0
B26: 03 | C26: MOVIMENTO DE TERRA | L26: =ROUND(SUM(E26:J26),2) -> 0
B27: 03.01 | C27: ESCAVAÇÕES | L27: =ROUND(SUM(E27:J27),2) -> 0
B28: 03.01.01 | C28: ESCAVAÇÃO MANUAL DE VALA COM PROFUNDIDADE MENOR OU IGUAL A 1,30 M. AF_03/2016 | D28: 200.18 | E28: =D28 -> 200.18 | L28: =ROUND(SUM(E28:J28),2) -> 200.18
B29: 03.01.02 | C29: ESCAVACAO E CARGA MATERIAL 1A CATEGORIA, UTILIZANDO TRATOR DE ESTEIRAS DE 110 A 160HP COM LAMINA, PESO OPERACIONAL * 13T E PA CARREGADEIRA COM 170 HP. | D29: 208.86 | F29: =D29 -> 208.86 | L29: =ROUND(SUM(E29:J29),2) -> 208.86
B30: 03.01.03 | C30: ESCAVACAO MECANICA DE MATERIAL 1A. CATEGORIA, PROVENIENTE DE CORTE DE SUBLEITO (C/TRATOR ESTEIRAS 160HP) | D30: 23.5 | F30: =D30 -> 23.5 | L30: =ROUND(SUM(E30:J30),2) -> 23.5
B31: 03.02 | C31: REATERRO E COMPACTAÇÃO | L31: =ROUND(SUM(E31:J31),2) -> 0
B32: 03.02.02 | C32: EXECUÇÃO E COMPACTAÇÃO DE BASE E OU SUB BASE COM SOLO ESTABILIZADO GRANULOMETRICAMENTE - EXCLUSIVE ESCAVAÇÃO, CARGA E TRANSPORTE E SOLO. AF_09/2017 | D32: 485.81 | F32: =D32 -> 485.81 | L32: =ROUND(SUM(E32:J32),2) -> 485.81
B33: 03.03 | C33: TRANSPORTES | L33: =ROUND(SUM(E33:J33),2) -> 0
B34: 03.03.01 | C34: TRANSPORTE DE MATERIAL ASFALTICO, COM CAMINHÃO COM CAPACIDADE DE 20000L EM RODOVIA PAVIMENTADA PARA DISTÂNCIAS MÉDIAS DE TRANSPORTE IGUAL OU INFERIOR A 100 KM. AF_02/2016 | D34: 2798.25 | F34: =D34 -> 2798.25 | L34: =ROUND(SUM(E34:J34),2) -> 2798.25
B35: 03.03.02 | C35: ÍNDICE DE PREÇO PARA REMOÇÃO DE ENTULHO DECORRENTE DA EXECUÇÃO DE OBRAS (CLASSE A CONAMA – NBR 10.004 - CLASSE II-B), INCLUINDO ALUGUEL DA CAÇAMBA, CARGA, TRANSPORTE E DESCARGA EM ÁREA LICENCIADA | D35: 8730.1 | E35: =D35/3 -> 2910.0333 | G35: =D35/3 -> 2910.0333 | J35: =D35/3 -> 2910.0333 | L35: =ROUND(SUM(E35:J35),2) -> 8730.1
C36: SUBTOTAL 03 | D36: 12446.7 | L36: =ROUND(SUM(E36:J36),2) -> 0
B37: 04 | C37: FABRICACAO/EXECUCAO DE CBUQ/PRE-MISTURADOS | L37: =ROUND(SUM(E37:J37),2) -> 0
B38: 04.01.01 | C38: CONSTRUÇÃO DE PAVIMENTO COM APLICAÇÃO DE CONCRETO BETUMINOSO USINADO A QUENTE (CBUQ), CAMADA DE ROLAMENTO, COM ESPESSURA DE 4,0 CM - EXCLUSIVE TRANSPORTE. AF_03/2017 | D38: 3303.95 | F38: =D38 -> 3303.95 | L38: =ROUND(SUM(E38:J38),2) -> 3303.95
B39: 04.01.02 | C39: PINTURA DE LIGACAO COM EMULSAO RR-1C | D39: 154.88 | F39: =D39 -> 154.88 | L39: =ROUND(SUM(E39:J39),2) -> 154.88
C40: SUBTOTAL 04 | D40: 3458.83 | L40: =ROUND(SUM(E40:J40),2) -> 0
B41: 05 | C41: INSTALAÇÕES HIDRO-SANITÁRIAS | L41: =ROUND(SUM(E41:J41),2) -> 0
B42: 05.01 | C42: ENTRADA DE ÁGUA | L42: =ROUND(SUM(E42:J42),2) -> 0
B43: 05.01.01 | C43: PONTO DE TORNEIRA DE JARDIM (PARA PRAÇAS) | D43: 289.95 | F43: =D43 -> 289.95 | L43: =ROUND(SUM(E43:J43),2) -> 289.95
B44: 05.01.02 | C44: TORNEIRA PARA JARDIM DE 3/4" MARCAS DE REFERÊNCIA FABRIMAR, DECA OU DOCOL | D44: 101.04 | J44: =D44 -> 101.04 | L44: =ROUND(SUM(E44:J44),2) -> 101.04
C45: SUBTOTAL 05 | D45: 390.99 | L45: =ROUND(SUM(E45:J45),2) -> 0
B46: 06 | C46: INSTALAÇÕES ELÉTRICAS | L46: =ROUND(SUM(E46:J46),2) -> 0
B47: 06.01.01 | C47: ENVELOPAMENTO DE CONCRETO SIMPLES COM CONSUMO MÍNIMO DE CIMENTO DE 250KG/M3, INCLUSIVE ESCAVAÇÃO PARA PROFUNDIDADE MÍNIMA DO ELETRODUTO DE 50 CM, DE 25 X 25 CM, PARA 1 ELETRODUTO | D47: 2833.12 | G47: =D47 -> 2833.12 | L47: =ROUND(SUM(E47:J47),2) -> 2833.12
B48: 06.01.02 | C48: ELETRODUTO PEAD, COR PRETA, DIAM. 1.1/2", MARCA REF. KANAFLEX OU EQUIVALENTE | D48: 1347.13 | G48: =D48 -> 1347.13 | L48: =ROUND(SUM(E48:J48),2) -> 1347.13
B49: 06.01.03 | C49: ELETRODUTO DE AÇO GALVANIZADO, CLASSE SEMI PESADO, DN 40 MM (1 1/2 ), APARENTE, INSTALADO EM PAREDE - FORNECIMENTO E INSTALAÇÃO. AF_11/2016_P | D49: 711.76 | G49: =D49 -> 711.76 | L49: =ROUND(SUM(E49:J49),2) -> 711.76
B50: 06.01.04 | C50: CAIXA DE PASSAGEM DE ALVENARIA DE BLOCOS DE CONCRETO 9X19X39CM, DIMENSÕES DE 30X30X50CM, COM REVESTIMENTO INTERNO EM CHAPISCO E REBOCO, TAMPA DE CONCRETO ESP.5CM E LASTRO DE BRITA 5 CM | D50: 979.11 | G50: =D50 -> 979.11 | L50: =ROUND(SUM(E50:J50),2) -> 979.11
B51: 06.01.05 | C51: POSTE CÔNICO CONTÍNUO FLANGEADO, RETO, EM AÇO GALVANIZADO, PINTADO COM TINTA PROTETORA NA COR GRAFITE, ALTURA ÚTIL 3,00M, DIÂMETRO DA BASE 95MM, COM LUMINÁRIA DECORATIVA COM LEDS POTÊNCIA 100W REF. ILUMATIC EGEU LEDS E BASE DE CONCRETO PARA FIXAÇÃO DO POSTE COM DIMENSÕES 40X40X50CM | D51: 35160.29 | I51: =D51 -> 35160.29 | L51: =ROUND(SUM(E51:J51),2) -> 35160.29
B52: 06.01.06 | C52: CABO DE COBRE FLEXÍVEL ISOLADO, 10 MM², ANTI-CHAMA 0,6/1,0 KV, PARA CIRCUITOS TERMINAIS - FORNECIMENTO E INSTALAÇÃO. AF_12/2015 | D52: 118.57 | G52: =D52 -> 118.57 | L52: =ROUND(SUM(E52:J52),2) -> 118.57
B53: 06.01.07 | C53: CABO DE COBRE FLEXÍVEL ISOLADO, 4 MM², ANTI-CHAMA 0,6/1,0 KV, PARA CIRCUITOS TERMINAIS - FORNECIMENTO E INSTALAÇÃO. AF_12/2015 | D53: 1165.87 | G53: =D53 -> 1165.87 | L53: =ROUND(SUM(E53:J53),2) -> 1165.87
B54: 06.01.08 | C54: CABO DE COBRE FLEXÍVEL ISOLADO, 2,5 MM², ANTI-CHAMA 0,6/1,0 KV, PARA CIRCUITOS TERMINAIS - FORNECIMENTO E INSTALAÇÃO. AF_12/2015 | D54: 293.11 | G54: =D54 -> 293.11 | L54: =ROUND(SUM(E54:J54),2) -> 293.11
B55: 06.01.09 | C55: ATERRAMENTO DOS POSTES METÁLICOS, CONSIDERANDO HASTE DE ATERRAMENTO, CONECTORES, CABO DE COBRE NÚ E OLHAL DE FERRO GALVANIZADO COM PARAFUSO 16X150MM | D55: 683.2 | H55: =D55 -> 683.2 | L55: =ROUND(SUM(E55:J55),2) -> 683.2
B56: 06.01.10 | C56: ATERRAMENTO DO QUADRO DE COMANDO, CONSIDERANDO HASTE DE ATERRAMENTO, CONECTORES, CABO DE COBRE NÚ E OLHAL DE FERRO GALVANIZADO COM PARAFUSO 16X150MM | D56: 133.02 | H56: =D56 -> 133.02 | L56: =ROUND(SUM(E56:J56),2) -> 133.02
B57: 06.01.11 | C57: FORNECIMENTO E INSTALAÇÃO DE QUADRO DE COMANDO EM AÇO INOX, COM DISJUNTORES, CONTATOR, DISPOSITIVOS DE PROTEÇÃO CONTRA SURTO, RELÉ, CONFORME DETALHES EM PROJETO | D57: 8194.49 | G57: =D57 -> 8194.49 | L57: =ROUND(SUM(E57:J57),2) -> 8194.49
C58: SUBTOTAL 06 | D58: 51619.67 | L58: =ROUND(SUM(E58:J58),2) -> 0
B59: 07 | C59: SERVIÇOS COMPLEMENTARES EXTERNOS | L59: =ROUND(SUM(E59:J59),2) -> 0
B60: 07.01 | C60: PAVIMENTAÇÃO | L60: =ROUND(SUM(E60:J60),2) -> 0
B61: 07.01.01 | C61: PISO DE CIMENTADO CAMURÇADO EXECUTADO COM ARGAMASSA DE CIMENTO E AREIA NO TRAÇO 1:3, ESP. 3.0CM | D61: 1617.79 | H61: =D61 -> 1617.79 | L61: =ROUND(SUM(E61:J61),2) -> 1617.79
B62: 07.01.02 | C62: EXECUÇÃO DE PASSEIO EM PISO INTERTRAVADO, COM BLOCO RETANGULAR COLORIDO DE 20 X 10 CM, ESPESSURA 6 CM. AF_12/2015 | D62: 6969.84 | H62: =D62 -> 6969.84 | L62: =ROUND(SUM(E62:J62),2) -> 6969.84
B63: 07.01.03 | C63: FORNECIMENTO E ASSENTAMENTO DE LADRILHO HIDRÁULICO PASTILHADO, VERMELHO, DIM. 20X20 CM, ESP. 1.5CM, ASSENTADO COM PASTA DE CIMENTO COLANTE, EXCLUSIVE REGULARIZAÇÃO E LASTRO | D63: 1500.79 | H63: =D63 -> 1500.79 | L63: =ROUND(SUM(E63:J63),2) -> 1500.79
B64: 07.01.04 | C64: FORNECIMENTO E ASSENTAMENTO DE LADRILHO HIDRÁULICO RANHURADO, VERMELHO, DIM. 20X20 CM, ESP. 1.5CM, ASSENTADO COM PASTA DE CIMENTO COLANTE, EXCLUSIVE REGULARIZAÇÃO E LASTRO | D64: 51.19 | H64: =D64 -> 51.19 | L64: =ROUND(SUM(E64:J64),2) -> 51.19
B65: 07.01.05 | C65: FORNECIMENTO E INSTALAÇÃO DE PISO DRENANTE, SUPERFÍCIE ANTIDERRAPANTE, ACABAMENTO POROSO, ESPESSURA DE 6 CM, DIMENSOES DE 40 X 40 CM , COR NATURAL , E RESISTÊNCIA A COMPRESSÃO MÍNIMA DE 20 MPA, ASSENTADOS SOBRE CAMADA DE AREIA GROSSA NA ESPESSURA DE 5 CM, PEDRISCO LAVADO 10 CM, SOLO COMPACTADO MANUALMENTE. MARCA DE REF.: PLACA DRENANTE 40, FABRICANTE SALVADOR PREMOLDADOS OU SIMILAR. | D65: 14698.93 | H65: =D65*0.5 -> 7349.465 | I65: =D65*0.5 -> 7349.465 | L65: =ROUND(SUM(E65:I65),2) -> 14698.93
B66: 07.01.06 | C66: FORNECIMENTO E INSTALAÇÃO DE PISO DRENANTE, SUPERFÍCIE ANTIDERRAPANTE, ACABAMENTO POROSO, ESPESSURA DE 6 CM, DIMENSOES DE 40 X 40 CM , COR GRAFITE , E RESISTÊNCIA A COMPRESSÃO MÍNIMA DE 20 MPA, ASSENTADOS SOBRE CAMADA DE AREIA GROSSA NA ESPESSURA DE 5 CM, PEDRISCO LAVADO 10 CM, SOLO COMPACTADO MANUALMENTE. MARCA DE REF.: PLACA DRENANTE 40 , FABRICANTE SALVADOR PREMOLDADOS OU SIMILAR. | D66: 3904.46 | H66: =D66 -> 3904.46 | L66: =ROUND(SUM(E66:J66),2) -> 3904.46
B67: 07.01.07 | C67: ASSENTAMENTO DE GUIA (MEIO-FIO) EM TRECHO RETO, CONFECCIONADA EM CONCRETO PRÉ-FABRICADO, DIMENSÕES 100X15X13X20 CM (COMPRIMENTO X BASE INFERIOR X BASE SUPERIOR X ALTURA), PARA URBANIZAÇÃO INTERNA DE EMPREENDIMENTOS. AF_06/2016_P | D67: 4677.3 | H67: =D67 -> 4677.3 | L67: =ROUND(SUM(E67:J67),2) -> 4677.3
B68: 07.01.08 | C68: ASSENTAMENTO DE GUIA (MEIO-FIO) EM TRECHO CURVO, CONFECCIONADA EM CONCRETO PRÉ-FABRICADO, DIMENSÕES 100X15X13X20 CM (COMPRIMENTO X BASE INFERIOR X BASE SUPERIOR X ALTURA), PARA URBANIZAÇÃO INTERNA DE EMPREENDIMENTOS. AF_06/2016_P | D68: 425.15 | H68: =D68 -> 425.15 | L68: =ROUND(SUM(E68:J68),2) -> 425.15
B69: 07.01.09 | C69: EXECUÇÃO DE PASSEIO (CALÇADA) OU PISO DE CONCRETO COM CONCRETO MOLDADO IN LOCO, USINADO, ACABAMENTO CONVENCIONAL, ESPESSURA 6 CM, ARMADO. AF_07/2016 | D69: 1574.97 | H69: =D69 -> 1574.97 | L69: =ROUND(SUM(E69:J69),2) -> 1574.97
L70: =ROUND(SUM(E70:J70),2) -> 0
B71: 07.02 | C71: PAISAGISMO | L71: =ROUND(SUM(E71:J71),2) -> 0
B72: 07.02.01 | C72: FORNECIMENTO E PLANTIO DA PLUMERIA RUBRA (JASMIM MANGA) | D72: 262.99 | J72: =D72 -> 262.99 | L72: =ROUND(SUM(E72:J72),2) -> 262.99
B73: 07.02.02 | C73: FORNECIMENTO E PLANTIO DA CLORÓFITO (GRAVATINHA) | D73: 96.85 | J73: =D73 -> 96.85 | L73: =ROUND(SUM(E73:J73),2) -> 96.85
B74: 07.02.03 | C74: FORNECIMENTO E PLANTIO DA CORDYLINE TERMINALIS (DRACENA VERMELHA) | D74: 1437.14 | J74: =D74 -> 1437.14 | L74: =ROUND(SUM(E74:J74),2) -> 1437.14
B75: 07.02.04 | C75: FORNECIMENTO E PLANTIO DA TIBOUCHINA MUTABILIS (QUARESMEIRA) | D75: 397.44 | J75: =D75 -> 397.44 | L75: =ROUND(SUM(E75:J75),2) -> 397.44
B76: 07.02.05 | C76: FORNECIMENTO E PLANTIO DA DIETES BICOLOR (MORÉIA) | D76: 5015.27 | J76: =D76 -> 5015.27 | L76: =ROUND(SUM(E76:J76),2) -> 5015.27
B77: 07.02.06 | C77: FONECIMENTO E PLANTIO DA TRADESCANTIA SPATHACEA (ABACAXI-ROXO) | D77: 1865.6 | J77: =D77 -> 1865.6 | L77: =ROUND(SUM(E77:J77),2) -> 1865.6
B78: 07.02.07 | C78: FORNECIMENTO E PLANTIO DA TIBOUCHINA MUTABILIS (MANACÁ DA SERRA) | D78: 420.15 | J78: =D78 -> 420.15 | L78: =ROUND(SUM(E78:J78),2) -> 420.15
B79: 07.02.08 | C79: FORNECIMENTO E PLANTIO DE MARANTA (MARANTA) | D79: 810.49 | J79: =D79 -> 810.49 | L79: =ROUND(SUM(E79:J79),2) -> 810.49
B80: 07.02.09 | C80: FORNECIMENTO E PLANTIO DA WODYETIA BIFURCATA (PALMEIRA RABO DE RAPOSA) | D80: 535.83 | J80: =D80 -> 535.83 | L80: =ROUND(SUM(E80:J80),2) -> 535.83
B81: 07.03 | C81: DIVERSOS EXTERNOS | L81: =ROUND(SUM(E81:J81),2) -> 0
B82: 07.03.01 | C82: FORNECIMENTO E INSTALAÇÃO DE LIXEIRA SELETIVA 50 LITROS, COM SUPORTE TUBULAR EM AÇO GALVANIZADO, DN 3", INCLUINDO CHUMBAMENTO EM BASE DE CONCRETO, FUNDAÇÃO (ESCAVAÇÃO, REATERRO) | D82: 1213.54 | J82: =D82 -> 1213.54 | L82: =ROUND(SUM(E82:J82),2) -> 1213.54
B83: 07.03.02 | C83: BANCO DE CONCRETO ARMADO APARENTE FCK=15 MPA, COM APOIOS DE CONCRETO, LARGURA DE 45CM, ESPESSURA DE 7CM E ALTURA DE 45CM | D83: 2688.6 | H83: =D83 -> 2688.6 | L83: =ROUND(SUM(E83:J83),2) -> 2688.6
B84: 07.03.03 | C84: CANTEIRO TIPO 3, BANCO E MESA EM MADEIRA DE LEI E CANTEIRO EM BLOCO DE CONCRETO ESTRUTURAL, CHEIO, DIMENSÕES 14x19x29CM, CHAPISCADO E REBOCADO, COM APLICAÇÃO PINTURA ACRÍLICA, INCLUSIVE CANTEIRO DE PLANTAS COM CAMADA DE BRITA 2, AREIA GROSSA E TERRA, COM ESPESSURA DE 15 CM CADA, IMPERMEABILIZAÇÃO INTERNA COM IGOLFLEX, CONFORME DIMENSÕES INDICADAS EM PROJETO, INCLUSIVE PINTURA E VERNIZ NA MADEIRA | D84: 10233.66 | H84: =D84 -> 10233.66 | L84: =ROUND(SUM(E84:J84),2) -> 10233.66
B85: 07.03.04 | C85: CANTEIRO TIPO 4, CONSTRUÍDO EM BLOCO DE CONCRETO ESTRUTURAL, CHEIO, DIMENSÕES 14x19x29CM, CHAPISCADO E REBOCADO, APLICAÇÃO DE PINTURA ACRÍLICA, INCLUSIVE CANTEIRO DE PLANTAS IMPERMEABILIZADO INTERNAMENTE COM IGOLFLEX, NAS DIMENSÕES INDICADAS EM PROJETO, FUNDAÇÃO (ESCAVAÇÃO, REATERRO) | D85: 2653.76 | H85: =D85 -> 2653.76 | L85: =ROUND(SUM(E85:J85),2) -> 2653.76
B86: 07.03.05 | C86: CANTEIRO TIPO 5, COM BANCOS CONSTRUÍDOS EM CONCRETO ARMADO, COM ACABAMENTO EM CONCRETO APARENTE E ALVENARIA DE BLOCOS DE CONCRETO CHAPISCADOS E REBOCADOS, COM PINTURA IMPERMEABILIZANTE HIDROFUGANTE E PINTURA ACRÍLICA 3 DEMÃOS, INCLUSIVE CANTEIRO DE PLANTAS COM CAMADA DE BRITA 2, AREIA GROSSA E TERRA, COM ESPESSURA DE 15 CM CADA, IMPERMEABILIZAÇÃO INTERNA COM IGOLFLEX, NAS DIMENSÕES INDICADAS EM PROJETO, FUNDAÇÃO (ESCAVAÇÃO, REATERRO), CONFORME PROJETO | D86: 17113.219 | H86: =D86 -> 17113.219 | L86: =ROUND(SUM(E86:J86),2) -> 17113.22
B87: 07.03.06 | C87: TOTEM EM CONCRETO ARMADO FCK 25 MPA, REVESTIDO EM GRANITO CINZA ANDORINHA ESP= 2 CM, INCLUSIVE FUNDAÇÃO, ESCAVAÇÃO E REATERRO, CONFORME PROJETO | D87: 2201.8603 | H87: =D87 -> 2201.8603 | L87: =ROUND(SUM(E87:J87),2) -> 2201.86
B88: 07.03.07 | C88: FORNECIMENTO E INSTALAÇÃO DE PERGOLADO EM MADEIRA DE LEI, CONSTRUIDA COM PILARES DE SEÇÃO 20X20 CM ENTRE VÃOS DE 3,30 M , ASSENTADOS E ENGASTADO SOB PILARETES E SAPATAS; INCLUSIVE ESCAVAÇÃO E REATERRO, BLOCO DE APOIO REVESTIDO EM GRANITO APICOADO COM APLICAÇÃO DE RESINA HIDROFUGANTE; TRAVESSAS DE MADEIRA NAS PONTAS DIM. 15X6 CM COMP. 3,20M ; VIGAS DE MADEIRA LATERAL DIM. 23X6 CM , COMPR. 3,50 M ; TRAVESSAS DE MADEIRA 15X6 CM COMPR. 3,50 M ; MADEIRA APARELHADA E PINTADA COM ACABAMENTO STAIN OU SIMILAR, CONFORME PROJETO | D88: 12616.294 | J88: =D88 -> 12616.294 | L88: =ROUND(SUM(E88:J88),2) -> 12616.29
B89: 07.03.08 | C89: FABRICAÇÃO, MONTAGEM E INSTALAÇÃO DE ABRIGO PARA PONTO DE ÔNIBUS EM ESTRUTURA METÁLICA (MATERIAL ASTM A-36 / SAE 1020), DESCRIÇÕES CONFORME PROJETO, COM TRATAMENTO ANTICORROSIVO, PINTURA LÍQUIDA INDUSTRIAL, PINTURA PRIMER EPÓXI, PINTURA DE ACABAMENTO METÁLICO, DE 1ª LINHA (3 DEMÃOS) E COBERTURA EM TELHA TRAPEZOIDAL LR 40, PRÉ PINTADA BRANCO, ESP 0,50MM. PILARES EM CONCRETO ARMADO APARENTE E PINTADOS COM VERNIZ POLIURETANO, TRÊS DEMÃOS, ALÉM DE FUNDAÇÃO (ESCAVAÇÃO, REATERRO), CONSIDERANDO MOBILIZAÇÃO E DESMOBILIZAÇÃO DE PESSOAL E EQUIPAMENTOS | D89: 38861.48 | H89: =D89*0.5 -> 19430.74 | J89: =D89*0.5 -> 19430.74 | L89: =ROUND(SUM(E89:J89),2) -> 38861.48
C90: SUBTOTAL 07 | D90: 133844.59 | J90: =SUM(J82:J89) -> 33260.573 | K90: =J90/L94 -> 0.11086922 | L90: =ROUND(SUM(E90:J90),2) -> 33260.57
B91: 08 | C91: TRATAMENTO, CONSERVAÇÃO E LIMPEZA | L91: =ROUND(SUM(E91:J91),2) -> 0
B92: 08.01.01 | C92: LIMPEZA GERAL DE OBRAS (QUADRAS, PRAÇAS E JARDINS) | D92: 498.01 | J92: =D92 -> 498.01 | L92: =ROUND(SUM(E92:J92),2) -> 498.01
C93: SUBTOTAL 08 | D93: 498.01
E94: =SUM(E4:E93) -> 46960.231 | F94: =SUM(F4:F93) -> 17401.293 | G94: =SUM(G4:G93) -> 21306.285 | H94: =SUM(H4:H93) -> 85295.659 | I94: =SUM(I4:I93) -> 44596.4 | J94: =SUM(J4:J93) -> 84438.409 | L94: =SUM(L4:L92) -> 299998.27
E95: =E94/L94 -> 0.156535 | F95: =F94/L94 -> 0.058004644 | G95: =G94/L94 -> 0.071021358 | H95: =H94/L94 -> 0.2843205 | I95: =I94/L94 -> 0.14865552 | J95: =J94/L94 -> 0.28146299 | L95: =SUM(E95:J95) -> 1

Sheet QUADRO ESTRUTURAL TÓTEM
A1: ANEXO A - QUADRO ESTRUTURAL DO TOTEM
A2: QUADRO DE FERRAGEM DA ESTRUTURA DO TÓTEM
A3: Aço | B3: N | C3: Ø(mm) | D3: QUANT | E3: QUANT | F3: COMPRIMENTO(m) | I3: Total (kg)
E4: TOTAL | F4: unitário | G4: Total/und | H4: total geral | I4: kg/m | J4: kg
A5: 50A | B5: 1 | C5: 10 | D5: 8 | E5: 1 | F5: 2.09 | G5: =D5*F5 -> 16.72 | H5: =E5*G5 -> 16.72 | I5: 0.617 | J5: =I5*H5 -> 10.31624
A6: 60B | B6: 2 | C6: 5 | D6: 15 | E6: 1 | F6: 1.66 | G6: =D6*F6 -> 24.9 | H6: =E6*G6 -> 24.9 | I6: 0.16 | J6: =I6*H6 -> 3.984
A7: 60B | B7: 3 | C7: 10 | D7: 9 | E7: 1 | F7: 1.74 | G7: =D7*F7 -> 15.66 | H7: =E7*G7 -> 15.66 | I7: 0.617 | J7: =I7*H7 -> 9.66222
A8: 50A | B8: 4 | C8: 10 | D8: 11 | E8: 1 | F8: 1.44 | G8: =D8*F8 -> 15.84 | H8: =E8*G8 -> 15.84 | I8: 0.617 | J8: =I8*H8 -> 9.77328
H9: Sub-Total= | J9: =SUM(J5:J8) -> 33.73574
H11: 10.0MM | I11: TOTAL= | J11: =J5+J7+J8 -> 29.75174
H12: 5.0MM | I12: TOTAL= | J12: =J6 -> 3.984
A15: VOLUME CONCRETO | C15: A (m) | D15: B(m) | E15: H(m) | F15: VOL(m3) | G15: QUANT | H15: TOTAL(m3)
A16: RADIER | C16: 1.4 | D16: 1.1 | E16: 0.25 | F16: =C16*D16*E16 -> 0.385 | G16: 1 | H16: =F16*G16 -> 0.385
A17: PILAR | C17: 0.3 | D17: 0.6 | E17: 1.6 | F17: =C17*D17*E17 -> 0.288 | G17: 1 | H17: =F17*G17 -> 0.288
A18: BASE PILAR 1 | C18: 0.7 | D18: 1 | E18: 0.15 | F18: =C18*D18*E18 -> 0.105 | G18: 1 | H18: =F18*G18 -> 0.105
A19: BASE PILAR 2 | C19: 0.5 | D19: 0.8 | E19: 0.15 | F19: =C19*D19*E19 -> 0.06 | G19: 1 | H19: =F19*G19 -> 0.06
G20: TOTAL | H20: =SUM(H16:H19) -> 0.838
A22: VOLUME CONCRETO MAGRO | C22: A (m) | D22: B(m) | E22: H(m) | F22: VOL(m3) | G22: QUANT | H22: TOTAL(m3)
A23: SAPATAS | F23: =C23*D23*E23 -> 0 | H23: =F23*G23 -> 0
G24: TOTAL | H24: =SUM(H23:H23) -> 0
A26: FORMA | C26: A(m) | D26: B(m) | E26: C(m) | F26: D(m) | G26: COMP(m) | H26: ÁREA | I26: QUANT | J26: TOTAL(m²)
A27: PILARES | C27: 0.3 | D27: 0.3 | E27: 0.6 | F27: 0.6 | G27: 1.6 | H27: =(C27+D27+E27+F27)*G27 -> 2.88 | I27: 1 | J27: =I27*H27 -> 2.88
A28: BASE PILAR 1 | C28: 0.7 | D28: 0.7 | E28: 1 | F28: 1 | G28: 0.15 | H28: =(C28+D28+E28+F28)*G28 -> 0.51 | I28: 1 | J28: =I28*H28 -> 0.51
A29: BASE PILAR 2 | C29: 0.5 | D29: 0.5 | E29: 0.8 | F29: 0.8 | G29: 0.15 | H29: =(C29+D29+E29+F29)*G29 -> 0.39 | I29: 1 | J29: =I29*H29 -> 0.39
H30: TOTAL | J30: =SUM(J27:J29) -> 3.78
A32: ESCAVAÇÃO | C32: A (m) | D32: B(m) | E32: H(m) | F32: VOL(m3) | G32: QUANT | H32: TOTAL(m3)
A33: SAPATAS | C33: 1.4 | D33: 1.1 | E33: 0.25 | F33: =C33*D33*E33 -> 0.385 | G33: 1 | H33: =F33*G33 -> 0.385
G34: TOTAL | H34: =SUM(H33:H33) -> 0.385
A36: PINTURA | C36: QUANT | D36: L(m) | E36: C(m) | F36: H(m) | H36: A(m2)
A37: PILARES | C37: 1 | D37: 0.3 | E37: 0.6 | F37: 1.6 | H37: =(((D37+E37)*2)*F37*C37) -> 2.88
A38: BASE PILAR 1 | C38: 1 | D38: 0.7 | E38: 1 | F38: 0.15 | H38: =((D38+E38)*2)*F38 -> 0.51
A39: BASE PILAR 2 | C39: 1 | D39: 0.5 | E39: 0.8 | F39: 0.15 | H39: =((D39+E39)*2)*F39 -> 0.39
A40: FACE SUPERIOR PILAR | C40: 1 | D40: 0.3 | E40: 0.6 | H40: =D40*E40 -> 0.18
A41: FACE SUPERIOR BASES | C41: 1 | D41: 0.1 | E41: 6 | H41: =D41*E41 -> 0.6
G42: TOTAL | H42: =SUM(H37:H41) -> 4.56

Sheet QUADRO ESTRUTURAL PONTO ONIBUS
A1: ANEXO B - QUADRO ESTRUTURAL DO ABRIGO PARA PONTO DE ÔNIBUS
A2: QUADRO DE FERRAGEM DA ESTRUTURA DO ABRIGO PARA PONTO DE ÔNIBUS
A3: Aço | B3: N | C3: Ø(mm) | D3: QUANT | E3: QUANT | F3: COMPRIMENTO(m) | I3: Total (kg)
E4: TOTAL | F4: unitário | G4: Total/und | H4: total geral | I4: kg/m | J4: kg
A5: 50A | B5: 1 | C5: 8 | D5: 10 | E5: 4 | F5: 1.12 | G5: =D5*F5 -> 11.2 | H5: =E5*G5 -> 44.8 | I5: 0.395 | J5: =I5*H5 -> 17.696
A6: 60B | B6: 2 | C6: 5 | D6: 11 | E6: 4 | F6: 1.36 | G6: =D6*F6 -> 14.96 | H6: =E6*G6 -> 59.84 | I6: 0.16 | J6: =I6*H6 -> 9.5744
A7: 60B | B7: 3 | C7: 5 | D7: 18 | E7: 4 | F7: 1.36 | G7: =D7*F7 -> 24.48 | H7: =E7*G7 -> 97.92 | I7: 0.16 | J7: =I7*H7 -> 15.6672
A8: 50A | B8: 4 | C8: 8 | D8: 4 | E8: 4 | F8: 2.32 | G8: =D8*F8 -> 9.28 | H8: =E8*G8 -> 37.12 | I8: 0.395 | J8: =I8*H8 -> 14.6624
A9: 50A | B9: 5 | C9: 8 | D9: 4 | E9: 4 | F9: 3.35 | G9: =D9*F9 -> 13.4 | H9: =E9*G9 -> 53.6 | I9: 0.395 | J9: =I9*H9 -> 21.172
A10: 50A | B10: 6 | C10: 8 | D10: 4 | E10: 2 | F10: 5.94 | G10: =D10*F10 -> 23.76 | H10: =E10*G10 -> 47.52 | I10: 0.395 | J10: =I10*H10 -> 18.7704
A11: 60B | B11: 7 | C11: 5 | D11: 31 | E11: 2 | F11: 0.9 | G11: =D11*F11 -> 27.9 | H11: =E11*G11 -> 55.8 | I11: 0.16 | J11: =I11*H11 -> 8.928
A12: 60B | B12: 8 | C12: 5 | D12: 22 | E12: 4 | F12: 0.9 | G12: =D12*F12 -> 19.8 | H12: =E12*G12 -> 79.2 | I12: 0.16 | J12: =I12*H12 -> 12.672
A13: 50A | B13: 9 | C13: 8 | D13: 4 | E13: 4 | F13: 4.24 | G13: =D13*F13 -> 16.96 | H13: =E13*G13 -> 67.84 | I13: 0.395 | J13: =I13*H13 -> 26.7968
H14: Sub-Total= | J14: =SUM(J5:J13) -> 145.9392
C16: TAXA AÇO/ M3 | E16: =J14/H25 -> 30.531213 | H16: 8.0MM | I16: TOTAL= | J16: =J5+J8+J9+J10+J13 -> 99.0976
H17: 5.0MM | I17: TOTAL= | J17: =J6+J7+J11+J12 -> 46.8416
A20: VOLUME CONCRETO | C20: A (m) | D20: B(m) | E20: H(m) | F20: VOL(m3) | G20: QUANT | H20: TOTAL(m3)
A21: SAPATAS | C21: 0.8 | D21: 0.8 | E21: 0.25 | F21: =C21*D21*E21 -> 0.16 | G21: 4 | H21: =F21*G21 -> 0.64
A22: PILARES | C22: 0.25 | D22: 0.5 | E22: =1.5+3.38 -> 4.88 | F22: =C22*D22*E22 -> 0.61 | G22: 4 | H22: =F22*G22 -> 2.44
A23: VIGA V1-V2 | C23: 0.25 | D23: 0.25 | E23: 6 | F23: =C23*D23*E23 -> 0.375 | G23: 2 | H23: =F23*G23 -> 0.75
A24: VIGA V3-V6 | C24: 0.25 | D24: 0.25 | E24: 3.8 | F24: =C24*D24*E24 -> 0.2375 | G24: 4 | H24: =F24*G24 -> 0.95
G25: TOTAL | H25: =SUM(H21:H24) -> 4.78
A27: VOLUME CONCRETO MAGRO | C27: A (m) | D27: B(m) | E27: H(m) | F27: VOL(m3) | G27: QUANT | H27: TOTAL(m3)
A28: SAPATAS | C28: 0.8 | D28: 0.8 | E28: 0.05 | F28: =C28*D28*E28 -> 0.032 | G28: 4 | H28: =F28*G28 -> 0.128
G29: TOTAL | H29: =SUM(H28:H28) -> 0.128
A31: FORMA | C31: A(m) | D31: B(m) | E31: C(m) | F31: D(m) | G31: COMP(m) | H31: ÁREA | I31: QUANT | J31: TOTAL(m²)
A32: PILARES | C32: 0.25 | D32: 0.25 | E32: 0.5 | F32: 0.5 | G32: =4.88-0.25 -> 4.63 | H32: =(C32+D32+E32+F32)*G32 -> 6.945 | I32: 4 | J32: =I32*H32 -> 27.78
A33: VIGA V1-V2 | C33: 0.25 | D33: 0.25 | G33: 6 | H33: =(C33+D33+E33+F33)*G33 -> 3 | I33: 2 | J33: =I33*H33 -> 6
A34: VIGA V3-V6 | C34: 0.25 | D34: 0.25 | G34: 4.3 | H34: =(C34+D34+E34+F34)*G34 -> 2.15 | I34: 4 | J34: =I34*H34 -> 8.6
H35: TOTAL | J35: =SUM(J32:J34) -> 42.38
A37: ESCAVAÇÃO | C37: A (m) | D37: B(m) | E37: H(m) | F37: VOL(m3) | G37: QUANT | H37: TOTAL(m3)
A38: SAPATAS | C38: 0.8 | D38: 0.8 | E38: 1.55 | F38: =C38*D38*E38 -> 0.992 | G38: 4 | H38: =F38*G38 -> 3.968
A39: VIGAS V1-V2 | C39: 0.25 | D39: 6 | E39: 0.25 | F39: =C39*D39*E39 -> 0.375 | G39: 2 | H39: =F39*G39 -> 0.75
A40: VIGAS V3-V6 | C40: 0.25 | D40: =4.3-(0.25*2) -> 3.8 | E40: 0.25 | F40: =C40*D40*E40 -> 0.2375 | G40: 4 | H40: =F40*G40 -> 0.95
G41: TOTAL | H41: =SUM(H38:H40) -> 5.668
A43: PILARETE | B43: 0.25 | C43: 0.5 | D43: 1.25 | E43: =B43*C43*D43 -> 0.15625
E44: REATERRO | H44: =H41-(E43+H29+H21+H23+H24) -> 3.04375

Sheet COTAÇÕES
A1: =#REF! -> #REF!
A3: =#REF! -> #REF!
A4: =#REF! -> #REF!
A7: COTAÇÕES
A8: ITEM | B8: DESCRIÇÃO | C8: UNIDADE | D8: QUANTIDADE | E8: COTAÇÕES EFETUADAS | N8: LIMITE MÉDIA (R$) V. UNT. | O8: PREÇO MÉDIO - VALOR UNIT. (R$) | P8: OBSERVAÇÕES
E9: FORNECEDOR 01 | F9: PREÇO 01 | G9: DATA PREÇO 01 | H9: FORNECEDOR 02 | I9: PREÇO 02 | J9: DATA PREÇO 02 | K9: FORNECEDOR 03 | L9: PREÇO 03 | M9: DATA PREÇO 03
A10: PAI-01 | B10: JASMIN MANGA (Plumeria Rubra) | C10: UND | D10: 1 | E10: Flores e fardins / JN 99501-1569 | F10: 145 | G10: 43252 | H10: Sempre Verde / Vitória (27) 3203-8500 | I10: =#REF! -> #REF! | J10: 43252 | K10: Polen Garden / Vila Velha (27) 3325-0301 | L10: =#REF! -> #REF! | M10: 43252 | N10: =(IF(F10>0,F10,0)+IF(I10>0,I10,0)+IF(L10>0,L10,0))*1.2/(IF(F10>0,1,0)+IF(I10>0,1,0)+IF(L10>0,1,0)) -> #REF! | O10: =AVERAGE(F10,I10,L10) -> #REF!
A11: PAI-02 | B11: CLORÓFITO (GRAVATINHA) (chlorofhitum comosum) | C11: UND | D11: 1 | E11: Flores e fardins / JN 99501-1570 | F11: =#REF! -> #REF! | G11: 43253 | H11: Sempre Verde / Vitória (27) 3203-8501 | I11: =#REF! -> #REF! | J11: 43253 | K11: Polen Garden / Vila Velha (27) 3325-0302 | L11: =#REF! -> #REF! | M11: 43253 | N11: =(IF(F11>0,F11,0)+IF(I11>0,I11,0)+IF(L11>0,L11,0))*1.2/(IF(F11>0,1,0)+IF(I11>0,1,0)+IF(L11>0,1,0)) -> #REF! | O11: =AVERAGE(F11,I11,L11) -> #REF!
A12: PAI-03 | B12: DRACENA ROXA (Cordyline Rubra) | C12: UND | D12: 1 | E12: Flores e fardins / JN 99501-1571 | F12: =#REF! -> #REF! | G12: 43254 | H12: Sempre Verde / Vitória (27) 3203-8502 | I12: =#REF! -> #REF! | J12: 43254 | K12: Polen Garden / Vila Velha (27) 3325-0303 | L12: =#REF! -> #REF! | M12: 43254 | N12: =(IF(F12>0,F12,0)+IF(I12>0,I12,0)+IF(L12>0,L12,0))*1.2/(IF(F12>0,1,0)+IF(I12>0,1,0)+IF(L12>0,1,0)) -> #REF! | O12: =AVERAGE(F12,I12,L12) -> #REF!
A13: PAI-04 | B13: QUARESMEIRA (tibouchina mutabilis) | C13: UND | D13: 1 | E13: Flores e fardins / JN 99501-1572 | F13: =#REF! -> #REF! | G13: 43255 | H13: Sempre Verde / Vitória (27) 3203-8503 | I13: =#REF! -> #REF! | J13: 43255 | K13: Polen Garden / Vila Velha (27) 3325-0304 | L13: =#REF! -> #REF! | M13: 43255 | N13: =(IF(F13>0,F13,0)+IF(I13>0,I13,0)+IF(L13>0,L13,0))*1.2/(IF(F13>0,1,0)+IF(I13>0,1,0)+IF(L13>0,1,0)) -> #REF! | O13: =AVERAGE(F13,I13,L13) -> #REF!
A14: PAI-05 | B14: MORÉIA (Dietes Bicolor) | C14: UND | D14: 1 | E14: Flores e fardins / JN 99501-1573 | F14: =#REF! -> #REF! | G14: 43256 | H14: Sempre Verde / Vitória (27) 3203-8504 | I14: =#REF! -> #REF! | J14: 43256 | K14: Polen Garden / Vila Velha (27) 3325-0305 | L14: =#REF! -> #REF! | M14: 43256 | N14: =(IF(F14>0,F14,0)+IF(I14>0,I14,0)+IF(L14>0,L14,0))*1.2/(IF(F14>0,1,0)+IF(I14>0,1,0)+IF(L14>0,1,0)) -> #REF! | O14: =AVERAGE(F14,I14,L14) -> #REF!
A15: PAI-06 | B15: Abacaxi-Roxo (Tradescantia Spathacea) | C15: UND | D15: 1 | E15: Flores e fardins / JN 99501-1574 | F15: =#REF! -> #REF! | G15: 43257 | H15: Sempre Verde / Vitória (27) 3203-8505 | I15: =#REF! -> #REF! | J15: 43257 | K15: Polen Garden / Vila Velha (27) 3325-0306 | L15: =#REF! -> #REF! | M15: 43257 | N15: =(IF(F15>0,F15,0)+IF(I15>0,I15,0)+IF(L15>0,L15,0))*1.2/(IF(F15>0,1,0)+IF(I15>0,1,0)+IF(L15>0,1,0)) -> #REF! | O15: =AVERAGE(F15,I15,L15) -> #REF!
A16: PAI-07 | B16: Manaca da Serra (Tibouchina mutabilis) | C16: UND | D16: 1 | E16: Flores e fardins / JN 99501-1575 | F16: =#REF! -> #REF! | G16: 43258 | H16: Sempre Verde / Vitória (27) 3203-8506 | I16: =#REF! -> #REF! | J16: 43258 | K16: Polen Garden / Vila Velha (27) 3325-0307 | L16: =#REF! -> #REF! | M16: 43258 | N16: =(IF(F16>0,F16,0)+IF(I16>0,I16,0)+IF(L16>0,L16,0))*1.2/(IF(F16>0,1,0)+IF(I16>0,1,0)+IF(L16>0,1,0)) -> #REF! | O16: =AVERAGE(F16,I16,L16) -> #REF!
A17: PAI-08 | B17: Maranta (Maranta) | C17: UND | D17: 1 | E17: Flores e fardins / JN 99501-1576 | F17: =#REF! -> #REF! | G17: 43259 | H17: Sempre Verde / Vitória (27) 3203-8507 | I17: =#REF! -> #REF! | J17: 43259 | K17: Polen Garden / Vila Velha (27) 3325-0308 | L17: =#REF! -> #REF! | M17: 43259 | N17: =(IF(F17>0,F17,0)+IF(I17>0,I17,0)+IF(L17>0,L17,0))*1.2/(IF(F17>0,1,0)+IF(I17>0,1,0)+IF(L17>0,1,0)) -> #REF! | O17: =AVERAGE(F17,I17,L17) -> #REF!
A18: PAI-09 | B18: Palmeira Rabo de Raposa (Wodyetia bifurcata) | C18: UND | D18: 1 | E18: Flores e fardins / JN 99501-1577 | F18: =#REF! -> #REF! | G18: 43260 | H18: Sempre Verde / Vitória (27) 3203-8508 | I18: =#REF! -> #REF! | J18: 43260 | K18: Polen Garden / Vila Velha (27) 3325-0309 | L18: =#REF! -> #REF! | M18: 43260 | N18: =(IF(F18>0,F18,0)+IF(I18>0,I18,0)+IF(L18>0,L18,0))*1.2/(IF(F18>0,1,0)+IF(I18>0,1,0)+IF(L18>0,1,0)) -> #REF! | O18: =AVERAGE(F18,I18,L18) -> #REF!
A19: LIX - 01 | B19: Lixeira 50l | C19: UND | D19: 1 | E19: Colect Vitória / (27) 3421-7082 / 98152-9700 | F19: =#REF! -> #REF! | G19: 43261 | H19: Só Lixeiras / (17) 3463-9221 www.solixeiras.com | I19: =#REF! -> #REF! | J19: 43353 | K19: Central Condomínios / (27) 3337-8019 / 3337-3563 www.centralcondominios.com | L19: =#REF! -> #REF! | M19: 43352 | O19: =AVERAGE(F19,I19,L19) -> #REF!
A20: COMP-16 | B20: PISO DRENANTE TIPO PLACA E SUPERFÍCIE ANTIDERRAPANTE, ACABAMENTO POROSO, ESPESSURA DE 6 CM, DIMENSOES DE 40 X 40 CM , COR NATURAL , E RESISTÊNCIA A COMPRESSÃO MÍNIMA DE 20 MPA | C20: M2 | D20: 1 | E20: SALVADOR PRÉ-MOLDADOS / (27) 99963-5218 / 3298-8000 | F20: =#REF! -> #REF! | G20: 43262 | P20: Obs: Dep. Comercial, Pedro Batista. Só pegamos esta cotação, por ser o único do Estado do ES a produzir o material.
A21: COMP-17 | B21: PISO DRENANT TIPO PLACA E SUPERFÍCIE ANTIDERRAPANTE, ACABAMENTO POROSO, ESPESSURA DE 6 CM, DIMENSOES DE 40 X 40 CM , COR GRAFITE , E RESISTÊNCIA A COMPRESSÃO MÍNIMA DE 20 MPA | C21: M3 | D21: 1 | E21: SALVADOR PRÉ-MOLDADOS / (27) 99963-5218 / 3298-8001 | F21: =#REF! -> #REF! | G21: 43263 | P21: Obs: Dep. Comercial, Pedro Batista. Só pegamos esta cotação, por ser o único do Estado do ES a produzir o material.
A22: COMP-19 | B22: PISO TÁTIL ALERTA DIRECIONAL OU PONTILHADO 20X20 NATURAL OU VERMELHO | C22: M4 | D22: 1 | E22: SALVADOR PRÉ-MOLDADOS / (27) 99963-5218 / 3298-8002 | F22: =#REF! -> #REF! | G22: 43264
A26: C-ARQ-035 | B26: BLOCOS PRÉ MOLDADOS DE CONCRETO DRENANTE, NAS DIMENSÕES DE 40X40CM, NA COR CONCRETO NATURAL, ESPESSURA DE 6CM,ASSENTADOS SOBRE COLCHÃO DE AREIA NA ESPESSURA DE 10 CM | C26: M2 | D26: 1 | E26: EMPRESAS CITY | F26: 38 | H26: RHINO PISOS | I26: 39 | N26: =(IF(F26>0,F26,0)+IF(I26>0,I26,0)+IF(L26>0,L26,0))*1.2/(IF(F26>0,1,0)+IF(I26>0,1,0)+IF(L26>0,1,0)) -> 46.2 | O26: =(IF(F26<=N26,F26,0)+IF(I26<=N26,I26,0)+IF(L26<=N26,L26,0))/(3-(IF(F26>N26,1,IF(F26=0,1,0))+IF(I26>N26,1,IF(I26=0,1,0))+IF(L26>N26,1,IF(L26=0,1,0)))) -> 38.5
A27: C-ARQ-036 | B27: BLOCOS PRÉ MOLDADOS DE CONCRETO DRENANTE, NAS DIMENSÕES DE 40X40CM, NA COR GRAFITE, ESPESSURA DE 6CM,ASSENTADOS SOBRE COLCHÃO DE AREIA NA ESPESSURA DE 10 CM | C27: M2 | D27: 1 | E27: EMPRESAS CITY | F27: 43 | H27: RHINO PISOS | I27: 39 | N27: =(IF(F27>0,F27,0)+IF(I27>0,I27,0)+IF(L27>0,L27,0))*1.2/(IF(F27>0,1,0)+IF(I27>0,1,0)+IF(L27>0,1,0)) -> 49.2 | O27: =(IF(F27<=N27,F27,0)+IF(I27<=N27,I27,0)+IF(L27<=N27,L27,0))/(3-(IF(F27>N27,1,IF(F27=0,1,0))+IF(I27>N27,1,IF(I27=0,1,0))+IF(L27>N27,1,IF(L27=0,1,0)))) -> 41
A28: C-ARQ-037 | B28: BANCO PRÉ-MOLDADO DE CONCRETO COM APOIO RETO SEM ENCOSTO | C28: UND | D28: 1 | E28: CF MOLDART | F28: 230 | H28: PREMOARTE | I28: 445 | K28: NEOREX | L28: 230.02 | N28: =(IF(F28>0,F28,0)+IF(I28>0,I28,0)+IF(L28>0,L28,0))*1.2/(IF(F28>0,1,0)+IF(I28>0,1,0)+IF(L28>0,1,0)) -> 362.008 | O28: =(IF(F28<=N28,F28,0)+IF(I28<=N28,I28,0)+IF(L28<=N28,L28,0))/(3-(IF(F28>N28,1,IF(F28=0,1,0))+IF(I28>N28,1,IF(I28=0,1,0))+IF(L28>N28,1,IF(L28=0,1,0)))) -> 230.01
A29: C-ARQ-038 | B29: FRETE PARA BANCO PRÉ-MOLDADO DE CONCRETO COM APOIO RETO SEM ENCOSTO | C29: UND | D29: 1 | E29: FIOROT | F29: 140 | H29: ROMADELI TRANSPORTES | I29: 110.51 | N29: =(IF(F29>0,F29,0)+IF(I29>0,I29,0)+IF(L29>0,L29,0))*1.2/(IF(F29>0,1,0)+IF(I29>0,1,0)+IF(L29>0,1,0)) -> 150.306 | O29: =(IF(F29<=N29,F29,0)+IF(I29<=N29,I29,0)+IF(L29<=N29,L29,0))/(3-(IF(F29>N29,1,IF(F29=0,1,0))+IF(I29>N29,1,IF(I29=0,1,0))+IF(L29>N29,1,IF(L29=0,1,0)))) -> 125.255
A30: C-ARQ-039 | B30: CHAPA DE ACO GALVANIZADO, NO 26 (0,50MM) | C30: KG | D30: 1 | E30: SCO RIO MAT030400 | F30: 3.88 | G30: 42036 | N30: =(IF(F30>0,F30,0)+IF(I30>0,I30,0)+IF(L30>0,L30,0))*1.2/(IF(F30>0,1,0)+IF(I30>0,1,0)+IF(L30>0,1,0)) -> 4.656 | O30: =(IF(F30<=N30,F30,0)+IF(I30<=N30,I30,0)+IF(L30<=N30,L30,0))/(3-(IF(F30>N30,1,IF(F30=0,1,0))+IF(I30>N30,1,IF(I30=0,1,0))+IF(L30>N30,1,IF(L30=0,1,0)))) -> 3.88
A31: C-ARQ-040 | B31: PECA DE MADEIRA SERRADA, SECAO (7,5CM X 7,5CM / 3" X 3") - GRUPO II | C31: M | D31: 1 | E31: SCO RIO MAT096800 | F31: 3.58 | G31: 42037 | N31: =(IF(F31>0,F31,0)+IF(I31>0,I31,0)+IF(L31>0,L31,0))*1.2/(IF(F31>0,1,0)+IF(I31>0,1,0)+IF(L31>0,1,0)) -> 4.296 | O31: =(IF(F31<=N31,F31,0)+IF(I31<=N31,I31,0)+IF(L31<=N31,L31,0))/(3-(IF(F31>N31,1,IF(F31=0,1,0))+IF(I31>N31,1,IF(I31=0,1,0))+IF(L31>N31,1,IF(L31=0,1,0)))) -> 3.58
A32: C-ARQ-041 | B32: PREGO COM CABECA, DE (18X30) | C32: KG | D32: 1 | E32: SCO RIO MAT112150 | F32: 4.36 | G32: 42038 | N32: =(IF(F32>0,F32,0)+IF(I32>0,I32,0)+IF(L32>0,L32,0))*1.2/(IF(F32>0,1,0)+IF(I32>0,1,0)+IF(L32>0,1,0)) -> 5.232 | O32: =(IF(F32<=N32,F32,0)+IF(I32<=N32,I32,0)+IF(L32<=N32,L32,0))/(3-(IF(F32>N32,1,IF(F32=0,1,0))+IF(I32>N32,1,IF(I32=0,1,0))+IF(L32>N32,1,IF(L32=0,1,0)))) -> 4.36
A33: C-ARQ-042 | B33: PREGO GALVANIZADO, COM CABECA, DE (17X27), PARA FIXACAO DE TELHAS ONDULINE OU SIMILAR | C33: UNS | D33: 1 | E33: SCO RIO MAT112350 | F33: 0.3 | G33: 42039 | N33: =(IF(F33>0,F33,0)+IF(I33>0,I33,0)+IF(L33>0,L33,0))*1.2/(IF(F33>0,1,0)+IF(I33>0,1,0)+IF(L33>0,1,0)) -> 0.36 | O33: =(IF(F33<=N33,F33,0)+IF(I33<=N33,I33,0)+IF(L33<=N33,L33,0))/(3-(IF(F33>N33,1,IF(F33=0,1,0))+IF(I33>N33,1,IF(I33=0,1,0))+IF(L33>N33,1,IF(L33=0,1,0)))) -> 0.3
A34: C-ARQ-043 | B34: TINTA - ESMALTE CORALIT ACETINADO, SEMI FOSCO, BR 001, CORAL OU SIMILAR | C34: LATA | D34: 1 | E34: SCO RIO MAT136650 | F34: 302.25 | G34: 42040 | N34: =(IF(F34>0,F34,0)+IF(I34>0,I34,0)+IF(L34>0,L34,0))*1.2/(IF(F34>0,1,0)+IF(I34>0,1,0)+IF(L34>0,1,0)) -> 362.7 | O34: =(IF(F34<=N34,F34,0)+IF(I34<=N34,I34,0)+IF(L34<=N34,L34,0))/(3-(IF(F34>N34,1,IF(F34=0,1,0))+IF(I34>N34,1,IF(I34=0,1,0))+IF(L34>N34,1,IF(L34=0,1,0)))) -> 302.25
A35: C-ARQ-044 | B35: PISO EM LADRILHO HIDRAULICO TRATADO 25 DADOS (20X20)CM, NA COR CINZA | C35: M2 | D35: 1 | E35: SCO RIO MAT097600 | F35: 65 | G35: 42040 | N35: =(IF(F35>0,F35,0)+IF(I35>0,I35,0)+IF(L35>0,L35,0))*1.2/(IF(F35>0,1,0)+IF(I35>0,1,0)+IF(L35>0,1,0)) -> 78 | O35: =(IF(F35<=N35,F35,0)+IF(I35<=N35,I35,0)+IF(L35<=N35,L35,0))/(3-(IF(F35>N35,1,IF(F35=0,1,0))+IF(I35>N35,1,IF(I35=0,1,0))+IF(L35>N35,1,IF(L35=0,1,0)))) -> 65
A36: C-ARQ-045 | B36: BLOCO DE CONCRETO PARA PAVIMENTO INTERTRAVADO, COLORIDO, RESISTENCIA DE 35MPA, ESPESSURA DE 6CM | C36: M2 | D36: 1 | E36: SCO RIO MAT013300 | F36: 34.25 | G36: 42040 | N36: =(IF(F36>0,F36,0)+IF(I36>0,I36,0)+IF(L36>0,L36,0))*1.2/(IF(F36>0,1,0)+IF(I36>0,1,0)+IF(L36>0,1,0)) -> 41.1 | O36: =(IF(F36<=N36,F36,0)+IF(I36<=N36,I36,0)+IF(L36<=N36,L36,0))/(3-(IF(F36>N36,1,IF(F36=0,1,0))+IF(I36>N36,1,IF(I36=0,1,0))+IF(L36>N36,1,IF(L36=0,1,0)))) -> 34.25
A37: C-EQP-006 | B37: LIXEIRA TIPO BARCELONA EM AÇO | E37: GOLONI | F37: 809 | H37: FUNILAR | I37: 450 | N37: =(IF(F37>0,F37,0)+IF(I37>0,I37,0)+IF(L37>0,L37,0))*1.2/(IF(F37>0,1,0)+IF(I37>0,1,0)+IF(L37>0,1,0)) -> 755.4 | O37: =(IF(F37<=N37,F37,0)+IF(I37<=N37,I37,0)+IF(L37<=N37,L37,0))/(3-(IF(F37>N37,1,IF(F37=0,1,0))+IF(I37>N37,1,IF(I37=0,1,0))+IF(L37>N37,1,IF(L37=0,1,0)))) -> 450
A38: C-EQP-007 | B38: FRETE DE LIXEIRA TIPO BARCELONA EM AÇO | E38: ROMADELI TRANSPORTES | F38: 79.05 | H38: FIOROT | I38: 30 | K38: JAMEF | L38: 100.22 | N38: =(IF(F38>0,F38,0)+IF(I38>0,I38,0)+IF(L38>0,L38,0))*1.2/(IF(F38>0,1,0)+IF(I38>0,1,0)+IF(L38>0,1,0)) -> 83.708 | O38: =(IF(F38<=N38,F38,0)+IF(I38<=N38,I38,0)+IF(L38<=N38,L38,0))/(3-(IF(F38>N38,1,IF(F38=0,1,0))+IF(I38>N38,1,IF(I38=0,1,0))+IF(L38>N38,1,IF(L38=0,1,0)))) -> 54.525
A39: C-ELE-006 | B39: DISJUNTOR EM CAIXA MOLDADA DE BAIXA TENSÃO TRIPOLAR, 600V 63A, CAPACIDADE DE RUPTURA 25KA, TIPO TED OU TECNICAMENTE EQUIVALENTE | C39: UND | D39: 1 | E39: DOUTOR ELÉTRICA | F39: 169.8 | H39: ELÉTRICA PAULISTA | I39: 207 | N39: =(IF(F39>0,F39,0)+IF(I39>0,I39,0)+IF(L39>0,L39,0))*1.2/(IF(F39>0,1,0)+IF(I39>0,1,0)+IF(L39>0,1,0)) -> 226.08 | O39: =(IF(F39<=N39,F39,0)+IF(I39<=N39,I39,0)+IF(L39<=N39,L39,0))/(3-(IF(F39>N39,1,IF(F39=0,1,0))+IF(I39>N39,1,IF(I39=0,1,0))+IF(L39>N39,1,IF(L39=0,1,0)))) -> 188.4
A40: C-ELE-007 | B40: QUADRO FABRICADO EM CHAPA DE AÇO ABNT 1010/1020, COMPOSTO POR CAIXA E PLACA DE MONTAGEM COM TRATAMENTO ANTICORROSIVO PELO SISTEMA DE BANHO QUÍMICO, DESENGRAXE E FOSFATIZAÇÃO, PINTADOS PELO SISTEMA ELETROSTÁTICO EPÓXI A PÓ NA COR CINZA (RAL 7032). CAMADA MÉDIA 80 MÍCRONS, DIM. (0,80X0,50X0,35) M | C40: UND | D40: 1 | E40: DOUTOR ELÉTRICA | F40: 385 | H40: COMERCIAL ALTERNATIVA MAT. ELÉTRICO | I40: 322.08 | N40: =(IF(F40>0,F40,0)+IF(I40>0,I40,0)+IF(L40>0,L40,0))*1.2/(IF(F40>0,1,0)+IF(I40>0,1,0)+IF(L40>0,1,0)) -> 424.248 | O40: =(IF(F40<=N40,F40,0)+IF(I40<=N40,I40,0)+IF(L40<=N40,L40,0))/(3-(IF(F40>N40,1,IF(F40=0,1,0))+IF(I40>N40,1,IF(I40=0,1,0))+IF(L40>N40,1,IF(L40=0,1,0)))) -> 353.54
A41: C-ELE-008 | B41: ISOLADOR DE POLIESTER PARALELO PARA BAIXA TENSÃO Ø40MM, ALTURA 80MM , ROSCA 3/8” | C41: UND | D41: 1 | E41: ISOLET | F41: 7.06 | H41: SUPERFIBRA | I41: 10 | K41: ELETROMIL | L41: 17.54 | N41: =(IF(F41>0,F41,0)+IF(I41>0,I41,0)+IF(L41>0,L41,0))*1.2/(IF(F41>0,1,0)+IF(I41>0,1,0)+IF(L41>0,1,0)) -> 13.84 | O41: =(IF(F41<=N41,F41,0)+IF(I41<=N41,I41,0)+IF(L41<=N41,L41,0))/(3-(IF(F41>N41,1,IF(F41=0,1,0))+IF(I41>N41,1,IF(I41=0,1,0))+IF(L41>N41,1,IF(L41=0,1,0)))) -> 8.53
A42: C-ELE-009 | B42: ISOLADOR DE POLIESTER BUJÃO PARA BAIXA TENSÃO Ø57MM, ALTURA 60MM , ROSCA 3/8” | C42: UND | D42: 1 | E42: ISOLET | F42: 7.02 | H42: SUPERFIBRA | I42: 9.5 | K42: ELETROMIL | L42: 12.34 | N42: =(IF(F42>0,F42,0)+IF(I42>0,I42,0)+IF(L42>0,L42,0))*1.2/(IF(F42>0,1,0)+IF(I42>0,1,0)+IF(L42>0,1,0)) -> 11.544 | O42: =(IF(F42<=N42,F42,0)+IF(I42<=N42,I42,0)+IF(L42<=N42,L42,0))/(3-(IF(F42>N42,1,IF(F42=0,1,0))+IF(I42>N42,1,IF(I42=0,1,0))+IF(L42>N42,1,IF(L42=0,1,0)))) -> 8.26
A43: C-ELE-010 | B43: CHAPA DE ACRÍLICO TRANSPARENTE DIM. 500X350X50MM | C43: UND | D43: 1 | E43: ACRIL SINALIZAÇÃO (1000x2000mm) | F43: 325 | H43: LOJA SAVION (1000x2000mm) | I43: 357 | N43: =(IF(F43>0,F43,0)+IF(I43>0,I43,0)+IF(L43>0,L43,0))*1.2/(IF(F43>0,1,0)+IF(I43>0,1,0)+IF(L43>0,1,0)) -> 409.2 | O43: =(IF(F43<=N43,F43,0)+IF(I43<=N43,I43,0)+IF(L43<=N43,L43,0))/(3-(IF(F43>N43,1,IF(F43=0,1,0))+IF(I43>N43,1,IF(I43=0,1,0))+IF(L43>N43,1,IF(L43=0,1,0)))) -> 341
A44: C-ELE-011 | B44: PARAFUSO INOX DE CABEÇA SEXTAVADA Ø3/8”, COMP. 10MM | C44: UND | D44: 1 | E44: http://roscarilo.com.br/ | F44: 1.48 | H44: http://bemfixa.produto.rakuten.com.br/ | I44: 1.1 | N44: =(IF(F44>0,F44,0)+IF(I44>0,I44,0)+IF(L44>0,L44,0))*1.2/(IF(F44>0,1,0)+IF(I44>0,1,0)+IF(L44>0,1,0)) -> 1.548 | O44: =(IF(F44<=N44,F44,0)+IF(I44<=N44,I44,0)+IF(L44<=N44,L44,0))/(3-(IF(F44>N44,1,IF(F44=0,1,0))+IF(I44>N44,1,IF(I44=0,1,0))+IF(L44>N44,1,IF(L44=0,1,0)))) -> 1.29
A45: C-ELE-012 | B45: ARRUELA LISA INOX Ø3/8” | C45: UND | D45: 1 | E45: www.royalmaquinas.com.br | F45: 0.21 | H45: www.decorecenter.com.br | I45: 0.29 | K45: www.limaparafusos.com.br | L45: 0.31 | N45: =(IF(F45>0,F45,0)+IF(I45>0,I45,0)+IF(L45>0,L45,0))*1.2/(IF(F45>0,1,0)+IF(I45>0,1,0)+IF(L45>0,1,0)) -> 0.324 | O45: =(IF(F45<=N45,F45,0)+IF(I45<=N45,I45,0)+IF(L45<=N45,L45,0))/(3-(IF(F45>N45,1,IF(F45=0,1,0))+IF(I45>N45,1,IF(I45=0,1,0))+IF(L45>N45,1,IF(L45=0,1,0)))) -> 0.27
A46: C-ELE-013 | B46: ARRUELA DE PRESSÃO INOX Ø3/8” | C46: UND | D46: 1 | E46: www.limaparafusos.com.br | F46: 0.29 | H46: www.lojastamoyo.com.br | I46: 0.14 | K46: roscarilo.com.br | L46: 0.42 | N46: =(IF(F46>0,F46,0)+IF(I46>0,I46,0)+IF(L46>0,L46,0))*1.2/(IF(F46>0,1,0)+IF(I46>0,1,0)+IF(L46>0,1,0)) -> 0.34 | O46: =(IF(F46<=N46,F46,0)+IF(I46<=N46,I46,0)+IF(L46<=N46,L46,0))/(3-(IF(F46>N46,1,IF(F46=0,1,0))+IF(I46>N46,1,IF(I46=0,1,0))+IF(L46>N46,1,IF(L46=0,1,0)))) -> 0.215
A47: C-ELE-014 | B47: DISJUNTOR EM CAIXA MOLDADA DE BAIXA TENSÃO TRIPOLAR NORMA IEC, 480V 63A, CAPACIDADE DE RUPTURA 25KA, TIPO TED OU TECNICAMENTE EQUIVALENTE | C47: UND | D47: 1 | E47: www.tendtudo.com.br | F47: 96.9 | H47: www.controleeautomacao.net | I47: 110 | N47: =(IF(F47>0,F47,0)+IF(I47>0,I47,0)+IF(L47>0,L47,0))*1.2/(IF(F47>0,1,0)+IF(I47>0,1,0)+IF(L47>0,1,0)) -> 124.14 | O47: =(IF(F47<=N47,F47,0)+IF(I47<=N47,I47,0)+IF(L47<=N47,L47,0))/(3-(IF(F47>N47,1,IF(F47=0,1,0))+IF(I47>N47,1,IF(I47=0,1,0))+IF(L47>N47,1,IF(L47=0,1,0)))) -> 103.45
A48: C-ELE-015 | B48: CONTATOR DE POTÊNCIA, CATEGORIA DE EMPREGO AC-3/AC-2, CORRENTE NOMINAL DE SERVIÇO 50A | C48: UND | D48: 1 | E48: www.lojaeletrica.com.br | F48: 321.49 | H48: www.eletropiresshop.com.br | I48: 391.04 | K48: sultronicdobrasil.com.br | L48: 278.83 | N48: =(IF(F48>0,F48,0)+IF(I48>0,I48,0)+IF(L48>0,L48,0))*1.2/(IF(F48>0,1,0)+IF(I48>0,1,0)+IF(L48>0,1,0)) -> 396.544 | O48: =(IF(F48<=N48,F48,0)+IF(I48<=N48,I48,0)+IF(L48<=N48,L48,0))/(3-(IF(F48>N48,1,IF(F48=0,1,0))+IF(I48>N48,1,IF(I48=0,1,0))+IF(L48>N48,1,IF(L48=0,1,0)))) -> 330.45333
A49: C-ELE-016 | B49: DISJUNTOR MINI- NORMA DIN - TRIPOLAR 6A CURVA C | C49: UND | D49: 1 | E49: Labor 044768 08/2014 | F49: 38.95 | N49: =(IF(F49>0,F49,0)+IF(I49>0,I49,0)+IF(L49>0,L49,0))*1.2/(IF(F49>0,1,0)+IF(I49>0,1,0)+IF(L49>0,1,0)) -> 46.74 | O49: =(IF(F49<=N49,F49,0)+IF(I49<=N49,I49,0)+IF(L49<=N49,L49,0))/(3-(IF(F49>N49,1,IF(F49=0,1,0))+IF(I49>N49,1,IF(I49=0,1,0))+IF(L49>N49,1,IF(L49=0,1,0)))) -> 38.95
A50: C-ELE-017 | B50: INTERRUPTOR DE COMANDO COM CAIXA- 10A, 250V | C50: UND | D50: 1 | E50: www.lojaeletrica.com.br | F50: 56.55 | H50: www.eletropiresshop.com.br | I50: 48 | K50: http://mutter.com.br | L50: 93.85 | N50: =(IF(F50>0,F50,0)+IF(I50>0,I50,0)+IF(L50>0,L50,0))*1.2/(IF(F50>0,1,0)+IF(I50>0,1,0)+IF(L50>0,1,0)) -> 79.36 | O50: =(IF(F50<=N50,F50,0)+IF(I50<=N50,I50,0)+IF(L50<=N50,L50,0))/(3-(IF(F50>N50,1,IF(F50=0,1,0))+IF(I50>N50,1,IF(I50=0,1,0))+IF(L50>N50,1,IF(L50=0,1,0)))) -> 52.275
A51: C-ELE-018 | B51: SUPORTE CENTRAL FABRICADO EM TUBOS DE AÇO, COM DIVERSAS DISPOSIÇÕES E ENCAIXE PARA POSTE CÔNICO RETO Ø60MM. ACABAMENTO GALVANIZADO A FOGO | C51: UND | D51: 1 | E51: FUTURA SISTEMAS | F51: 57 | H51: TRÓPICO | I51: 36.8 | K51: ILUMATIC | L51: 30.37 | N51: =(IF(F51>0,F51,0)+IF(I51>0,I51,0)+IF(L51>0,L51,0))*1.2/(IF(F51>0,1,0)+IF(I51>0,1,0)+IF(L51>0,1,0)) -> 49.668 | O51: =(IF(F51<=N51,F51,0)+IF(I51<=N51,I51,0)+IF(L51<=N51,L51,0))/(3-(IF(F51>N51,1,IF(F51=0,1,0))+IF(I51>N51,1,IF(I51=0,1,0))+IF(L51>N51,1,IF(L51=0,1,0)))) -> 33.585
A52: C-ELE-019 | B52: PROJETOR DE EMBUTIR NO SOLO PARA ILUMINAÇÃO PÚBLICA, TECNOLOGIA LED VERSÃO MONOCROMÁTICA, COM FOTOMETRIA ASSIMÉTRICA POTÊNCIA CONSUMIDA 40W, TENSÃO NOMINAL 230 V, CORPO FABRICADO EM ALUMÍNIO, DIFUSOR EM VIDRO RUGOSO FOSCO TEMPERADO COM UMA ESPESSURA DE 15MM PARA CARGA ESTÁTICA DE 2.000 KG, GRAU DE ESTANQUICIDADE IP 67 | C52: UND | D52: 1 | E52: HDA ILUMINAÇÃO LED | F52: 736.89 | H52: CONEXLED | I52: 352.59 | N52: =(IF(F52>0,F52,0)+IF(I52>0,I52,0)+IF(L52>0,L52,0))*1.2/(IF(F52>0,1,0)+IF(I52>0,1,0)+IF(L52>0,1,0)) -> 653.688 | O52: =(IF(F52<=N52,F52,0)+IF(I52<=N52,I52,0)+IF(L52<=N52,L52,0))/(3-(IF(F52>N52,1,IF(F52=0,1,0))+IF(I52>N52,1,IF(I52=0,1,0))+IF(L52>N52,1,IF(L52=0,1,0)))) -> 352.59
A53: C-ELE-020 | B53: PROJETOR PARA ILUMINAÇÃO PÚBLICA, TECNOLOGIA LED POTÊNCIA 103W, FLUXO LUMINOSO 12.000 LUMENS, TENSÃO NOMINAL 230 V, COMPOSTO POR UM CORPO DE DUAS PEÇAS EM LIGA DE ALUMÍNIO INJETADO PINTADO, DIFUSOR EM VIDRO TEMPERADO SELADO NA TAMPA ATRAVÉS DE JUNTA DE SILICONE.O GARFO DE FIXAÇÃO POSSUI UM DISCO GRADUADO QUE PERMITE A REGULAÇÃO PRECISA DA ORIENTAÇÃO NO LOCAL, GRAU DE ESTANQUICIDADE IP66 | C53: UND | D53: 1 | E53: ILUMINATIC | F53: 1370.32 | H53: HDA ILUMINAÇÃO LED | I53: 1426.4 | K53: CONEXLED | L53: 1061.12 | N53: =(IF(F53>0,F53,0)+IF(I53>0,I53,0)+IF(L53>0,L53,0))*1.2/(IF(F53>0,1,0)+IF(I53>0,1,0)+IF(L53>0,1,0)) -> 1543.136 | O53: =(IF(F53<=N53,F53,0)+IF(I53<=N53,I53,0)+IF(L53<=N53,L53,0))/(3-(IF(F53>N53,1,IF(F53=0,1,0))+IF(I53>N53,1,IF(I53=0,1,0))+IF(L53>N53,1,IF(L53=0,1,0)))) -> 1285.9467
A54: C-ELE-021 | B54: BASE PARA RELE FOTOELETRICO, UNIVERSAL | C54: UND | D54: 1 | E54: SCO RIO MAT012050 | F54: 5.41 | G54: 42036 | N54: =(IF(F54>0,F54,0)+IF(I54>0,I54,0)+IF(L54>0,L54,0))*1.2/(IF(F54>0,1,0)+IF(I54>0,1,0)+IF(L54>0,1,0)) -> 6.492 | O54: =(IF(F54<=N54,F54,0)+IF(I54<=N54,I54,0)+IF(L54<=N54,L54,0))/(3-(IF(F54>N54,1,IF(F54=0,1,0))+IF(I54>N54,1,IF(I54=0,1,0))+IF(L54>N54,1,IF(L54=0,1,0)))) -> 5.41
A55: C-ELE-022 | B55: LUMINÁRIA PARA ILUMINAÇÃO PÚBLICA, TECNOLOGIA LED COM FLUXO LUMINOSO NOMINAL DE 6.800 LUMENS, POTÊNCIA CONSUMIDA 54W, TENSÃO NOMINAL 230 V, BASE E CORPO FABRICADOS EM ALUMÍNIO, DIFUSOR DE POLICABORNATO, GRAU DE ESTANQUICIDADE IP 66, PARA SER INSTALADA EM POSTE DE 4,00M DE ALTURA E DIÂMETRO DE TOPO 60MM | C55: UND | D55: 1 | E55: ILUMATIC | F55: 1685.19 | H55: ELETROMIL | I55: 1790 | K55: TRÓPICO | L55: 2456.1 | N55: =(IF(F55>0,F55,0)+IF(I55>0,I55,0)+IF(L55>0,L55,0))*1.2/(IF(F55>0,1,0)+IF(I55>0,1,0)+IF(L55>0,1,0)) -> 2372.516 | O55: =(IF(F55<=N55,F55,0)+IF(I55<=N55,I55,0)+IF(L55<=N55,L55,0))/(3-(IF(F55>N55,1,IF(F55=0,1,0))+IF(I55>N55,1,IF(I55=0,1,0))+IF(L55>N55,1,IF(L55=0,1,0)))) -> 1737.595
A56: C-ARQ-001 | B56: CORTE/DESTOCAMENTO/TRASNSPORTE ÁRVORE DIÂM. 30 A 100CM | C56: UND | D56: 1 | E56: RSR CONSTRUTORA LTDA ME (27) 9 9883-0910 | F56: 600 | G56: 41833 | N56: =(IF(F56>0,F56,0)+IF(I56>0,I56,0)+IF(L56>0,L56,0))*1.2/(IF(F56>0,1,0)+IF(I56>0,1,0)+IF(L56>0,1,0)) -> 720 | O56: =(IF(F56<=N56,F56,0)+IF(I56<=N56,I56,0)+IF(L56<=N56,L56,0))/(3-(IF(F56>N56,1,IF(F56=0,1,0))+IF(I56>N56,1,IF(I56=0,1,0))+IF(L56>N56,1,IF(L56=0,1,0)))) -> 600
A57: C-ARQ-002 | B57: TINTA LATEX ACRILICA COR VERMELHO FOSCO 383 PARA PISO | C57: 18L | D57: 1 | E57: REPÚBLICA MAT. DE CONS. (27) 3327-4413 | F57: 220 | G57: 41803 | H57: CONSTRUFÁCIL COMÉR. DE MATE. DE CONS. 3327-1160 | I57: 199.9 | J57: 41803 | K57: Eletrotintas (27) 3335-3300 | L57: 157 | M57: 41831 | N57: =(IF(F57>0,F57,0)+IF(I57>0,I57,0)+IF(L57>0,L57,0))*1.2/(IF(F57>0,1,0)+IF(I57>0,1,0)+IF(L57>0,1,0)) -> 230.76 | O57: =(IF(F57<=N57,F57,0)+IF(I57<=N57,I57,0)+IF(L57<=N57,L57,0))/(3-(IF(F57>N57,1,IF(F57=0,1,0))+IF(I57>N57,1,IF(I57=0,1,0))+IF(L57>N57,1,IF(L57=0,1,0)))) -> 192.3
A58: C-ARQ-003 | B58: TINTA LATEX ACRILICA COR AZUL OU VERMELHO FOSCO 383 PARA PISO | C58: 18L | D58: 1 | E58: REPÚBLICA MAT. DE CONS. (27) 3327-4413 | F58: 220 | G58: 41803 | H58: CONSTRUFÁCIL COMÉR. DE MATE. DE CONS. 3327-1160 | I58: 199.9 | J58: 41803 | K58: Eletrotintas (27) 3335-3300 | L58: 157 | M58: 41831 | N58: =(IF(F58>0,F58,0)+IF(I58>0,I58,0)+IF(L58>0,L58,0))*1.2/(IF(F58>0,1,0)+IF(I58>0,1,0)+IF(L58>0,1,0)) -> 230.76 | O58: =(IF(F58<=N58,F58,0)+IF(I58<=N58,I58,0)+IF(L58<=N58,L58,0))/(3-(IF(F58>N58,1,IF(F58=0,1,0))+IF(I58>N58,1,IF(I58=0,1,0))+IF(L58>N58,1,IF(L58=0,1,0)))) -> 192.3
A59: C-ARQ-004 | B59: ACQÜELLA STONE | C59: L | D59: 1 | E59: Eletrotintas (27) 3335-3300 | F59: 47 | G59: 41831 | H59: Politintas (27) 3325-4541 | I59: 44 | J59: 41831 | N59: =(IF(F59>0,F59,0)+IF(I59>0,I59,0)+IF(L59>0,L59,0))*1.2/(IF(F59>0,1,0)+IF(I59>0,1,0)+IF(L59>0,1,0)) -> 54.6 | O59: =(IF(F59<=N59,F59,0)+IF(I59<=N59,I59,0)+IF(L59<=N59,L59,0))/(3-(IF(F59>N59,1,IF(F59=0,1,0))+IF(I59>N59,1,IF(I59=0,1,0))+IF(L59>N59,1,IF(L59=0,1,0)))) -> 45.5
A60: C-ARQ-005 | B60: SOLEIRA EM GRANITO E=3CM | C60: M2 | D60: 1 | E60: COOPERGRAN GRANITOS E MÁRMORES LTDA 28-3520-4922 | F60: 91 | G60: 41834 | N60: =(IF(F60>0,F60,0)+IF(I60>0,I60,0)+IF(L60>0,L60,0))*1.2/(IF(F60>0,1,0)+IF(I60>0,1,0)+IF(L60>0,1,0)) -> 109.2 | O60: =(IF(F60<=N60,F60,0)+IF(I60<=N60,I60,0)+IF(L60<=N60,L60,0))/(3-(IF(F60>N60,1,IF(F60=0,1,0))+IF(I60>N60,1,IF(I60=0,1,0))+IF(L60>N60,1,IF(L60=0,1,0)))) -> 91
A61: C-ARQ-006 | B61: PISO ECOLÓGICO EMBORRACHADO MARCA DE REF.: AUBICON, IMPACTSOFT PLAY 25 COLADOS NO CONTRAPISO COM COLA DE PU (POLIURETANO), PLACAS DE 1X1M, ESPESSURA 25MM, NA COR CINZA | C61: M2 | D61: 1 | E61: AUBICON (27) 3315-0921 | F61: =149.61+93.59 -> 243.2 | G61: 41808 | H61: CVT Pisos e Revestimentos (11) 4114-8224 | I61: =157.09+93.59 -> 250.68 | J61: 41829 | K61: CortiLuz (11) 5032-1002 | L61: =204.19+93.59 -> 297.78 | M61: 41828 | N61: =(IF(F61>0,F61,0)+IF(I61>0,I61,0)+IF(L61>0,L61,0))*1.2/(IF(F61>0,1,0)+IF(I61>0,1,0)+IF(L61>0,1,0)) -> 316.664 | O61: =(IF(F61<=N61,F61,0)+IF(I61<=N61,I61,0)+IF(L61<=N61,L61,0))/(3-(IF(F61>N61,1,IF(F61=0,1,0))+IF(I61>N61,1,IF(I61=0,1,0))+IF(L61>N61,1,IF(L61=0,1,0)))) -> 263.88667
A62: C-ARQ-007 | B62: BLOCOS INTERTRAVADOS DE CONCRETO, MARCA DE REF.: CIDADE ENGENHARIA LINHA LINEFORT NA COR VERMELHA, ESPESSURA DE 6 CM, DIMENSÕES DE 10 X 20 CM E RESISTÊNCIA A COMPRESSÃO MÍNIMA DE 35MPA, ASSENTADOS SOBRE COLCHÃO DE AREIA NA ESPESSURA DE 10 CM | C62: M2 | D62: 1 | E62: CIDADE ENGENHARIA 3200-8500 | F62: 43.38 | G62: 41922 | H62: Bela Vista (27) 3341-2517 | I62: 43 | J62: 41921 | N62: 54.072 | O62: =(IF(F62<=N62,F62,0)+IF(I62<=N62,I62,0)+IF(L62<=N62,L62,0))/(3-(IF(F62>N62,1,IF(F62=0,1,0))+IF(I62>N62,1,IF(I62=0,1,0))+IF(L62>N62,1,IF(L62=0,1,0)))) -> 43.19
A63: C-ARQ-008 | B63: BLOCOS INTERTRAVADOS DE CONCRETO, MARCA DE REF.: CIDADE ENGENHARIA LINHA LINEFORT NA COR CINZA, ESPESSURA DE 6 CM, DIMENSÕES DE 10 X 20 CM E RESISTÊNCIA A COMPRESSÃO MÍNIMA DE 35MPA, ASSENTADOS SOBRE COLCHÃO DE AREIA NA ESPESSURA DE 10 CM | C63: M2 | D63: 1 | E63: CIDADE ENGENHARIA 3200-8500 | F63: 27.11 | G63: 41922 | H63: Bela Vista (27) 3341-2516 | I63: 26.8 | J63: 41921 | K63: Prensar (27) 3226-7400 | L63: 26 | N63: =(IF(F63>0,F63,0)+IF(I63>0,I63,0)+IF(L63>0,L63,0))*1.2/(IF(F63>0,1,0)+IF(I63>0,1,0)+IF(L63>0,1,0)) -> 31.964 | O63: =(IF(F63<=N63,F63,0)+IF(I63<=N63,I63,0)+IF(L63<=N63,L63,0))/(3-(IF(F63>N63,1,IF(F63=0,1,0))+IF(I63>N63,1,IF(I63=0,1,0))+IF(L63>N63,1,IF(L63=0,1,0)))) -> 26.636667
A64: C-ARQ-009 | B64: BLOCOS INTERTRAVADOS DE CONCRETO, MARCA DE REF.: CIDADE ENGENHARIA LINHA PODOFORT NA COR VERMELHA, ESPESSURA DE 6 CM, DIMENSOES DE 10 X 20 CM E RESISTÊNCIA A COMPRESSÃO MÍNIMA DE 35MPA, ASSENTADOS SOBRE COLCHÃO DE AREIA NA ESPESSURA DE 10 CM | C64: M2 | D64: 1 | E64: CIDADE ENGENHARIA 3200-8500 | F64: 55.24 | G64: 41922 | H64: Bela Vista (27) 3341-2518 | I64: 46.9 | J64: 41921 | N64: =(IF(F64>0,F64,0)+IF(I64>0,I64,0)+IF(L64>0,L64,0))*1.2/(IF(F64>0,1,0)+IF(I64>0,1,0)+IF(L64>0,1,0)) -> 61.284 | O64: =(IF(F64<=N64,F64,0)+IF(I64<=N64,I64,0)+IF(L64<=N64,L64,0))/(3-(IF(F64>N64,1,IF(F64=0,1,0))+IF(I64>N64,1,IF(I64=0,1,0))+IF(L64>N64,1,IF(L64=0,1,0)))) -> 51.07
A65: C-ARQ-010 | B65: FORNECIMENTO E PLANTIO DE AGAVE DRAGÃO (AGAVE ATTENUATA), COM ALTURA DE 30 Á 50 CM, INCLUSIVE FORNECIMENTO DE TERRA VEGETAL | C65: UND | D65: 1 | E65: POLLEN GARDEN (27) 3325-0301 | F65: 59.9 | G65: 41929 | H65: SEMPRE VERDE COMÉRCIO LTDA (27) 3203-8503 | I65: 45 | J65: 41929 | K65: Shopping dasplantas 27 9 9858-4369 | L65: 35 | M65: 41932 | N65: =(IF(F65>0,F65,0)+IF(I65>0,I65,0)+IF(L65>0,L65,0))*1.2/(IF(F65>0,1,0)+IF(I65>0,1,0)+IF(L65>0,1,0)) -> 55.96 | O65: =(IF(F65<=N65,F65,0)+IF(I65<=N65,I65,0)+IF(L65<=N65,L65,0))/(3-(IF(F65>N65,1,IF(F65=0,1,0))+IF(I65>N65,1,IF(I65=0,1,0))+IF(L65>N65,1,IF(L65=0,1,0)))) -> 40
A66: C-ARQ-011 | B66: FORNECIMENTO E PLANTIO DE AVE DO PARAISO (STRELITZIA REGINAE), INCLUSIVE FORNECIMENTO DE TERRA VEGETAL | C66: UND | D66: 1 | E66: POLLEN GARDEN (27) 3325-0301 | F66: 40 | G66: 41929 | H66: SEMPRE VERDE COMÉRCIO LTDA (27) 3203-8503 | I66: 35 | J66: 41929 | N66: =(IF(F66>0,F66,0)+IF(I66>0,I66,0)+IF(L66>0,L66,0))*1.2/(IF(F66>0,1,0)+IF(I66>0,1,0)+IF(L66>0,1,0)) -> 45 | O66: =(IF(F66<=N66,F66,0)+IF(I66<=N66,I66,0)+IF(L66<=N66,L66,0))/(3-(IF(F66>N66,1,IF(F66=0,1,0))+IF(I66>N66,1,IF(I66=0,1,0))+IF(L66>N66,1,IF(L66=0,1,0)))) -> 37.5
A67: C-ARQ-012 | B67: FORNECIMENTO E PLANTIO DE LAMBARI ROXO (TRADESCANTIA ZEBRINA), INCLUSIVE FORNECIMENTO DE TERRA VEGETAL | C67: UND | D67: 1 | E67: POLLEN GARDEN (27) 3325-0301 | F67: 0.8 | G67: 41929 | H67: SEMPRE VERDE COMÉRCIO LTDA (27) 3203-8503 | I67: =13/15 -> 0.86666667 | J67: 41929 | K67: Shopping dasplantas 27 9 9858-4369 | L67: 1.2 | M67: 41932 | N67: =(IF(F67>0,F67,0)+IF(I67>0,I67,0)+IF(L67>0,L67,0))*1.2/(IF(F67>0,1,0)+IF(I67>0,1,0)+IF(L67>0,1,0)) -> 1.1466667 | O67: =(IF(F67<=N67,F67,0)+IF(I67<=N67,I67,0)+IF(L67<=N67,L67,0))/(3-(IF(F67>N67,1,IF(F67=0,1,0))+IF(I67>N67,1,IF(I67=0,1,0))+IF(L67>N67,1,IF(L67=0,1,0)))) -> 0.83333333
A68: C-ARQ-013 | B68: FORNECIMENTO E PLANTIO DE HELICÔNIA (HELICONIA PSITTACORUM), INCLUSIVE FORNECIMENTO DE TERRA VEGETAL | C68: UND | D68: 1 | E68: POLLEN GARDEN (27) 3325-0301 | F68: 13.8 | G68: 41929 | H68: SEMPRE VERDE COMÉRCIO LTDA (27) 3203-8503 | I68: 9.9 | J68: 41929 | N68: =(IF(F68>0,F68,0)+IF(I68>0,I68,0)+IF(L68>0,L68,0))*1.2/(IF(F68>0,1,0)+IF(I68>0,1,0)+IF(L68>0,1,0)) -> 14.22 | O68: =(IF(F68<=N68,F68,0)+IF(I68<=N68,I68,0)+IF(L68<=N68,L68,0))/(3-(IF(F68>N68,1,IF(F68=0,1,0))+IF(I68>N68,1,IF(I68=0,1,0))+IF(L68>N68,1,IF(L68=0,1,0)))) -> 11.85
A69: C-ARQ-014 | B69: FORNECIMENTO E PLANTIO DE IXORA (IXORA COCCINEA), COM ALTURA DE 40 Á 60 CM, INCLUSIVE FORNECIMENTO DE TERRA VEGETAL | C69: UND | D69: 1 | E69: SEMPRE VERDE COMÉRCIO LTDA (27) 3203-8500 | F69: 1.4 | G69: 41831 | H69: Ajaplantas (32) 34531145 \ 34531465 | I69: 3 | J69: 41830 | K69: Shopping dasplantas 27 9 9858-4369 | L69: 2.5 | M69: 41830 | N69: =(IF(F69>0,F69,0)+IF(I69>0,I69,0)+IF(L69>0,L69,0))*1.2/(IF(F69>0,1,0)+IF(I69>0,1,0)+IF(L69>0,1,0)) -> 2.76 | O69: =(IF(F69<=N69,F69,0)+IF(I69<=N69,I69,0)+IF(L69<=N69,L69,0))/(3-(IF(F69>N69,1,IF(F69=0,1,0))+IF(I69>N69,1,IF(I69=0,1,0))+IF(L69>N69,1,IF(L69=0,1,0)))) -> 1.95
A70: C-ARQ-015 | B70: FORNECIMENTO E PLANTIO DE IXORA-COMPACTADA (IXORA COCCINEA), INCLUSIVE FORNECIMENTO DE TERRA VEGETAL | C70: UND | D70: 1 | E70: SEMPRE VERDE COMÉRCIO LTDA (27) 3203-8500 | F70: 1.4 | G70: 41831 | H70: Ajaplantas (32) 34531145 \ 34531465 | I70: 3 | J70: 41830 | K70: Shopping dasplantas 27 9 9858-4369 | L70: 2.5 | M70: 41830 | N70: =(IF(F70>0,F70,0)+IF(I70>0,I70,0)+IF(L70>0,L70,0))*1.2/(IF(F70>0,1,0)+IF(I70>0,1,0)+IF(L70>0,1,0)) -> 2.76 | O70: =(IF(F70<=N70,F70,0)+IF(I70<=N70,I70,0)+IF(L70<=N70,L70,0))/(3-(IF(F70>N70,1,IF(F70=0,1,0))+IF(I70>N70,1,IF(I70=0,1,0))+IF(L70>N70,1,IF(L70=0,1,0)))) -> 1.95
A71: C-ARQ-016 | B71: FORNECIMENTO E PLANTIO DE ÁRVORE SIBIPIRUNA(CAESALPINIA PELTOPHOROIDES), COM ALTURA DE 3,0M E DIAMETRO DE 0,10M, INCLUSIVE FORNECIMENTO DE TERRA VEGETAL | C71: UND | D71: 1 | E71: SEMPRE VERDE COMÉRCIO LTDA (27) 3203-8500 | F71: 115 | G71: 41984 | H71: Shopping dasplantas 27 9 9858-4369 | I71: 100 | J71: 41984 | K71: SEMPRE VERDE COMÉRCIO LTDA (27) 3203-8503 | L71: 180 | M71: 41984 | N71: =(IF(F71>0,F71,0)+IF(I71>0,I71,0)+IF(L71>0,L71,0))*1.2/(IF(F71>0,1,0)+IF(I71>0,1,0)+IF(L71>0,1,0)) -> 158 | O71: =(IF(F71<=N71,F71,0)+IF(I71<=N71,I71,0)+IF(L71<=N71,L71,0))/(3-(IF(F71>N71,1,IF(F71=0,1,0))+IF(I71>N71,1,IF(I71=0,1,0))+IF(L71>N71,1,IF(L71=0,1,0)))) -> 107.5
A72: C-ARQ-017 | B72: FITILHO DE NYLON, REDONDO, NA COR BRANCA | C72: KG | D72: 1 | E72: SCO-RIO MAT059800 | F72: 8.42 | G72: 41852 | N72: =(IF(F72>0,F72,0)+IF(I72>0,I72,0)+IF(L72>0,L72,0))*1.2/(IF(F72>0,1,0)+IF(I72>0,1,0)+IF(L72>0,1,0)) -> 10.104 | O72: =(IF(F72<=N72,F72,0)+IF(I72<=N72,I72,0)+IF(L72<=N72,L72,0))/(3-(IF(F72>N72,1,IF(F72=0,1,0))+IF(I72>N72,1,IF(I72=0,1,0))+IF(L72>N72,1,IF(L72=0,1,0)))) -> 8.42
A73: C-ARQ-018 | B73: FORNECIMENTO E PLANTIO DE ARVORE IPÊ AMARELO CASCUDO (TABEBUIA CHRYSOTRICHA), COM ALTURA DE 2,5M E DIÂMETRO DE 0,10M, INCLUSIVE FORNECIMENTO DE TERRA VEGETAL | C73: UND | D73: 1 | E73: POLLEN GARDEN (27) 3325-0301 | F73: 68 | G73: 41929 | H73: Shopping dasplantas 27 9 9858-4369 | I73: 60 | J73: 41932 | N73: =(IF(F73>0,F73,0)+IF(I73>0,I73,0)+IF(L73>0,L73,0))*1.2/(IF(F73>0,1,0)+IF(I73>0,1,0)+IF(L73>0,1,0)) -> 76.8 | O73: =(IF(F73<=N73,F73,0)+IF(I73<=N73,I73,0)+IF(L73<=N73,L73,0))/(3-(IF(F73>N73,1,IF(F73=0,1,0))+IF(I73>N73,1,IF(I73=0,1,0))+IF(L73>N73,1,IF(L73=0,1,0)))) -> 64
A74: C-ARQ-019 | B74: FORNECIMENTO E PLANTIO DE ARVORE QUARESMEIRA (TIBOUCHINA GRANULOSA), COM ALTURA DE 2,5M E DIÂMETRO DE 0,10M, INCLUSIVE FORNECIMENTO DE TERRA VEGETAL | C74: UND | D74: 1 | E74: POLLEN GARDEN (27) 3325-0301 | F74: 68 | G74: 41929 | H74: SEMPRE VERDE COMÉRCIO LTDA (27) 3203-8503 | I74: 80 | J74: 41929 | K74: Shopping dasplantas 27 9 9858-4369 | L74: 60 | M74: 41932 | N74: =(IF(F74>0,F74,0)+IF(I74>0,I74,0)+IF(L74>0,L74,0))*1.2/(IF(F74>0,1,0)+IF(I74>0,1,0)+IF(L74>0,1,0)) -> 83.2 | O74: =(IF(F74<=N74,F74,0)+IF(I74<=N74,I74,0)+IF(L74<=N74,L74,0))/(3-(IF(F74>N74,1,IF(F74=0,1,0))+IF(I74>N74,1,IF(I74=0,1,0))+IF(L74>N74,1,IF(L74=0,1,0)))) -> 69.333333
A75: C-ARQ-020 | B75: JERIVÁ (SYAGRUS ROMANZOFFIANA) | C75: UND | D75: 5 M | E75: SHOP DAS PLANTAS (27) 3289-5615 | F75: 350 | G75: 41984 | H75: SEMPRE VERDE COMÉRCIO LTDA (27) 3203-8503 | I75: 450 | J75: 41984 | N75: =(IF(F75>0,F75,0)+IF(I75>0,I75,0)+IF(L75>0,L75,0))*1.2/(IF(F75>0,1,0)+IF(I75>0,1,0)+IF(L75>0,1,0)) -> 480 | O75: =(IF(F75<=N75,F75,0)+IF(I75<=N75,I75,0)+IF(L75<=N75,L75,0))/(3-(IF(F75>N75,1,IF(F75=0,1,0))+IF(I75>N75,1,IF(I75=0,1,0))+IF(L75>N75,1,IF(L75=0,1,0)))) -> 400
A76: C-ARQ-021 | B76: CHAPA DE ACO GALVANIZADO, N° 14 (1,95MM) | C76: KG | D76: 1 | E76: SCO-RIO MAT030200 | F76: 3.22 | G76: 41852 | N76: =(IF(F76>0,F76,0)+IF(I76>0,I76,0)+IF(L76>0,L76,0))*1.2/(IF(F76>0,1,0)+IF(I76>0,1,0)+IF(L76>0,1,0)) -> 3.864 | O76: =(IF(F76<=N76,F76,0)+IF(I76<=N76,I76,0)+IF(L76<=N76,L76,0))/(3-(IF(F76>N76,1,IF(F76=0,1,0))+IF(I76>N76,1,IF(I76=0,1,0))+IF(L76>N76,1,IF(L76=0,1,0)))) -> 3.22
A77: C-ARQ-022 | B77: ADESIVO PARA PLACA ORIENTATIVA | C77: M2 | D77: 1 | E77: Copyshow (27) 3319-8585 | F77: 75 | G77: 41831 | H77: CopyGlória (27) 3299-0424 | I77: 55 | J77: 41831 | K77: Copiadora Canal (27) 3322-2121 | L77: 80 | M77: 41831 | N77: =(IF(F77>0,F77,0)+IF(I77>0,I77,0)+IF(L77>0,L77,0))*1.2/(IF(F77>0,1,0)+IF(I77>0,1,0)+IF(L77>0,1,0)) -> 84 | O77: =(IF(F77<=N77,F77,0)+IF(I77<=N77,I77,0)+IF(L77<=N77,L77,0))/(3-(IF(F77>N77,1,IF(F77=0,1,0))+IF(I77>N77,1,IF(I77=0,1,0))+IF(L77>N77,1,IF(L77=0,1,0)))) -> 70
